Workbook

Sheet 1.Notas Explicativas
A1: CUSTO DE AQUISIÇÃO
A2: Ano | C2: Van 16L. | D2: Micro 24L. | E2: Micro 32L. | F2: Ônibus 44L
A3: 2024 | C3: 304458.6 | D3: 547650 | E3: 698666.67 | F3: 784986.67
A4: 2023 | C4: =C3-(C3*10%) -> 274012.74 | D4: =D3-(D3*10%) -> 492885 | E4: =E3-(E3*10%) -> 628800 | F4: =F3-(F3*10%) -> 706488
A5: 2022 | C5: =C4-(C4*10%) -> 246611.47 | D5: =D4-(D4*10%) -> 443596.5 | E5: =E4-(E4*10%) -> 565920 | F5: =F4-(F4*10%) -> 635839.2
A6: 2021 | C6: =C5-(C5*10%) -> 221950.32 | D6: =D5-(D5*10%) -> 399236.85 | E6: =E5-(E5*10%) -> 509328 | F6: =F5-(F5*10%) -> 572255.28
A7: 2020 | C7: =C6-(C6*10%) -> 199755.29 | D7: =D6-(D6*10%) -> 359313.16 | E7: =E6-(E6*10%) -> 458395.2 | F7: =F6-(F6*10%) -> 515029.75
A8: 2019 | C8: =C7-(C7*10%) -> 179779.76 | D8: =D7-(D7*10%) -> 323381.85 | E8: =E7-(E7*10%) -> 412555.68 | F8: =F7-(F7*10%) -> 463526.78
A9: 2018 | C9: =C8-(C8*10%) -> 161801.78 | D9: =D8-(D8*10%) -> 291043.66 | E9: =E8-(E8*10%) -> 371300.11 | F9: =F8-(F8*10%) -> 417174.1
A10: 2017 | C10: =C9-(C9*10%) -> 145621.6 | D10: =D9-(D9*10%) -> 261939.3 | E10: =E9-(E9*10%) -> 334170.1 | F10: =F9-(F9*10%) -> 375456.69
A11: 2016 | C11: =C10-(C10*10%) -> 131059.44 | D11: =D10-(D10*10%) -> 235745.37 | E11: =E10-(E10*10%) -> 300753.09 | F11: =F10-(F10*10%) -> 337911.02
A12: 2015 | C12: =C11-(C11*10%) -> 117953.5 | D12: =D11-(D11*10%) -> 212170.83 | E12: =E11-(E11*10%) -> 270677.78 | F12: =F11-(F11*10%) -> 304119.92
A13: 2014 | C13: =C12-(C12*10%) -> 106158.15 | D13: =D12-(D12*10%) -> 190953.75 | E13: =E12-(E12*10%) -> 243610 | F13: =F12-(F12*10%) -> 273707.93
A14: 2013 | C14: =C13-(C13*10%) -> 95542.335 | D14: =D13-(D13*10%) -> 171858.37 | E14: =E13-(E13*10%) -> 219249 | F14: =F13-(F13*10%) -> 246337.13
A15: 2012 | C15: =C14-(C14*10%) -> 85988.101 | D15: =D14-(D14*10%) -> 154672.54 | E15: =E14-(E14*10%) -> 197324.1 | F15: =F14-(F14*10%) -> 221703.42
... A18: 2009 | C18: =C17-(C17*10%) -> 62685.326 | D18: =D17-(D17*10%) -> 112756.28 | E18: =E17-(E17*10%) -> 143849.27 | F18: =F17-(F17*10%) -> 161621.79
A19: O custo de aquisição do veículo 0km foi embasado no orçamento realizado pelo município, o qual realizou um estudo orçamentário para os veículos mais velhos também (2011,2010 e 2009) e apurou uma variação média de desvalorização em 10%, uma vez que esta é uma estimativa e pode sofrer variações à depender da marca, modelo, estado de conservação, momento econômico regional ou federal, saída da concessionária, entre outros.
A28: DEPRECIAÇÃO
A29: Depreciação Referencial TCE/RS (%)
A30: Idade do veículo (ano) | B30: Média
A31: 1 | B31: 33.63
A32: 2 | B32: 43.13
A33: 3 | B33: 48.68
A34: 4 | B34: 52.62
A35: 5 | B35: 55.68
A36: 6 | B36: 58.18
A37: 7 | B37: 60.29
A38: 8 | B38: 62.12
A39: 9 | B39: 63.73
A40: 10 | B40: 65.18
A41: 11 | B41: 66.48
A42: 12 | B42: 67.67
... A45: 15 | B45: 70.73
A47: VIDA ÚTIL
A48: A vida útil recomendada é de no máximo 10 anos, seguindo a orientação contida na Resolução 01/2021 do FNDE. Essa estimativa se baseia na necessidade de manter uma frota moderna e eficiente, capaz de garantir a segurança dos alunos e a qualidade do serviço. Todavia, é permitido até 15 anos de vida útil conforme edital.
A55: IPVA
A56: Isenção do IPVA para transporte escolar de acordo com LEI ESTADUAL 8.115/85 Art. 4º, VII, “d”; INSTRUÇÃO NORMATIVA DRP Nº 045/98, TÍTULO II, Capítulo III, Seção 1.0, 1.2.2, “d”; DECRETO Nº 32.144/85 (Regulamento do IPVA), Art. 4º, § 11.

Sheet 2.Encargos Sociais
A1: Composição dos Encargos Sociais
A2: Código | B2: Descrição | D2: Valor
A3: A1 | B3: INSS | D3: 0.2
A4: A2 | B4: SESI | D4: 0.015
A5: A3 | B5: SENAI | D5: 0.01
A6: A4 | B6: INCRA | D6: 0.002
A7: A5 | B7: SEBRAE | D7: 0.006
A8: A6 | B8: Salário educação | D8: 0.025
A9: A7 | B9: Seguro contra acidentes de trabalho | D9: 0.03
A10: A8 | B10: FGTS | D10: 0.08
A11: A | B11: SOMA GRUPO A | D11: =SUM(D3:D10) -> 0.368
A12: B1 | B12: Férias gozadas | D12: 0.0619
A13: B2 | B13: 13º salário | D13: 0.0833
A14: B3 | B14: Licença Paternidade | D14: 0.0006
A15: B4 | B15: Faltas justificadas | D15: 0.0082
A16: B5 | B16: Auxilio acidente de trabalho | D16: 0.0031
A17: B6 | B17: Auxilio doença | D17: 0.0166
A18: B | B18: SOMA GRUPO B | D18: =SUM(D12:D17) -> 0.1737
A19: C1 | B19: Aviso prévio indenizado | D19: 0.0256
A20: C2 | B20: Férias indenizadas | D20: 0.0492
A21: C3 | B21: Férias indenizadas s/ aviso previo inden. | D21: 0.0013
A22: C4 | B22: Depósito rescisão sem justa causa | D22: 0.0205
A23: C5 | B23: Indenização adicional | D23: 0.0018
A24: C | B24: SOMA GRUPO C | D24: =SUM(D19:D23) -> 0.0984
A25: D1 | B25: Reincidência de Grupo A sobre Grupo B | D25: 0.0639
A26: D2 | B26: Reincidência de Grupo A sobre aviso prévio indenizado | D26: 0.002
A27: D | B27: SOMA GRUPO D | D27: =SUM(D25:D26) -> 0.0659
B28: SOMA (A+B+C+D) | D28: =D27+D24+D18+D11 -> 0.706

Sheet 3.BDI
A1: Orientações para preenchimento
A2: 1. Preencher somente células em amarelo
A3: Composição do BDI - Benefícios e Despesas Indiretas
D4: Referência estudo TCE
D5: 1° Quartil | E5: Médio | F5: 3° Quartil
A6: Administração Central | B6: AC | C6: 0.06 | D6: 0.0297 | E6: 0.0508 | F6: 0.0627
A7: Seguros/Riscos/Garantias | B7: SRG | C7: 0.0171 | D7: =0.3%+0.56% -> 0.0086 | E7: =0.48%+0.85% -> 0.0133 | F7: =0.82%+0.89% -> 0.0171
A8: Lucro | B8: L | C8: 0.13 | D8: 0.0778 | E8: 0.1085 | F8: 0.1355
A9: Despesas Financeiras | B9: DF | C9: =(1+E9)^(E10/252)-1 -> 0.0021175113 | D9: SELIC | E9: 0.1125
A10: Tributos - ISS | B10: T | C10: 0.03 | D10: DU | E10: 5
A11: Tributos - PIS/COFINS | C11: 0.0365
A12: Fórmula para o cálculo do BDI:
A13: {[(1+AC+SRG) x (1+L) x (1+DF)] / (1-T)} -1
A14: Resultado do cálculo do BDI: | C14: =ROUND((((1+C6+C7)*(1+C8)*(1+C9))/(1-(C10+C11))-1),4) -> 0.3066 | D14: 0.2143 | E14: 0.2717 | F14: 0.3362

Sheet 4.Depreciação
A1: Valor a depreciar (%)
A2: Idade do veículo (ano) | B2: Média
A3: 1 | B3: 70.73
A4: 2 | B4: 69.79
A5: 3 | B5: 68.77
A6: 4 | B6: 67.67
A7: 5 | B7: 66.48
A8: 6 | B8: 65.18
A9: 7 | B9: 63.73
A10: 8 | B10: 62.12
A11: 9 | B11: 60.29
A12: 10 | B12: 58.18
A13: 11 | B13: 55.68
A14: 12 | B14: 52.62
... A17: 15 | B17: 33.63
A18: Depreciação referencial TCE/RS

Sheet 5.Remuneração de capital
A1: Remuneração de Capital
A3: Fórmula de cálculo da remuneração de capital:
A12: Jm = remuneração de capital mensal
A13: i = taxa de juros do mercado (sugere-se adotar a taxa SELIC)
A14: Im = investimento médio
A15: V0 = valor inicial do bem
A16: Vr = valor residual do bem
A17: n = vida útil do bem em anos

Sheet ITINERÁRIO 1
A1: ITINERÁRIO | B1: 1 - TUIUTY - PONTE
A2: TIPO | B2: RURAL
A3: LOCAL | B3: DISTRITO TUIUTY
A4: VEÍCULO | B4: 24 | E4: LUGARES
A5: TEMPO TOTAL DE OPERAÇÃO ESTIMADO | B5: 0.21527778
A6: QUILOMETRAGEM ESTIMADA | B6: 50
A8: Planilha de Composição de Custos
A9: Orçamento Sintético
A10: Descrição do Item | E10: Custo (R$/mês) | F10: %
A11: =+A40 -> 1. Mão-de-obra | E11: =+F60 -> 4919.9846 | F11: =IFERROR(E11/$E$23,0) -> 0.31940178
A12: =A41 -> 1.1. Monitor | E12: =F49 -> 1934.604 | F12: =IFERROR(E12/$E$23,0) -> 0.12559307
A13: =A50 -> 1.2. Motorista | E13: =F58 -> 2985.3806 | F13: =IFERROR(E13/$E$23,0) -> 0.19380871
A14: =+A63 -> 2. Veículos | E14: =+F127 -> 6869.1996 | F14: =IFERROR(E14/$E$23,0) -> 0.44594339
A15: =A64 -> 2.1. Veículo: micro-ônibus 24 lugares | E15: =SUM(E16:E21) -> 6869.1996 | F15: =IFERROR(E15/$E$23,0) -> 0.44594339
A16: =A65 -> 2.1.1. Depreciação | E16: =F74 -> 1291.1762 | F16: =IFERROR(E16/$E$23,0) -> 0.083822206
A17: =A76 -> 2.1.2. Remuneração do Capital | E17: =F85 -> 1991.1014 | F17: =IFERROR(E17/$E$23,0) -> 0.12926084
A18: =A87 -> 2.1.3. Impostos e Seguros | E18: =F93 -> 247.984 | F18: =IFERROR(E18/$E$23,0) -> 0.016098939
A19: =A95 -> 2.1.4. Consumos | E19: =F110 -> 1983.8881 | F19: =IFERROR(E19/$E$23,0) -> 0.12879256
A20: =A112 -> 2.1.5. Manutenção | E20: =F115 -> 1004.5 | F20: =IFERROR(E20/$E$23,0) -> 0.065211401
A21: =A117 -> 2.1.6. Pneus | E21: =F124 -> 350.55 | F21: =IFERROR(E21/$E$23,0) -> 0.022757448
A22: =+A132 -> 3. Benefícios e Despesas Indiretas - BDI | E22: =+F138 -> 3614.5639 | F22: =IFERROR(E22/$E$23,0) -> 0.23465483
A23: Custo transporte | E23: =E11+E14+E22 -> 15403.748 | F23: =F11+F14+F22 -> 1
A24: Custo km rodado | E24: =E23/B98 -> 15.028047
A25: Adicional km rural | E25: =IF(B2="RURAL",0.08,IF(B2="URBANO",0)) -> 0.08 | F25: =E24*E25 -> 1.2022438
A26: Valor pago Km | E26: =E24+F25 -> 16.230291
A27: Valor pago mês | E27: =F142 -> 16636.048
A29: Quantitativos
A30: Mão-de-obra | E30: Quantidade
A31: =A41 -> 1.1. Monitor | E31: 1
A32: =+A50 -> 1.2. Motorista | E32: 1
A33: Total de mão-de-obra (postos de trabalho) | E33: =SUM(E31:E32) -> 2
A34: Veículos e Equipamentos | E34: Quantidade
A35: =+A64 -> 2.1. Veículo: micro-ônibus 24 lugares | E35: 1
A36: Total de veículos | E36: =SUM(E35) -> 1
A38: Fator de utilização (FU) | B38: 0.6 | C38: Quilometragem diária estimada (km) | F38: =B6 -> 50
A40: 1. Mão-de-obra
A41: 1.1. Monitor
A42: Discriminação | B42: Unidade | C42: Quantidade | D42: Custo unitário | E42: Subtotal | F42: Total (R$)
A43: Piso da categoria | B43: mês | C43: 1 | D43: 1682 | E43: =C43*D43 -> 1682
A44: Sacola econômica | B44: unidade | C44: 1 | D44: 208 | E44: =C44*D44 -> 208
A45: Soma | E45: =SUM(E43:E44) -> 1890
A46: Encargos Sociais | B46: % | C46: ='2.Encargos Sociais'!$D$28 -> 0.706 | D46: =E45 -> 1890 | E46: =D46*C46 -> 1334.34
A47: Total por Monitor | E47: =E45+E46 -> 3224.34
A48: Total | B48: profissional | C48: 1 | D48: =E47 -> 3224.34 | E48: =C48*D48 -> 3224.34
D49: Fator de utilização | E49: =B38 -> 0.6 | F49: =E48*E49 -> 1934.604
A50: 1.2. Motorista
A51: Discriminação | B51: Unidade | C51: Quantidade | D51: Custo unitário | E51: Subtotal | F51: Total (R$)
A52: Piso da categoria | B52: mês | C52: 1 | D52: 2708.55 | E52: =C52*D52 -> 2708.55
A53: Sacola econômica | B53: unidade | C53: 1 | D53: 208 | E53: =C53*D53 -> 208
A54: Soma | E54: =SUM(E52:E53) -> 2916.55
A55: Encargos Sociais | B55: % | C55: ='2.Encargos Sociais'!$D$28 -> 0.706 | D55: =E54 -> 2916.55 | E55: =D55*C55 -> 2059.0843
A56: Total por Motorista | E56: =E54+E55 -> 4975.6343
A57: Total | B57: profissional | C57: 1 | D57: =E56 -> 4975.6343 | E57: =C57*D57 -> 4975.6343
C58: Fator de utilização | E58: =B38 -> 0.6 | F58: =E57*E58 -> 2985.3806
A60: Custo Mensal com Mão-de-obra (R$/mês) | F60: =+F58+F49 -> 4919.9846
A63: 2. Veículos
A64: 2.1. Veículo: micro-ônibus 24 lugares
A65: 2.1.1. Depreciação
A66: Discriminação | B66: Unidade | C66: Quantidade | D66: Custo unitário | E66: Subtotal | F66: Total (R$)
A67: Custo de aquisição | B67: unidade | C67: 1 | D67: =IF(B4=16,'1.Notas Explicativas'!C3,IF(B4=24,'1.Notas Explicativas'!D3,IF(B4=32,'1.Notas Explicativas'!E3,IF(B4=44,'1.Notas Explicativas'!F3)))) -> 547650 | E67: =C67*D67 -> 547650
A68: Vida útil | B68: anos | C68: 15
A69: Idade do veículo | B69: anos | C69: 1
A70: Valor depreciável | B70: % | C70: 70.73 | D70: =E67 -> 547650 | E70: =C70*D70/100 -> 387352.84
A71: Depreciação mensal veículos | B71: mês | C71: =C68*12 -> 180 | D71: =IF(C69<=C68,E70,0) -> 387352.84 | E71: =IFERROR(D71/C71,0) -> 2151.9603
A72: Total por veículo | E72: =E71 -> 2151.9603
A73: Total da frota | B73: unidade | C73: 1 | D73: =E72 -> 2151.9603 | E73: =C73*D73 -> 2151.9603
C74: Fator de utilização | E74: =$B$38 -> 0.6 | F74: =E73*E74 -> 1291.1762
A76: 2.1.2. Remuneração do Capital
A77: Discriminação | B77: Unidade | C77: Quantidade | D77: Custo unitário | E77: Subtotal | F77: Total (R$)
A78: Custo do chassis | B78: unidade | C78: 1 | D78: =D67 -> 547650 | E78: =C78*D78 -> 547650
A79: Taxa de juros anual nominal | B79: % | C79: 11.25
A80: Valor do veículo proposto (V0) | B80: R$ | C80: =IFERROR(IF(C69<=C68,E67-(C70/(100*C68)*C69)*E67,E67-E70),0) -> 521826.48
A81: Investimento médio total do chassis | B81: R$ | C81: =IFERROR(IF(C69>=C68,C80,((((C80)-(E67-E70))*(((C68-C69)+1)/(2*(C68-C69))))+(E67-E70))),0) -> 353973.58
A82: Remuneração mensal de capital do chassis | B82: R$ | D82: =C79*C81/12/100 -> 3318.5023 | E82: =D82 -> 3318.5023
A83: Total por veículo | E83: =E82 -> 3318.5023
A84: Total por veículo | B84: unidade | C84: =C73 -> 1 | D84: =E83 -> 3318.5023 | E84: =C84*D84 -> 3318.5023
D85: Fator de utilização | E85: =$B$38 -> 0.6 | F85: =E84*E85 -> 1991.1014
A87: 2.1.3. Impostos e Seguros
A88: Discriminação | B88: Unidade | C88: Quantidade | D88: Custo unitário | E88: Subtotal | F88: Total (R$)
A89: IPVA | B89: unidade | C89: 0 | D89: 0 | E89: =C89*D89 -> 0
A90: Licenciamento, inspeção veicular e seguro | B90: unidade | C90: =C67 -> 1 | D90: 602.68 | E90: =C90*D90 -> 602.68
A91: Seguro contra terceiros | B91: unidade | C91: =C67 -> 1 | D91: 4357 | E91: =C91*D91 -> 4357
A92: Impostos e seguros mensais | B92: mês | C92: 12 | D92: =SUM(E89:E91) -> 4959.68 | E92: =D92/C92 -> 413.30667
D93: Fator de utilização | E93: =$B$38 -> 0.6 | F93: =E92*E93 -> 247.984
A95: 2.1.4. Consumos
A96: Quilometragem diária | B96: =F38 -> 50
A97: Dias uteis mês | B97: 20.5
A98: Quilometragem mensal | B98: =B96*B97 -> 1025
A100: Discriminação | B100: Unidade | C100: Consumo | D100: Custo unitário | E100: Subtotal | F100: Total (R$)
A101: Custo de óleo diesel / km rodado | B101: km/l | C101: 3.1 | D101: 5.86
A102: Custo mensal com óleo diesel | B102: km | C102: =B98 -> 1025 | D102: =IFERROR(+D101/C101,"-") -> 1.8903226 | E102: =IFERROR(C102*D102,"-") -> 1937.5806
A103: Custo de óleo do motor /10.000 km rodados | B103: l/10.000 km | C103: 11 | D103: 30.55
A104: Custo mensal com óleo do motor | B104: km | C104: =C102 -> 1025 | D104: =+C103*D103/10000 -> 0.033605 | E104: =C104*D104 -> 34.445125
A105: Custo de óleo hidráulico / 10.000 km | B105: l/10.000 km | C105: 1 | D105: 82.33
A106: Custo mensal com óleo hidráulico | B106: km | C106: =B98 -> 1025 | D106: =+C105*D105/10000 -> 0.008233 | E106: =C106*D106 -> 8.438825
A107: Custo de graxa /10.000 km rodados | B107: kg/10.000 km | C107: 2 | D107: 16.7
A108: Custo mensal com graxa | B108: km | C108: =B98 -> 1025 | D108: =+C107*D107/10000 -> 0.00334 | E108: =C108*D108 -> 3.4235
A109: Custo com consumos/km rodado | B109: R$/km rodado | D109: =IFERROR(D102+D104+#REF!+D106+D108,0) -> 0
F110: =SUM(E101:E108) -> 1983.8881
A112: 2.1.5. Manutenção
...

Sheet ITINERÁRIO 2
A1: ITINERÁRIO | B1: 2 - Passo Velho / KM 2
A2: TIPO | B2: RURAL
A3: LOCAL | B3: DISTRITO TUIUTY
A4: VEÍCULO | B4: 24 | E4: LUGARES
A5: TEMPO TOTAL DE OPERAÇÃO ESTIMADO | B5: 0.22222222
A6: QUILOMETRAGEM ESTIMADA | B6: 54
A8: Planilha de Composição de Custos
A9: Orçamento Sintético
A10: Descrição do Item | E10: Custo (R$/mês) | F10: %
A11: =+A40 -> 1. Mão-de-obra | E11: =+F60 -> 4919.9846 | F11: =IFERROR(E11/$E$23,0) -> 0.31232523
A12: =A41 -> 1.1. Monitor | E12: =F49 -> 1934.604 | F12: =IFERROR(E12/$E$23,0) -> 0.12281047
A13: =A50 -> 1.2. Motorista | E13: =F58 -> 2985.3806 | F13: =IFERROR(E13/$E$23,0) -> 0.18951476
A14: =+A63 -> 2. Veículos | E14: =+F127 -> 7136.3147 | F14: =IFERROR(E14/$E$23,0) -> 0.45301994
A15: =A64 -> 2.1. Veículo: micro-ônibus 24 lugares | E15: =SUM(E16:E21) -> 7136.3147 | F15: =IFERROR(E15/$E$23,0) -> 0.45301994
A16: =A65 -> 2.1.1. Depreciação | E16: =F74 -> 1291.1762 | F16: =IFERROR(E16/$E$23,0) -> 0.081965072
A17: =A76 -> 2.1.2. Remuneração do Capital | E17: =F85 -> 1991.1014 | F17: =IFERROR(E17/$E$23,0) -> 0.12639698
A18: =A87 -> 2.1.3. Impostos e Seguros | E18: =F93 -> 247.984 | F18: =IFERROR(E18/$E$23,0) -> 0.015742257
A19: =A95 -> 2.1.4. Consumos | E19: =F110 -> 2142.5991 | F19: =IFERROR(E19/$E$23,0) -> 0.1360142
A20: =A112 -> 2.1.5. Manutenção | E20: =F115 -> 1084.86 | F20: =IFERROR(E20/$E$23,0) -> 0.068867929
A21: =A117 -> 2.1.6. Pneus | E21: =F124 -> 378.594 | F21: =IFERROR(E21/$E$23,0) -> 0.024033502
A22: =+A132 -> 3. Benefícios e Despesas Indiretas - BDI | E22: =+F138 -> 3696.4613 | F22: =IFERROR(E22/$E$23,0) -> 0.23465483
A23: Custo transporte | E23: =E11+E14+E22 -> 15752.761 | F23: =F11+F14+F22 -> 1
A24: Custo km rodado | E24: =E23/B98 -> 14.230136
A25: Adicional km rural | E25: =IF(B2="RURAL",0.08,IF(B2="URBANO",0)) -> 0.08 | F25: =E24*E25 -> 1.1384109
A26: Valor pago Km | E26: =E24+F25 -> 15.368547
A27: Valor pago mês | E27: =F142 -> 17012.981
A29: Quantitativos
A30: Mão-de-obra | E30: Quantidade
A31: =A41 -> 1.1. Monitor | E31: 1
A32: =+A50 -> 1.2. Motorista | E32: 1
A33: Total de mão-de-obra (postos de trabalho) | E33: =SUM(E31:E32) -> 2
A34: Veículos e Equipamentos | E34: Quantidade
A35: =+A64 -> 2.1. Veículo: micro-ônibus 24 lugares | E35: 1
A36: Total de veículos | E36: =SUM(E35) -> 1
A38: Fator de utilização (FU) | B38: 0.6 | C38: Quilometragem diária estimada (km) | F38: =B6 -> 54
A40: 1. Mão-de-obra
A41: 1.1. Monitor
A42: Discriminação | B42: Unidade | C42: Quantidade | D42: Custo unitário | E42: Subtotal | F42: Total (R$)
A43: Piso da categoria | B43: mês | C43: 1 | D43: 1682 | E43: =C43*D43 -> 1682
A44: Sacola econômica | B44: unidade | C44: 1 | D44: 208 | E44: =C44*D44 -> 208
A45: Soma | E45: =SUM(E43:E44) -> 1890
A46: Encargos Sociais | B46: % | C46: ='2.Encargos Sociais'!$D$28 -> 0.706 | D46: =E45 -> 1890 | E46: =D46*C46 -> 1334.34
A47: Total por Monitor | E47: =E45+E46 -> 3224.34
A48: Total | B48: profissional | C48: 1 | D48: =E47 -> 3224.34 | E48: =C48*D48 -> 3224.34
D49: Fator de utilização | E49: =B38 -> 0.6 | F49: =E48*E49 -> 1934.604
A50: 1.2. Motorista
A51: Discriminação | B51: Unidade | C51: Quantidade | D51: Custo unitário | E51: Subtotal | F51: Total (R$)
A52: Piso da categoria | B52: mês | C52: 1 | D52: 2708.55 | E52: =C52*D52 -> 2708.55
A53: Sacola econômica | B53: unidade | C53: 1 | D53: 208 | E53: =C53*D53 -> 208
A54: Soma | E54: =SUM(E52:E53) -> 2916.55
A55: Encargos Sociais | B55: % | C55: ='2.Encargos Sociais'!$D$28 -> 0.706 | D55: =E54 -> 2916.55 | E55: =D55*C55 -> 2059.0843
A56: Total por Motorista | E56: =E54+E55 -> 4975.6343
A57: Total | B57: profissional | C57: 1 | D57: =E56 -> 4975.6343 | E57: =C57*D57 -> 4975.6343
C58: Fator de utilização | E58: =B38 -> 0.6 | F58: =E57*E58 -> 2985.3806
A60: Custo Mensal com Mão-de-obra (R$/mês) | F60: =+F58+F49 -> 4919.9846
A63: 2. Veículos
A64: 2.1. Veículo: micro-ônibus 24 lugares
A65: 2.1.1. Depreciação
A66: Discriminação | B66: Unidade | C66: Quantidade | D66: Custo unitário | E66: Subtotal | F66: Total (R$)
A67: Custo de aquisição | B67: unidade | C67: 1 | D67: =IF(B4=16,'1.Notas Explicativas'!C3,IF(B4=24,'1.Notas Explicativas'!D3,IF(B4=32,'1.Notas Explicativas'!E3,IF(B4=44,'1.Notas Explicativas'!F3)))) -> 547650 | E67: =C67*D67 -> 547650
A68: Vida útil | B68: anos | C68: 15
A69: Idade do veículo | B69: anos | C69: 1
A70: Valor depreciável | B70: % | C70: 70.73 | D70: =E67 -> 547650 | E70: =C70*D70/100 -> 387352.84
A71: Depreciação mensal veículos | B71: mês | C71: =C68*12 -> 180 | D71: =IF(C69<=C68,E70,0) -> 387352.84 | E71: =IFERROR(D71/C71,0) -> 2151.9603
A72: Total por veículo | E72: =E71 -> 2151.9603
A73: Total da frota | B73: unidade | C73: 1 | D73: =E72 -> 2151.9603 | E73: =C73*D73 -> 2151.9603
C74: Fator de utilização | E74: =$B$38 -> 0.6 | F74: =E73*E74 -> 1291.1762
A76: 2.1.2. Remuneração do Capital
A77: Discriminação | B77: Unidade | C77: Quantidade | D77: Custo unitário | E77: Subtotal | F77: Total (R$)
A78: Custo do chassis | B78: unidade | C78: 1 | D78: =D67 -> 547650 | E78: =C78*D78 -> 547650
A79: Taxa de juros anual nominal | B79: % | C79: 11.25
A80: Valor do veículo proposto (V0) | B80: R$ | C80: =IFERROR(IF(C69<=C68,E67-(C70/(100*C68)*C69)*E67,E67-E70),0) -> 521826.48
A81: Investimento médio total do chassis | B81: R$ | C81: =IFERROR(IF(C69>=C68,C80,((((C80)-(E67-E70))*(((C68-C69)+1)/(2*(C68-C69))))+(E67-E70))),0) -> 353973.58
A82: Remuneração mensal de capital do chassis | B82: R$ | D82: =C79*C81/12/100 -> 3318.5023 | E82: =D82 -> 3318.5023
A83: Total por veículo | E83: =E82 -> 3318.5023
A84: Total por veículo | B84: unidade | C84: =C73 -> 1 | D84: =E83 -> 3318.5023 | E84: =C84*D84 -> 3318.5023
D85: Fator de utilização | E85: =$B$38 -> 0.6 | F85: =E84*E85 -> 1991.1014
A87: 2.1.3. Impostos e Seguros
A88: Discriminação | B88: Unidade | C88: Quantidade | D88: Custo unitário | E88: Subtotal | F88: Total (R$)
A89: IPVA | B89: unidade | C89: 0 | D89: 0 | E89: =C89*D89 -> 0
A90: Licenciamento, inspeção veicular e seguro | B90: unidade | C90: =C67 -> 1 | D90: 602.68 | E90: =C90*D90 -> 602.68
A91: Seguro contra terceiros | B91: unidade | C91: =C67 -> 1 | D91: 4357 | E91: =C91*D91 -> 4357
A92: Impostos e seguros mensais | B92: mês | C92: 12 | D92: =SUM(E89:E91) -> 4959.68 | E92: =D92/C92 -> 413.30667
D93: Fator de utilização | E93: =$B$38 -> 0.6 | F93: =E92*E93 -> 247.984
A95: 2.1.4. Consumos
A96: Quilometragem diária | B96: =F38 -> 54
A97: Dias uteis mês | B97: 20.5
A98: Quilometragem mensal | B98: =B96*B97 -> 1107
A100: Discriminação | B100: Unidade | C100: Consumo | D100: Custo unitário | E100: Subtotal | F100: Total (R$)
A101: Custo de óleo diesel / km rodado | B101: km/l | C101: 3.1 | D101: 5.86
A102: Custo mensal com óleo diesel | B102: km | C102: =B98 -> 1107 | D102: =IFERROR(+D101/C101,"-") -> 1.8903226 | E102: =IFERROR(C102*D102,"-") -> 2092.5871
A103: Custo de óleo do motor /10.000 km rodados | B103: l/10.000 km | C103: 11 | D103: 30.55
A104: Custo mensal com óleo do motor | B104: km | C104: =C102 -> 1107 | D104: =+C103*D103/10000 -> 0.033605 | E104: =C104*D104 -> 37.200735
A105: Custo de óleo hidráulico / 10.000 km | B105: l/10.000 km | C105: 1 | D105: 82.33
A106: Custo mensal com óleo hidráulico | B106: km | C106: =B98 -> 1107 | D106: =+C105*D105/10000 -> 0.008233 | E106: =C106*D106 -> 9.113931
A107: Custo de graxa /10.000 km rodados | B107: kg/10.000 km | C107: 2 | D107: 16.7
A108: Custo mensal com graxa | B108: km | C108: =B98 -> 1107 | D108: =+C107*D107/10000 -> 0.00334 | E108: =C108*D108 -> 3.69738
A109: Custo com consumos/km rodado | B109: R$/km rodado | D109: =IFERROR(D102+D104+#REF!+D106+D108,0) -> 0
F110: =SUM(E101:E108) -> 2142.5991
A112: 2.1.5. Manutenção
...

Sheet ITINERÁRIO 3
A1: ITINERÁRIO | B1: 3 - LINHA SÃO LUIZ - MANHÃ
A2: TIPO | B2: RURAL
A3: LOCAL | B3: DISTRITO TUIUTY
A4: VEÍCULO | B4: 16 | E4: LUGARES
A5: TEMPO TOTAL DE OPERAÇÃO ESTIMADO | B5: 0.26388889
A6: QUILOMETRAGEM ESTIMADA | B6: 73
A8: Planilha de Composição de Custos
A9: Orçamento Sintético
A10: Descrição do Item | E10: Custo (R$/mês) | F10: %
A11: =+A40 -> 1. Mão-de-obra | E11: =+F60 -> 5739.982 | F11: =IFERROR(E11/$E$23,0) -> 0.34154322
A12: =A41 -> 1.1. Monitor | E12: =F49 -> 2257.038 | F12: =IFERROR(E12/$E$23,0) -> 0.13429938
A13: =A50 -> 1.2. Motorista | E13: =F58 -> 3482.944 | F13: =IFERROR(E13/$E$23,0) -> 0.20724384
A14: =+A63 -> 2. Veículos | E14: =+F127 -> 7122.424 | F14: =IFERROR(E14/$E$23,0) -> 0.42380195
A15: =A64 -> 2.1. Veículo: micro-ônibus 24 lugares | E15: =SUM(E16:E21) -> 7122.424 | F15: =IFERROR(E15/$E$23,0) -> 0.42380195
A16: =A65 -> 2.1.1. Depreciação | E16: =F74 -> 837.44721 | F16: =IFERROR(E16/$E$23,0) -> 0.049830193
A17: =A76 -> 2.1.2. Remuneração do Capital | E17: =F85 -> 1291.4135 | F17: =IFERROR(E17/$E$23,0) -> 0.076842316
A18: =A87 -> 2.1.3. Impostos e Seguros | E18: =F93 -> 289.31467 | F18: =IFERROR(E18/$E$23,0) -> 0.017214943
A19: =A95 -> 2.1.4. Consumos | E19: =F110 -> 2896.4766 | F19: =IFERROR(E19/$E$23,0) -> 0.17234757
A20: =A112 -> 2.1.5. Manutenção | E20: =F115 -> 1466.57 | F20: =IFERROR(E20/$E$23,0) -> 0.087264565
A21: =A117 -> 2.1.6. Pneus | E21: =F124 -> 341.202 | F21: =IFERROR(E21/$E$23,0) -> 0.020302368
A22: =+A132 -> 3. Benefícios e Despesas Indiretas - BDI | E22: =+F138 -> 3943.6137 | F22: =IFERROR(E22/$E$23,0) -> 0.23465483
A23: Custo transporte | E23: =E11+E14+E22 -> 16806.02 | F23: =F11+F14+F22 -> 1
A24: Custo km rodado | E24: =E23/B98 -> 11.230217
A25: Adicional km rural | E25: =IF(B2="RURAL",0.08,IF(B2="URBANO",0)) -> 0.08 | F25: =E24*E25 -> 0.89841736
A26: Valor pago Km | E26: =E24+F25 -> 12.128634
A27: Valor pago mês | E27: =F142 -> 18150.501
A29: Quantitativos
A30: Mão-de-obra | E30: Quantidade
A31: =A41 -> 1.1. Monitor | E31: 1
A32: =+A50 -> 1.2. Motorista | E32: 1
A33: Total de mão-de-obra (postos de trabalho) | E33: =SUM(E31:E32) -> 2
A34: Veículos e Equipamentos | E34: Quantidade
A35: =+A64 -> 2.1. Veículo: micro-ônibus 24 lugares | E35: 1
A36: Total de veículos | E36: =SUM(E35) -> 1
A38: Fator de utilização (FU) | B38: 0.7 | C38: Quilometragem diária estimada (km) | F38: =B6 -> 73
A40: 1. Mão-de-obra
A41: 1.1. Monitor
A42: Discriminação | B42: Unidade | C42: Quantidade | D42: Custo unitário | E42: Subtotal | F42: Total (R$)
A43: Piso da categoria | B43: mês | C43: 1 | D43: 1682 | E43: =C43*D43 -> 1682
A44: Sacola econômica | B44: unidade | C44: 1 | D44: 208 | E44: =C44*D44 -> 208
A45: Soma | E45: =SUM(E43:E44) -> 1890
A46: Encargos Sociais | B46: % | C46: ='2.Encargos Sociais'!$D$28 -> 0.706 | D46: =E45 -> 1890 | E46: =D46*C46 -> 1334.34
A47: Total por Monitor | E47: =E45+E46 -> 3224.34
A48: Total | B48: profissional | C48: 1 | D48: =E47 -> 3224.34 | E48: =C48*D48 -> 3224.34
D49: Fator de utilização | E49: =B38 -> 0.7 | F49: =E48*E49 -> 2257.038
A50: 1.2. Motorista
A51: Discriminação | B51: Unidade | C51: Quantidade | D51: Custo unitário | E51: Subtotal | F51: Total (R$)
A52: Piso da categoria | B52: mês | C52: 1 | D52: 2708.55 | E52: =C52*D52 -> 2708.55
A53: Sacola econômica | B53: unidade | C53: 1 | D53: 208 | E53: =C53*D53 -> 208
A54: Soma | E54: =SUM(E52:E53) -> 2916.55
A55: Encargos Sociais | B55: % | C55: ='2.Encargos Sociais'!$D$28 -> 0.706 | D55: =E54 -> 2916.55 | E55: =D55*C55 -> 2059.0843
A56: Total por Motorista | E56: =E54+E55 -> 4975.6343
A57: Total | B57: profissional | C57: 1 | D57: =E56 -> 4975.6343 | E57: =C57*D57 -> 4975.6343
C58: Fator de utilização | E58: =B38 -> 0.7 | F58: =E57*E58 -> 3482.944
A60: Custo Mensal com Mão-de-obra (R$/mês) | F60: =+F58+F49 -> 5739.982
A63: 2. Veículos
A64: 2.1. Veículo: micro-ônibus 24 lugares
A65: 2.1.1. Depreciação
A66: Discriminação | B66: Unidade | C66: Quantidade | D66: Custo unitário | E66: Subtotal | F66: Total (R$)
A67: Custo de aquisição | B67: unidade | C67: 1 | D67: =IF(B4=16,'1.Notas Explicativas'!C3,IF(B4=24,'1.Notas Explicativas'!D3,IF(B4=32,'1.Notas Explicativas'!E3,IF(B4=44,'1.Notas Explicativas'!F3)))) -> 304458.6 | E67: =C67*D67 -> 304458.6
A68: Vida útil | B68: anos | C68: 15
A69: Idade do veículo | B69: anos | C69: 1
A70: Valor depreciável | B70: % | C70: 70.73 | D70: =E67 -> 304458.6 | E70: =C70*D70/100 -> 215343.57
A71: Depreciação mensal veículos | B71: mês | C71: =C68*12 -> 180 | D71: =IF(C69<=C68,E70,0) -> 215343.57 | E71: =IFERROR(D71/C71,0) -> 1196.3532
A72: Total por veículo | E72: =E71 -> 1196.3532
A73: Total da frota | B73: unidade | C73: 1 | D73: =E72 -> 1196.3532 | E73: =C73*D73 -> 1196.3532
C74: Fator de utilização | E74: =$B$38 -> 0.7 | F74: =E73*E74 -> 837.44721
A76: 2.1.2. Remuneração do Capital
A77: Discriminação | B77: Unidade | C77: Quantidade | D77: Custo unitário | E77: Subtotal | F77: Total (R$)
A78: Custo do chassis | B78: unidade | C78: 1 | D78: =D67 -> 304458.6 | E78: =C78*D78 -> 304458.6
A79: Taxa de juros anual nominal | B79: % | C79: 11.25
A80: Valor do veículo proposto (V0) | B80: R$ | C80: =IFERROR(IF(C69<=C68,E67-(C70/(100*C68)*C69)*E67,E67-E70),0) -> 290102.36
A81: Investimento médio total do chassis | B81: R$ | C81: =IFERROR(IF(C69>=C68,C80,((((C80)-(E67-E70))*(((C68-C69)+1)/(2*(C68-C69))))+(E67-E70))),0) -> 196786.82
A82: Remuneração mensal de capital do chassis | B82: R$ | D82: =C79*C81/12/100 -> 1844.8764 | E82: =D82 -> 1844.8764
A83: Total por veículo | E83: =E82 -> 1844.8764
A84: Total por veículo | B84: unidade | C84: =C73 -> 1 | D84: =E83 -> 1844.8764 | E84: =C84*D84 -> 1844.8764
D85: Fator de utilização | E85: =$B$38 -> 0.7 | F85: =E84*E85 -> 1291.4135
A87: 2.1.3. Impostos e Seguros
A88: Discriminação | B88: Unidade | C88: Quantidade | D88: Custo unitário | E88: Subtotal | F88: Total (R$)
A89: IPVA | B89: unidade | C89: 0 | D89: 0 | E89: =C89*D89 -> 0
A90: Licenciamento, inspeção veicular e seguro | B90: unidade | C90: =C67 -> 1 | D90: 602.68 | E90: =C90*D90 -> 602.68
A91: Seguro contra terceiros | B91: unidade | C91: =C67 -> 1 | D91: 4357 | E91: =C91*D91 -> 4357
A92: Impostos e seguros mensais | B92: mês | C92: 12 | D92: =SUM(E89:E91) -> 4959.68 | E92: =D92/C92 -> 413.30667
D93: Fator de utilização | E93: =$B$38 -> 0.7 | F93: =E92*E93 -> 289.31467
A95: 2.1.4. Consumos
A96: Quilometragem diária | B96: =F38 -> 73
A97: Dias uteis mês | B97: 20.5
A98: Quilometragem mensal | B98: =B96*B97 -> 1496.5
A100: Discriminação | B100: Unidade | C100: Consumo | D100: Custo unitário | E100: Subtotal | F100: Total (R$)
A101: Custo de óleo diesel / km rodado | B101: km/l | C101: 3.1 | D101: 5.86
A102: Custo mensal com óleo diesel | B102: km | C102: =B98 -> 1496.5 | D102: =IFERROR(+D101/C101,"-") -> 1.8903226 | E102: =IFERROR(C102*D102,"-") -> 2828.8677
A103: Custo de óleo do motor /10.000 km rodados | B103: l/10.000 km | C103: 11 | D103: 30.55
A104: Custo mensal com óleo do motor | B104: km | C104: =C102 -> 1496.5 | D104: =+C103*D103/10000 -> 0.033605 | E104: =C104*D104 -> 50.289882
A105: Custo de óleo hidráulico / 10.000 km | B105: l/10.000 km | C105: 1 | D105: 82.33
A106: Custo mensal com óleo hidráulico | B106: km | C106: =B98 -> 1496.5 | D106: =+C105*D105/10000 -> 0.008233 | E106: =C106*D106 -> 12.320685
A107: Custo de graxa /10.000 km rodados | B107: kg/10.000 km | C107: 2 | D107: 16.7
A108: Custo mensal com graxa | B108: km | C108: =B98 -> 1496.5 | D108: =+C107*D107/10000 -> 0.00334 | E108: =C108*D108 -> 4.99831
A109: Custo com consumos/km rodado | B109: R$/km rodado | D109: =IFERROR(D102+D104+#REF!+D106+D108,0) -> 0
F110: =SUM(E101:E108) -> 2896.4766
A112: 2.1.5. Manutenção
...

Sheet ITINERÁRIO 4
A1: ITINERÁRIO | B1: 4 - LINHA SÃO LUIZ - TARDE
A2: TIPO | B2: RURAL
A3: LOCAL | B3: DISTRITO TUIUTY
A4: VEÍCULO | B4: 16 | E4: LUGARES
A5: TEMPO TOTAL DE OPERAÇÃO ESTIMADO | B5: 0.26388889
A6: QUILOMETRAGEM ESTIMADA | B6: 73
A8: Planilha de Composição de Custos
A9: Orçamento Sintético
A10: Descrição do Item | E10: Custo (R$/mês) | F10: %
A11: =+A40 -> 1. Mão-de-obra | E11: =+F60 -> 5739.982 | F11: =IFERROR(E11/$E$23,0) -> 0.34154322
A12: =A41 -> 1.1. Monitor | E12: =F49 -> 2257.038 | F12: =IFERROR(E12/$E$23,0) -> 0.13429938
A13: =A50 -> 1.2. Motorista | E13: =F58 -> 3482.944 | F13: =IFERROR(E13/$E$23,0) -> 0.20724384
A14: =+A63 -> 2. Veículos | E14: =+F127 -> 7122.424 | F14: =IFERROR(E14/$E$23,0) -> 0.42380195
A15: =A64 -> 2.1. Veículo: micro-ônibus 24 lugares | E15: =SUM(E16:E21) -> 7122.424 | F15: =IFERROR(E15/$E$23,0) -> 0.42380195
A16: =A65 -> 2.1.1. Depreciação | E16: =F74 -> 837.44721 | F16: =IFERROR(E16/$E$23,0) -> 0.049830193
A17: =A76 -> 2.1.2. Remuneração do Capital | E17: =F85 -> 1291.4135 | F17: =IFERROR(E17/$E$23,0) -> 0.076842316
A18: =A87 -> 2.1.3. Impostos e Seguros | E18: =F93 -> 289.31467 | F18: =IFERROR(E18/$E$23,0) -> 0.017214943
A19: =A95 -> 2.1.4. Consumos | E19: =F110 -> 2896.4766 | F19: =IFERROR(E19/$E$23,0) -> 0.17234757
A20: =A112 -> 2.1.5. Manutenção | E20: =F115 -> 1466.57 | F20: =IFERROR(E20/$E$23,0) -> 0.087264565
A21: =A117 -> 2.1.6. Pneus | E21: =F124 -> 341.202 | F21: =IFERROR(E21/$E$23,0) -> 0.020302368
A22: =+A132 -> 3. Benefícios e Despesas Indiretas - BDI | E22: =+F138 -> 3943.6137 | F22: =IFERROR(E22/$E$23,0) -> 0.23465483
A23: Custo transporte | E23: =E11+E14+E22 -> 16806.02 | F23: =F11+F14+F22 -> 1
A24: Custo km rodado | E24: =E23/B98 -> 11.230217
A25: Adicional km rural | E25: =IF(B2="RURAL",0.08,IF(B2="URBANO",0)) -> 0.08 | F25: =E24*E25 -> 0.89841736
A26: Valor pago Km | E26: =E24+F25 -> 12.128634
A27: Valor pago mês | E27: =F142 -> 18150.501
A29: Quantitativos
A30: Mão-de-obra | E30: Quantidade
A31: =A41 -> 1.1. Monitor | E31: 1
A32: =+A50 -> 1.2. Motorista | E32: 1
A33: Total de mão-de-obra (postos de trabalho) | E33: =SUM(E31:E32) -> 2
A34: Veículos e Equipamentos | E34: Quantidade
A35: =+A64 -> 2.1. Veículo: micro-ônibus 24 lugares | E35: 1
A36: Total de veículos | E36: =SUM(E35) -> 1
A38: Fator de utilização (FU) | B38: 0.7 | C38: Quilometragem diária estimada (km) | F38: =B6 -> 73
A40: 1. Mão-de-obra
A41: 1.1. Monitor
A42: Discriminação | B42: Unidade | C42: Quantidade | D42: Custo unitário | E42: Subtotal | F42: Total (R$)
A43: Piso da categoria | B43: mês | C43: 1 | D43: 1682 | E43: =C43*D43 -> 1682
A44: Sacola econômica | B44: unidade | C44: 1 | D44: 208 | E44: =C44*D44 -> 208
A45: Soma | E45: =SUM(E43:E44) -> 1890
A46: Encargos Sociais | B46: % | C46: ='2.Encargos Sociais'!$D$28 -> 0.706 | D46: =E45 -> 1890 | E46: =D46*C46 -> 1334.34
A47: Total por Monitor | E47: =E45+E46 -> 3224.34
A48: Total | B48: profissional | C48: 1 | D48: =E47 -> 3224.34 | E48: =C48*D48 -> 3224.34
D49: Fator de utilização | E49: =B38 -> 0.7 | F49: =E48*E49 -> 2257.038
A50: 1.2. Motorista
A51: Discriminação | B51: Unidade | C51: Quantidade | D51: Custo unitário | E51: Subtotal | F51: Total (R$)
A52: Piso da categoria | B52: mês | C52: 1 | D52: 2708.55 | E52: =C52*D52 -> 2708.55
A53: Sacola econômica | B53: unidade | C53: 1 | D53: 208 | E53: =C53*D53 -> 208
A54: Soma | E54: =SUM(E52:E53) -> 2916.55
A55: Encargos Sociais | B55: % | C55: ='2.Encargos Sociais'!$D$28 -> 0.706 | D55: =E54 -> 2916.55 | E55: =D55*C55 -> 2059.0843
A56: Total por Motorista | E56: =E54+E55 -> 4975.6343
A57: Total | B57: profissional | C57: 1 | D57: =E56 -> 4975.6343 | E57: =C57*D57 -> 4975.6343
C58: Fator de utilização | E58: =B38 -> 0.7 | F58: =E57*E58 -> 3482.944
A60: Custo Mensal com Mão-de-obra (R$/mês) | F60: =+F58+F49 -> 5739.982
A63: 2. Veículos
A64: 2.1. Veículo: micro-ônibus 24 lugares
A65: 2.1.1. Depreciação
A66: Discriminação | B66: Unidade | C66: Quantidade | D66: Custo unitário | E66: Subtotal | F66: Total (R$)
A67: Custo de aquisição | B67: unidade | C67: 1 | D67: =IF(B4=16,'1.Notas Explicativas'!C3,IF(B4=24,'1.Notas Explicativas'!D3,IF(B4=32,'1.Notas Explicativas'!E3,IF(B4=44,'1.Notas Explicativas'!F3)))) -> 304458.6 | E67: =C67*D67 -> 304458.6
A68: Vida útil | B68: anos | C68: 15
A69: Idade do veículo | B69: anos | C69: 1
A70: Valor depreciável | B70: % | C70: 70.73 | D70: =E67 -> 304458.6 | E70: =C70*D70/100 -> 215343.57
A71: Depreciação mensal veículos | B71: mês | C71: =C68*12 -> 180 | D71: =IF(C69<=C68,E70,0) -> 215343.57 | E71: =IFERROR(D71/C71,0) -> 1196.3532
A72: Total por veículo | E72: =E71 -> 1196.3532
A73: Total da frota | B73: unidade | C73: 1 | D73: =E72 -> 1196.3532 | E73: =C73*D73 -> 1196.3532
C74: Fator de utilização | E74: =$B$38 -> 0.7 | F74: =E73*E74 -> 837.44721
A76: 2.1.2. Remuneração do Capital
A77: Discriminação | B77: Unidade | C77: Quantidade | D77: Custo unitário | E77: Subtotal | F77: Total (R$)
A78: Custo do chassis | B78: unidade | C78: 1 | D78: =D67 -> 304458.6 | E78: =C78*D78 -> 304458.6
A79: Taxa de juros anual nominal | B79: % | C79: 11.25
A80: Valor do veículo proposto (V0) | B80: R$ | C80: =IFERROR(IF(C69<=C68,E67-(C70/(100*C68)*C69)*E67,E67-E70),0) -> 290102.36
A81: Investimento médio total do chassis | B81: R$ | C81: =IFERROR(IF(C69>=C68,C80,((((C80)-(E67-E70))*(((C68-C69)+1)/(2*(C68-C69))))+(E67-E70))),0) -> 196786.82
A82: Remuneração mensal de capital do chassis | B82: R$ | D82: =C79*C81/12/100 -> 1844.8764 | E82: =D82 -> 1844.8764
A83: Total por veículo | E83: =E82 -> 1844.8764
A84: Total por veículo | B84: unidade | C84: =C73 -> 1 | D84: =E83 -> 1844.8764 | E84: =C84*D84 -> 1844.8764
D85: Fator de utilização | E85: =$B$38 -> 0.7 | F85: =E84*E85 -> 1291.4135
A87: 2.1.3. Impostos e Seguros
A88: Discriminação | B88: Unidade | C88: Quantidade | D88: Custo unitário | E88: Subtotal | F88: Total (R$)
A89: IPVA | B89: unidade | C89: 0 | D89: 0 | E89: =C89*D89 -> 0
A90: Licenciamento, inspeção veicular e seguro | B90: unidade | C90: =C67 -> 1 | D90: 602.68 | E90: =C90*D90 -> 602.68
A91: Seguro contra terceiros | B91: unidade | C91: =C67 -> 1 | D91: 4357 | E91: =C91*D91 -> 4357
A92: Impostos e seguros mensais | B92: mês | C92: 12 | D92: =SUM(E89:E91) -> 4959.68 | E92: =D92/C92 -> 413.30667
D93: Fator de utilização | E93: =$B$38 -> 0.7 | F93: =E92*E93 -> 289.31467
A95: 2.1.4. Consumos
A96: Quilometragem diária | B96: =F38 -> 73
A97: Dias uteis mês | B97: 20.5
A98: Quilometragem mensal | B98: =B96*B97 -> 1496.5
A100: Discriminação | B100: Unidade | C100: Consumo | D100: Custo unitário | E100: Subtotal | F100: Total (R$)
A101: Custo de óleo diesel / km rodado | B101: km/l | C101: 3.1 | D101: 5.86
A102: Custo mensal com óleo diesel | B102: km | C102: =B98 -> 1496.5 | D102: =IFERROR(+D101/C101,"-") -> 1.8903226 | E102: =IFERROR(C102*D102,"-") -> 2828.8677
A103: Custo de óleo do motor /10.000 km rodados | B103: l/10.000 km | C103: 11 | D103: 30.55
A104: Custo mensal com óleo do motor | B104: km | C104: =C102 -> 1496.5 | D104: =+C103*D103/10000 -> 0.033605 | E104: =C104*D104 -> 50.289882
A105: Custo de óleo hidráulico / 10.000 km | B105: l/10.000 km | C105: 1 | D105: 82.33
A106: Custo mensal com óleo hidráulico | B106: km | C106: =B98 -> 1496.5 | D106: =+C105*D105/10000 -> 0.008233 | E106: =C106*D106 -> 12.320685
A107: Custo de graxa /10.000 km rodados | B107: kg/10.000 km | C107: 2 | D107: 16.7
A108: Custo mensal com graxa | B108: km | C108: =B98 -> 1496.5 | D108: =+C107*D107/10000 -> 0.00334 | E108: =C108*D108 -> 4.99831
A109: Custo com consumos/km rodado | B109: R$/km rodado | D109: =IFERROR(D102+D104+#REF!+D106+D108,0) -> 0
F110: =SUM(E101:E108) -> 2896.4766
A112: 2.1.5. Manutenção
...

Sheet ITINERÁRIO 5
A1: ITINERÁRIO | B1: 5 - LINHA PICADELA
A2: TIPO | B2: RURAL
A3: LOCAL | B3: DISTRITO TUIUTY
A4: VEÍCULO | B4: 24 | E4: LUGARES
A5: TEMPO TOTAL DE OPERAÇÃO ESTIMADO | B5: 0.22222222
A6: QUILOMETRAGEM ESTIMADA | B6: 45
A8: Planilha de Composição de Custos
A9: Orçamento Sintético
A10: Descrição do Item | E10: Custo (R$/mês) | F10: %
A11: =+A40 -> 1. Mão-de-obra | E11: =+F60 -> 4919.9846 | F11: =IFERROR(E11/$E$23,0) -> 0.32871157
A12: =A41 -> 1.1. Monitor | E12: =F49 -> 1934.604 | F12: =IFERROR(E12/$E$23,0) -> 0.1292538
A13: =A50 -> 1.2. Motorista | E13: =F58 -> 2985.3806 | F13: =IFERROR(E13/$E$23,0) -> 0.19945776
A14: =+A63 -> 2. Veículos | E14: =+F127 -> 6535.3058 | F14: =IFERROR(E14/$E$23,0) -> 0.43663361
A15: =A64 -> 2.1. Veículo: micro-ônibus 24 lugares | E15: =SUM(E16:E21) -> 6535.3058 | F15: =IFERROR(E15/$E$23,0) -> 0.43663361
A16: =A65 -> 2.1.1. Depreciação | E16: =F74 -> 1291.1762 | F16: =IFERROR(E16/$E$23,0) -> 0.086265419
A17: =A76 -> 2.1.2. Remuneração do Capital | E17: =F85 -> 1991.1014 | F17: =IFERROR(E17/$E$23,0) -> 0.13302848
A18: =A87 -> 2.1.3. Impostos e Seguros | E18: =F93 -> 247.984 | F18: =IFERROR(E18/$E$23,0) -> 0.016568184
A19: =A95 -> 2.1.4. Consumos | E19: =F110 -> 1785.4993 | F19: =IFERROR(E19/$E$23,0) -> 0.11929189
A20: =A112 -> 2.1.5. Manutenção | E20: =F115 -> 904.05 | F20: =IFERROR(E20/$E$23,0) -> 0.060400939
A21: =A117 -> 2.1.6. Pneus | E21: =F124 -> 315.495 | F21: =IFERROR(E21/$E$23,0) -> 0.021078695
A22: =+A132 -> 3. Benefícios e Despesas Indiretas - BDI | E22: =+F138 -> 3512.192 | F22: =IFERROR(E22/$E$23,0) -> 0.23465483
A23: Custo transporte | E23: =E11+E14+E22 -> 14967.482 | F23: =F11+F14+F22 -> 1
A24: Custo km rodado | E24: =E23/B98 -> 16.224913
A25: Adicional km rural | E25: =IF(B2="RURAL",0.08,IF(B2="URBANO",0)) -> 0.08 | F25: =E24*E25 -> 1.2979931
A26: Valor pago Km | E26: =E24+F25 -> 17.522906
A27: Valor pago mês | E27: =F142 -> 16164.881
A29: Quantitativos
A30: Mão-de-obra | E30: Quantidade
A31: =A41 -> 1.1. Monitor | E31: 1
A32: =+A50 -> 1.2. Motorista | E32: 1
A33: Total de mão-de-obra (postos de trabalho) | E33: =SUM(E31:E32) -> 2
A34: Veículos e Equipamentos | E34: Quantidade
A35: =+A64 -> 2.1. Veículo: micro-ônibus 24 lugares | E35: 1
A36: Total de veículos | E36: =SUM(E35) -> 1
A38: Fator de utilização (FU) | B38: 0.6 | C38: Quilometragem diária estimada (km) | F38: =B6 -> 45
A40: 1. Mão-de-obra
A41: 1.1. Monitor
A42: Discriminação | B42: Unidade | C42: Quantidade | D42: Custo unitário | E42: Subtotal | F42: Total (R$)
A43: Piso da categoria | B43: mês | C43: 1 | D43: 1682 | E43: =C43*D43 -> 1682
A44: Sacola econômica | B44: unidade | C44: 1 | D44: 208 | E44: =C44*D44 -> 208
A45: Soma | E45: =SUM(E43:E44) -> 1890
A46: Encargos Sociais | B46: % | C46: ='2.Encargos Sociais'!$D$28 -> 0.706 | D46: =E45 -> 1890 | E46: =D46*C46 -> 1334.34
A47: Total por Monitor | E47: =E45+E46 -> 3224.34
A48: Total | B48: profissional | C48: 1 | D48: =E47 -> 3224.34 | E48: =C48*D48 -> 3224.34
D49: Fator de utilização | E49: =B38 -> 0.6 | F49: =E48*E49 -> 1934.604
A50: 1.2. Motorista
A51: Discriminação | B51: Unidade | C51: Quantidade | D51: Custo unitário | E51: Subtotal | F51: Total (R$)
A52: Piso da categoria | B52: mês | C52: 1 | D52: 2708.55 | E52: =C52*D52 -> 2708.55
A53: Sacola econômica | B53: unidade | C53: 1 | D53: 208 | E53: =C53*D53 -> 208
A54: Soma | E54: =SUM(E52:E53) -> 2916.55
A55: Encargos Sociais | B55: % | C55: ='2.Encargos Sociais'!$D$28 -> 0.706 | D55: =E54 -> 2916.55 | E55: =D55*C55 -> 2059.0843
A56: Total por Motorista | E56: =E54+E55 -> 4975.6343
A57: Total | B57: profissional | C57: 1 | D57: =E56 -> 4975.6343 | E57: =C57*D57 -> 4975.6343
C58: Fator de utilização | E58: =B38 -> 0.6 | F58: =E57*E58 -> 2985.3806
A60: Custo Mensal com Mão-de-obra (R$/mês) | F60: =+F58+F49 -> 4919.9846
A63: 2. Veículos
A64: 2.1. Veículo: micro-ônibus 24 lugares
A65: 2.1.1. Depreciação
A66: Discriminação | B66: Unidade | C66: Quantidade | D66: Custo unitário | E66: Subtotal | F66: Total (R$)
A67: Custo de aquisição | B67: unidade | C67: 1 | D67: =IF(B4=16,'1.Notas Explicativas'!C3,IF(B4=24,'1.Notas Explicativas'!D3,IF(B4=32,'1.Notas Explicativas'!E3,IF(B4=44,'1.Notas Explicativas'!F3)))) -> 547650 | E67: =C67*D67 -> 547650
A68: Vida útil | B68: anos | C68: 15
A69: Idade do veículo | B69: anos | C69: 1
A70: Valor depreciável | B70: % | C70: 70.73 | D70: =E67 -> 547650 | E70: =C70*D70/100 -> 387352.84
A71: Depreciação mensal veículos | B71: mês | C71: =C68*12 -> 180 | D71: =IF(C69<=C68,E70,0) -> 387352.84 | E71: =IFERROR(D71/C71,0) -> 2151.9603
A72: Total por veículo | E72: =E71 -> 2151.9603
A73: Total da frota | B73: unidade | C73: 1 | D73: =E72 -> 2151.9603 | E73: =C73*D73 -> 2151.9603
C74: Fator de utilização | E74: =$B$38 -> 0.6 | F74: =E73*E74 -> 1291.1762
A76: 2.1.2. Remuneração do Capital
A77: Discriminação | B77: Unidade | C77: Quantidade | D77: Custo unitário | E77: Subtotal | F77: Total (R$)
A78: Custo do chassis | B78: unidade | C78: 1 | D78: =D67 -> 547650 | E78: =C78*D78 -> 547650
A79: Taxa de juros anual nominal | B79: % | C79: 11.25
A80: Valor do veículo proposto (V0) | B80: R$ | C80: =IFERROR(IF(C69<=C68,E67-(C70/(100*C68)*C69)*E67,E67-E70),0) -> 521826.48
A81: Investimento médio total do chassis | B81: R$ | C81: =IFERROR(IF(C69>=C68,C80,((((C80)-(E67-E70))*(((C68-C69)+1)/(2*(C68-C69))))+(E67-E70))),0) -> 353973.58
A82: Remuneração mensal de capital do chassis | B82: R$ | D82: =C79*C81/12/100 -> 3318.5023 | E82: =D82 -> 3318.5023
A83: Total por veículo | E83: =E82 -> 3318.5023
A84: Total por veículo | B84: unidade | C84: =C73 -> 1 | D84: =E83 -> 3318.5023 | E84: =C84*D84 -> 3318.5023
D85: Fator de utilização | E85: =$B$38 -> 0.6 | F85: =E84*E85 -> 1991.1014
A87: 2.1.3. Impostos e Seguros
A88: Discriminação | B88: Unidade | C88: Quantidade | D88: Custo unitário | E88: Subtotal | F88: Total (R$)
A89: IPVA | B89: unidade | C89: 0 | D89: 0 | E89: =C89*D89 -> 0
A90: Licenciamento, inspeção veicular e seguro | B90: unidade | C90: =C67 -> 1 | D90: 602.68 | E90: =C90*D90 -> 602.68
A91: Seguro contra terceiros | B91: unidade | C91: =C67 -> 1 | D91: 4357 | E91: =C91*D91 -> 4357
A92: Impostos e seguros mensais | B92: mês | C92: 12 | D92: =SUM(E89:E91) -> 4959.68 | E92: =D92/C92 -> 413.30667
D93: Fator de utilização | E93: =$B$38 -> 0.6 | F93: =E92*E93 -> 247.984
A95: 2.1.4. Consumos
A96: Quilometragem diária | B96: =F38 -> 45
A97: Dias uteis mês | B97: 20.5
A98: Quilometragem mensal | B98: =B96*B97 -> 922.5
A100: Discriminação | B100: Unidade | C100: Consumo | D100: Custo unitário | E100: Subtotal | F100: Total (R$)
A101: Custo de óleo diesel / km rodado | B101: km/l | C101: 3.1 | D101: 5.86
A102: Custo mensal com óleo diesel | B102: km | C102: =B98 -> 922.5 | D102: =IFERROR(+D101/C101,"-") -> 1.8903226 | E102: =IFERROR(C102*D102,"-") -> 1743.8226
A103: Custo de óleo do motor /10.000 km rodados | B103: l/10.000 km | C103: 11 | D103: 30.55
A104: Custo mensal com óleo do motor | B104: km | C104: =C102 -> 922.5 | D104: =+C103*D103/10000 -> 0.033605 | E104: =C104*D104 -> 31.000612
A105: Custo de óleo hidráulico / 10.000 km | B105: l/10.000 km | C105: 1 | D105: 82.33
A106: Custo mensal com óleo hidráulico | B106: km | C106: =B98 -> 922.5 | D106: =+C105*D105/10000 -> 0.008233 | E106: =C106*D106 -> 7.5949425
A107: Custo de graxa /10.000 km rodados | B107: kg/10.000 km | C107: 2 | D107: 16.7
A108: Custo mensal com graxa | B108: km | C108: =B98 -> 922.5 | D108: =+C107*D107/10000 -> 0.00334 | E108: =C108*D108 -> 3.08115
A109: Custo com consumos/km rodado | B109: R$/km rodado | D109: =IFERROR(D102+D104+#REF!+D106+D108,0) -> 0
F110: =SUM(E101:E108) -> 1785.4993
A112: 2.1.5. Manutenção
...

Sheet ITINERÁRIO 6
A1: ITINERÁRIO | B1: 6 - ARREDORES TUIUTY (NORTE-SUL) / EMEF FLORIANO
A2: TIPO | B2: RURAL
A3: LOCAL | B3: DISTRITO TUIUTY
A4: VEÍCULO | B4: 16 | E4: LUGARES
A5: TEMPO TOTAL DE OPERAÇÃO ESTIMADO | B5: 0.22222222
A6: QUILOMETRAGEM ESTIMADA | B6: 65
A8: Planilha de Composição de Custos
A9: Orçamento Sintético
A10: Descrição do Item | E10: Custo (R$/mês) | F10: %
A11: =+A40 -> 1. Mão-de-obra | E11: =+F60 -> 4919.9846 | F11: =IFERROR(E11/$E$23,0) -> 0.33676279
A12: =A41 -> 1.1. Monitor | E12: =F49 -> 1934.604 | F12: =IFERROR(E12/$E$23,0) -> 0.13241965
A13: =A50 -> 1.2. Motorista | E13: =F58 -> 2985.3806 | F13: =IFERROR(E13/$E$23,0) -> 0.20434314
A14: =+A63 -> 2. Veículos | E14: =+F127 -> 6261.4363 | F14: =IFERROR(E14/$E$23,0) -> 0.42858238
A15: =A64 -> 2.1. Veículo: micro-ônibus 24 lugares | E15: =SUM(E16:E21) -> 6261.4363 | F15: =IFERROR(E15/$E$23,0) -> 0.42858238
A16: =A65 -> 2.1.1. Depreciação | E16: =F74 -> 717.81189 | F16: =IFERROR(E16/$E$23,0) -> 0.049132742
A17: =A76 -> 2.1.2. Remuneração do Capital | E17: =F85 -> 1106.9258 | F17: =IFERROR(E17/$E$23,0) -> 0.075766788
A18: =A87 -> 2.1.3. Impostos e Seguros | E18: =F93 -> 247.984 | F18: =IFERROR(E18/$E$23,0) -> 0.016973993
A19: =A95 -> 2.1.4. Consumos | E19: =F110 -> 2579.0545 | F19: =IFERROR(E19/$E$23,0) -> 0.17653096
A20: =A112 -> 2.1.5. Manutenção | E20: =F115 -> 1305.85 | F20: =IFERROR(E20/$E$23,0) -> 0.089382736
A21: =A117 -> 2.1.6. Pneus | E21: =F124 -> 303.81 | F21: =IFERROR(E21/$E$23,0) -> 0.020795167
A22: =+A132 -> 3. Benefícios e Despesas Indiretas - BDI | E22: =+F138 -> 3428.2236 | F22: =IFERROR(E22/$E$23,0) -> 0.23465483
A23: Custo transporte | E23: =E11+E14+E22 -> 14609.644 | F23: =F11+F14+F22 -> 1
A24: Custo km rodado | E24: =E23/B98 -> 10.964086
A25: Adicional km rural | E25: =IF(B2="RURAL",0.08,IF(B2="URBANO",0)) -> 0.08 | F25: =E24*E25 -> 0.87712687
A26: Valor pago Km | E26: =E24+F25 -> 11.841213
A27: Valor pago mês | E27: =F142 -> 15778.416
A29: Quantitativos
A30: Mão-de-obra | E30: Quantidade
A31: =A41 -> 1.1. Monitor | E31: 1
A32: =+A50 -> 1.2. Motorista | E32: 1
A33: Total de mão-de-obra (postos de trabalho) | E33: =SUM(E31:E32) -> 2
A34: Veículos e Equipamentos | E34: Quantidade
A35: =+A64 -> 2.1. Veículo: micro-ônibus 24 lugares | E35: 1
A36: Total de veículos | E36: =SUM(E35) -> 1
A38: Fator de utilização (FU) | B38: 0.6 | C38: Quilometragem diária estimada (km) | F38: =B6 -> 65
A40: 1. Mão-de-obra
A41: 1.1. Monitor
A42: Discriminação | B42: Unidade | C42: Quantidade | D42: Custo unitário | E42: Subtotal | F42: Total (R$)
A43: Piso da categoria | B43: mês | C43: 1 | D43: 1682 | E43: =C43*D43 -> 1682
A44: Sacola econômica | B44: unidade | C44: 1 | D44: 208 | E44: =C44*D44 -> 208
A45: Soma | E45: =SUM(E43:E44) -> 1890
A46: Encargos Sociais | B46: % | C46: ='2.Encargos Sociais'!$D$28 -> 0.706 | D46: =E45 -> 1890 | E46: =D46*C46 -> 1334.34
A47: Total por Monitor | E47: =E45+E46 -> 3224.34
A48: Total | B48: profissional | C48: 1 | D48: =E47 -> 3224.34 | E48: =C48*D48 -> 3224.34
D49: Fator de utilização | E49: =B38 -> 0.6 | F49: =E48*E49 -> 1934.604
A50: 1.2. Motorista
A51: Discriminação | B51: Unidade | C51: Quantidade | D51: Custo unitário | E51: Subtotal | F51: Total (R$)
A52: Piso da categoria | B52: mês | C52: 1 | D52: 2708.55 | E52: =C52*D52 -> 2708.55
A53: Sacola econômica | B53: unidade | C53: 1 | D53: 208 | E53: =C53*D53 -> 208
A54: Soma | E54: =SUM(E52:E53) -> 2916.55
A55: Encargos Sociais | B55: % | C55: ='2.Encargos Sociais'!$D$28 -> 0.706 | D55: =E54 -> 2916.55 | E55: =D55*C55 -> 2059.0843
A56: Total por Motorista | E56: =E54+E55 -> 4975.6343
A57: Total | B57: profissional | C57: 1 | D57: =E56 -> 4975.6343 | E57: =C57*D57 -> 4975.6343
C58: Fator de utilização | E58: =B38 -> 0.6 | F58: =E57*E58 -> 2985.3806
A60: Custo Mensal com Mão-de-obra (R$/mês) | F60: =+F58+F49 -> 4919.9846
A63: 2. Veículos
A64: 2.1. Veículo: micro-ônibus 24 lugares
A65: 2.1.1. Depreciação
A66: Discriminação | B66: Unidade | C66: Quantidade | D66: Custo unitário | E66: Subtotal | F66: Total (R$)
A67: Custo de aquisição | B67: unidade | C67: 1 | D67: =IF(B4=16,'1.Notas Explicativas'!C3,IF(B4=24,'1.Notas Explicativas'!D3,IF(B4=32,'1.Notas Explicativas'!E3,IF(B4=44,'1.Notas Explicativas'!F3)))) -> 304458.6 | E67: =C67*D67 -> 304458.6
A68: Vida útil | B68: anos | C68: 15
A69: Idade do veículo | B69: anos | C69: 1
A70: Valor depreciável | B70: % | C70: 70.73 | D70: =E67 -> 304458.6 | E70: =C70*D70/100 -> 215343.57
A71: Depreciação mensal veículos | B71: mês | C71: =C68*12 -> 180 | D71: =IF(C69<=C68,E70,0) -> 215343.57 | E71: =IFERROR(D71/C71,0) -> 1196.3532
A72: Total por veículo | E72: =E71 -> 1196.3532
A73: Total da frota | B73: unidade | C73: 1 | D73: =E72 -> 1196.3532 | E73: =C73*D73 -> 1196.3532
C74: Fator de utilização | E74: =$B$38 -> 0.6 | F74: =E73*E74 -> 717.81189
A76: 2.1.2. Remuneração do Capital
A77: Discriminação | B77: Unidade | C77: Quantidade | D77: Custo unitário | E77: Subtotal | F77: Total (R$)
A78: Custo do chassis | B78: unidade | C78: 1 | D78: =D67 -> 304458.6 | E78: =C78*D78 -> 304458.6
A79: Taxa de juros anual nominal | B79: % | C79: 11.25
A80: Valor do veículo proposto (V0) | B80: R$ | C80: =IFERROR(IF(C69<=C68,E67-(C70/(100*C68)*C69)*E67,E67-E70),0) -> 290102.36
A81: Investimento médio total do chassis | B81: R$ | C81: =IFERROR(IF(C69>=C68,C80,((((C80)-(E67-E70))*(((C68-C69)+1)/(2*(C68-C69))))+(E67-E70))),0) -> 196786.82
A82: Remuneração mensal de capital do chassis | B82: R$ | D82: =C79*C81/12/100 -> 1844.8764 | E82: =D82 -> 1844.8764
A83: Total por veículo | E83: =E82 -> 1844.8764
A84: Total por veículo | B84: unidade | C84: =C73 -> 1 | D84: =E83 -> 1844.8764 | E84: =C84*D84 -> 1844.8764
D85: Fator de utilização | E85: =$B$38 -> 0.6 | F85: =E84*E85 -> 1106.9258
A87: 2.1.3. Impostos e Seguros
A88: Discriminação | B88: Unidade | C88: Quantidade | D88: Custo unitário | E88: Subtotal | F88: Total (R$)
A89: IPVA | B89: unidade | C89: 0 | D89: 0 | E89: =C89*D89 -> 0
A90: Licenciamento, inspeção veicular e seguro | B90: unidade | C90: =C67 -> 1 | D90: 602.68 | E90: =C90*D90 -> 602.68
A91: Seguro contra terceiros | B91: unidade | C91: =C67 -> 1 | D91: 4357 | E91: =C91*D91 -> 4357
A92: Impostos e seguros mensais | B92: mês | C92: 12 | D92: =SUM(E89:E91) -> 4959.68 | E92: =D92/C92 -> 413.30667
D93: Fator de utilização | E93: =$B$38 -> 0.6 | F93: =E92*E93 -> 247.984
A95: 2.1.4. Consumos
A96: Quilometragem diária | B96: =F38 -> 65
A97: Dias uteis mês | B97: 20.5
A98: Quilometragem mensal | B98: =B96*B97 -> 1332.5
A100: Discriminação | B100: Unidade | C100: Consumo | D100: Custo unitário | E100: Subtotal | F100: Total (R$)
A101: Custo de óleo diesel / km rodado | B101: km/l | C101: 3.1 | D101: 5.86
A102: Custo mensal com óleo diesel | B102: km | C102: =B98 -> 1332.5 | D102: =IFERROR(+D101/C101,"-") -> 1.8903226 | E102: =IFERROR(C102*D102,"-") -> 2518.8548
A103: Custo de óleo do motor /10.000 km rodados | B103: l/10.000 km | C103: 11 | D103: 30.55
A104: Custo mensal com óleo do motor | B104: km | C104: =C102 -> 1332.5 | D104: =+C103*D103/10000 -> 0.033605 | E104: =C104*D104 -> 44.778663
A105: Custo de óleo hidráulico / 10.000 km | B105: l/10.000 km | C105: 1 | D105: 82.33
A106: Custo mensal com óleo hidráulico | B106: km | C106: =B98 -> 1332.5 | D106: =+C105*D105/10000 -> 0.008233 | E106: =C106*D106 -> 10.970472
A107: Custo de graxa /10.000 km rodados | B107: kg/10.000 km | C107: 2 | D107: 16.7
A108: Custo mensal com graxa | B108: km | C108: =B98 -> 1332.5 | D108: =+C107*D107/10000 -> 0.00334 | E108: =C108*D108 -> 4.45055
A109: Custo com consumos/km rodado | B109: R$/km rodado | D109: =IFERROR(D102+D104+#REF!+D106+D108,0) -> 0
F110: =SUM(E101:E108) -> 2579.0545
A112: 2.1.5. Manutenção
...

Sheet ITINERÁRIO 7
A1: ITINERÁRIO | B1: 7 - SÃO PEDRO 71
A2: TIPO | B2: RURAL
A3: LOCAL | B3: DISTRITO TUIUTY
A4: VEÍCULO | B4: 16 | E4: LUGARES
A5: TEMPO TOTAL DE OPERAÇÃO ESTIMADO | B5: 0.22222222
A6: QUILOMETRAGEM ESTIMADA | B6: 50
A8: Planilha de Composição de Custos
A9: Orçamento Sintético
A10: Descrição do Item | E10: Custo (R$/mês) | F10: %
A11: =+A40 -> 1. Mão-de-obra | E11: =+F60 -> 4919.9846 | F11: =IFERROR(E11/$E$23,0) -> 0.36863066
A12: =A41 -> 1.1. Monitor | E12: =F49 -> 1934.604 | F12: =IFERROR(E12/$E$23,0) -> 0.14495053
A13: =A50 -> 1.2. Motorista | E13: =F58 -> 2985.3806 | F13: =IFERROR(E13/$E$23,0) -> 0.22368014
A14: =+A63 -> 2. Veículos | E14: =+F127 -> 5294.8098 | F14: =IFERROR(E14/$E$23,0) -> 0.39671451
A15: =A64 -> 2.1. Veículo: micro-ônibus 24 lugares | E15: =SUM(E16:E21) -> 5294.8098 | F15: =IFERROR(E15/$E$23,0) -> 0.39671451
A16: =A65 -> 2.1.1. Depreciação | E16: =F74 -> 717.81189 | F16: =IFERROR(E16/$E$23,0) -> 0.053782175
A17: =A76 -> 2.1.2. Remuneração do Capital | E17: =F85 -> 1106.9258 | F17: =IFERROR(E17/$E$23,0) -> 0.082936603
A18: =A87 -> 2.1.3. Impostos e Seguros | E18: =F93 -> 247.984 | F18: =IFERROR(E18/$E$23,0) -> 0.018580242
A19: =A95 -> 2.1.4. Consumos | E19: =F110 -> 1983.8881 | F19: =IFERROR(E19/$E$23,0) -> 0.14864315
A20: =A112 -> 2.1.5. Manutenção | E20: =F115 -> 1004.5 | F20: =IFERROR(E20/$E$23,0) -> 0.07526233
A21: =A117 -> 2.1.6. Pneus | E21: =F124 -> 233.7 | F21: =IFERROR(E21/$E$23,0) -> 0.017510011
A22: =+A132 -> 3. Benefícios e Despesas Indiretas - BDI | E22: =+F138 -> 3131.856 | F22: =IFERROR(E22/$E$23,0) -> 0.23465483
A23: Custo transporte | E23: =E11+E14+E22 -> 13346.65 | F23: =F11+F14+F22 -> 1
A24: Custo km rodado | E24: =E23/B98 -> 13.021122
A25: Adicional km rural | E25: =IF(B2="RURAL",0.08,IF(B2="URBANO",0)) -> 0.08 | F25: =E24*E25 -> 1.0416898
A26: Valor pago Km | E26: =E24+F25 -> 14.062812
A27: Valor pago mês | E27: =F142 -> 14414.382
A29: Quantitativos
A30: Mão-de-obra | E30: Quantidade
A31: =A41 -> 1.1. Monitor | E31: 1
A32: =+A50 -> 1.2. Motorista | E32: 1
A33: Total de mão-de-obra (postos de trabalho) | E33: =SUM(E31:E32) -> 2
A34: Veículos e Equipamentos | E34: Quantidade
A35: =+A64 -> 2.1. Veículo: micro-ônibus 24 lugares | E35: 1
A36: Total de veículos | E36: =SUM(E35) -> 1
A38: Fator de utilização (FU) | B38: 0.6 | C38: Quilometragem diária estimada (km) | F38: =B6 -> 50
A40: 1. Mão-de-obra
A41: 1.1. Monitor
A42: Discriminação | B42: Unidade | C42: Quantidade | D42: Custo unitário | E42: Subtotal | F42: Total (R$)
A43: Piso da categoria | B43: mês | C43: 1 | D43: 1682 | E43: =C43*D43 -> 1682
A44: Sacola econômica | B44: unidade | C44: 1 | D44: 208 | E44: =C44*D44 -> 208
A45: Soma | E45: =SUM(E43:E44) -> 1890
A46: Encargos Sociais | B46: % | C46: ='2.Encargos Sociais'!$D$28 -> 0.706 | D46: =E45 -> 1890 | E46: =D46*C46 -> 1334.34
A47: Total por Monitor | E47: =E45+E46 -> 3224.34
A48: Total | B48: profissional | C48: 1 | D48: =E47 -> 3224.34 | E48: =C48*D48 -> 3224.34
D49: Fator de utilização | E49: =B38 -> 0.6 | F49: =E48*E49 -> 1934.604
A50: 1.2. Motorista
A51: Discriminação | B51: Unidade | C51: Quantidade | D51: Custo unitário | E51: Subtotal | F51: Total (R$)
A52: Piso da categoria | B52: mês | C52: 1 | D52: 2708.55 | E52: =C52*D52 -> 2708.55
A53: Sacola econômica | B53: unidade | C53: 1 | D53: 208 | E53: =C53*D53 -> 208
A54: Soma | E54: =SUM(E52:E53) -> 2916.55
A55: Encargos Sociais | B55: % | C55: ='2.Encargos Sociais'!$D$28 -> 0.706 | D55: =E54 -> 2916.55 | E55: =D55*C55 -> 2059.0843
A56: Total por Motorista | E56: =E54+E55 -> 4975.6343
A57: Total | B57: profissional | C57: 1 | D57: =E56 -> 4975.6343 | E57: =C57*D57 -> 4975.6343
C58: Fator de utilização | E58: =B38 -> 0.6 | F58: =E57*E58 -> 2985.3806
A60: Custo Mensal com Mão-de-obra (R$/mês) | F60: =+F58+F49 -> 4919.9846
A63: 2. Veículos
A64: 2.1. Veículo: micro-ônibus 24 lugares
A65: 2.1.1. Depreciação
A66: Discriminação | B66: Unidade | C66: Quantidade | D66: Custo unitário | E66: Subtotal | F66: Total (R$)
A67: Custo de aquisição | B67: unidade | C67: 1 | D67: =IF(B4=16,'1.Notas Explicativas'!C3,IF(B4=24,'1.Notas Explicativas'!D3,IF(B4=32,'1.Notas Explicativas'!E3,IF(B4=44,'1.Notas Explicativas'!F3)))) -> 304458.6 | E67: =C67*D67 -> 304458.6
A68: Vida útil | B68: anos | C68: 15
A69: Idade do veículo | B69: anos | C69: 1
A70: Valor depreciável | B70: % | C70: 70.73 | D70: =E67 -> 304458.6 | E70: =C70*D70/100 -> 215343.57
A71: Depreciação mensal veículos | B71: mês | C71: =C68*12 -> 180 | D71: =IF(C69<=C68,E70,0) -> 215343.57 | E71: =IFERROR(D71/C71,0) -> 1196.3532
A72: Total por veículo | E72: =E71 -> 1196.3532
A73: Total da frota | B73: unidade | C73: 1 | D73: =E72 -> 1196.3532 | E73: =C73*D73 -> 1196.3532
C74: Fator de utilização | E74: =$B$38 -> 0.6 | F74: =E73*E74 -> 717.81189
A76: 2.1.2. Remuneração do Capital
A77: Discriminação | B77: Unidade | C77: Quantidade | D77: Custo unitário | E77: Subtotal | F77: Total (R$)
A78: Custo do chassis | B78: unidade | C78: 1 | D78: =D67 -> 304458.6 | E78: =C78*D78 -> 304458.6
A79: Taxa de juros anual nominal | B79: % | C79: 11.25
A80: Valor do veículo proposto (V0) | B80: R$ | C80: =IFERROR(IF(C69<=C68,E67-(C70/(100*C68)*C69)*E67,E67-E70),0) -> 290102.36
A81: Investimento médio total do chassis | B81: R$ | C81: =IFERROR(IF(C69>=C68,C80,((((C80)-(E67-E70))*(((C68-C69)+1)/(2*(C68-C69))))+(E67-E70))),0) -> 196786.82
A82: Remuneração mensal de capital do chassis | B82: R$ | D82: =C79*C81/12/100 -> 1844.8764 | E82: =D82 -> 1844.8764
A83: Total por veículo | E83: =E82 -> 1844.8764
A84: Total por veículo | B84: unidade | C84: =C73 -> 1 | D84: =E83 -> 1844.8764 | E84: =C84*D84 -> 1844.8764
D85: Fator de utilização | E85: =$B$38 -> 0.6 | F85: =E84*E85 -> 1106.9258
A87: 2.1.3. Impostos e Seguros
A88: Discriminação | B88: Unidade | C88: Quantidade | D88: Custo unitário | E88: Subtotal | F88: Total (R$)
A89: IPVA | B89: unidade | C89: 0 | D89: 0 | E89: =C89*D89 -> 0
A90: Licenciamento, inspeção veicular e seguro | B90: unidade | C90: =C67 -> 1 | D90: 602.68 | E90: =C90*D90 -> 602.68
A91: Seguro contra terceiros | B91: unidade | C91: =C67 -> 1 | D91: 4357 | E91: =C91*D91 -> 4357
A92: Impostos e seguros mensais | B92: mês | C92: 12 | D92: =SUM(E89:E91) -> 4959.68 | E92: =D92/C92 -> 413.30667
D93: Fator de utilização | E93: =$B$38 -> 0.6 | F93: =E92*E93 -> 247.984
A95: 2.1.4. Consumos
A96: Quilometragem diária | B96: =F38 -> 50
A97: Dias uteis mês | B97: 20.5
A98: Quilometragem mensal | B98: =B96*B97 -> 1025
A100: Discriminação | B100: Unidade | C100: Consumo | D100: Custo unitário | E100: Subtotal | F100: Total (R$)
A101: Custo de óleo diesel / km rodado | B101: km/l | C101: 3.1 | D101: 5.86
A102: Custo mensal com óleo diesel | B102: km | C102: =B98 -> 1025 | D102: =IFERROR(+D101/C101,"-") -> 1.8903226 | E102: =IFERROR(C102*D102,"-") -> 1937.5806
A103: Custo de óleo do motor /10.000 km rodados | B103: l/10.000 km | C103: 11 | D103: 30.55
A104: Custo mensal com óleo do motor | B104: km | C104: =C102 -> 1025 | D104: =+C103*D103/10000 -> 0.033605 | E104: =C104*D104 -> 34.445125
A105: Custo de óleo hidráulico / 10.000 km | B105: l/10.000 km | C105: 1 | D105: 82.33
A106: Custo mensal com óleo hidráulico | B106: km | C106: =B98 -> 1025 | D106: =+C105*D105/10000 -> 0.008233 | E106: =C106*D106 -> 8.438825
A107: Custo de graxa /10.000 km rodados | B107: kg/10.000 km | C107: 2 | D107: 16.7
A108: Custo mensal com graxa | B108: km | C108: =B98 -> 1025 | D108: =+C107*D107/10000 -> 0.00334 | E108: =C108*D108 -> 3.4235
A109: Custo com consumos/km rodado | B109: R$/km rodado | D109: =IFERROR(D102+D104+#REF!+D106+D108,0) -> 0
F110: =SUM(E101:E108) -> 1983.8881
A112: 2.1.5. Manutenção
...

Sheet ITINERÁRIO 8
A1: ITINERÁRIO | B1: 8 - LINHA DEMARI
A2: TIPO | B2: RURAL
A3: LOCAL | B3: DISTRITO TUIUTY
A4: VEÍCULO | B4: 16 | E4: LUGARES
A5: TEMPO TOTAL DE OPERAÇÃO ESTIMADO | B5: 0.26388889
A6: QUILOMETRAGEM ESTIMADA | B6: 62
A8: Planilha de Composição de Custos
A9: Orçamento Sintético
A10: Descrição do Item | E10: Custo (R$/mês) | F10: %
A11: =+A40 -> 1. Mão-de-obra | E11: =+F60 -> 5739.982 | F11: =IFERROR(E11/$E$23,0) -> 0.36146383
A12: =A41 -> 1.1. Monitor | E12: =F49 -> 2257.038 | F12: =IFERROR(E12/$E$23,0) -> 0.14213243
A13: =A50 -> 1.2. Motorista | E13: =F58 -> 3482.944 | F13: =IFERROR(E13/$E$23,0) -> 0.2193314
A14: =+A63 -> 2. Veículos | E14: =+F127 -> 6413.5646 | F14: =IFERROR(E14/$E$23,0) -> 0.40388134
A15: =A64 -> 2.1. Veículo: micro-ônibus 24 lugares | E15: =SUM(E16:E21) -> 6413.5646 | F15: =IFERROR(E15/$E$23,0) -> 0.40388134
A16: =A65 -> 2.1.1. Depreciação | E16: =F74 -> 837.44721 | F16: =IFERROR(E16/$E$23,0) -> 0.052736555
A17: =A76 -> 2.1.2. Remuneração do Capital | E17: =F85 -> 1291.4135 | F17: =IFERROR(E17/$E$23,0) -> 0.081324168
A18: =A87 -> 2.1.3. Impostos e Seguros | E18: =F93 -> 289.31467 | F18: =IFERROR(E18/$E$23,0) -> 0.01821901
A19: =A95 -> 2.1.4. Consumos | E19: =F110 -> 2460.0212 | F19: =IFERROR(E19/$E$23,0) -> 0.15491489
A20: =A112 -> 2.1.5. Manutenção | E20: =F115 -> 1245.58 | F20: =IFERROR(E20/$E$23,0) -> 0.078437897
A21: =A117 -> 2.1.6. Pneus | E21: =F124 -> 289.788 | F21: =IFERROR(E21/$E$23,0) -> 0.018248817
A22: =+A132 -> 3. Benefícios e Despesas Indiretas - BDI | E22: =+F138 -> 3726.2774 | F22: =IFERROR(E22/$E$23,0) -> 0.23465483
A23: Custo transporte | E23: =E11+E14+E22 -> 15879.824 | F23: =F11+F14+F22 -> 1
A24: Custo km rodado | E24: =E23/B98 -> 12.493961
A25: Adicional km rural | E25: =IF(B2="RURAL",0.08,IF(B2="URBANO",0)) -> 0.08 | F25: =E24*E25 -> 0.99951685
A26: Valor pago Km | E26: =E24+F25 -> 13.493478
A27: Valor pago mês | E27: =F142 -> 17150.21
A29: Quantitativos
A30: Mão-de-obra | E30: Quantidade
A31: =A41 -> 1.1. Monitor | E31: 1
A32: =+A50 -> 1.2. Motorista | E32: 1
A33: Total de mão-de-obra (postos de trabalho) | E33: =SUM(E31:E32) -> 2
A34: Veículos e Equipamentos | E34: Quantidade
A35: =+A64 -> 2.1. Veículo: micro-ônibus 24 lugares | E35: 1
A36: Total de veículos | E36: =SUM(E35) -> 1
A38: Fator de utilização (FU) | B38: 0.7 | C38: Quilometragem diária estimada (km) | F38: =B6 -> 62
A40: 1. Mão-de-obra
A41: 1.1. Monitor
A42: Discriminação | B42: Unidade | C42: Quantidade | D42: Custo unitário | E42: Subtotal | F42: Total (R$)
A43: Piso da categoria | B43: mês | C43: 1 | D43: 1682 | E43: =C43*D43 -> 1682
A44: Sacola econômica | B44: unidade | C44: 1 | D44: 208 | E44: =C44*D44 -> 208
A45: Soma | E45: =SUM(E43:E44) -> 1890
A46: Encargos Sociais | B46: % | C46: ='2.Encargos Sociais'!$D$28 -> 0.706 | D46: =E45 -> 1890 | E46: =D46*C46 -> 1334.34
A47: Total por Monitor | E47: =E45+E46 -> 3224.34
A48: Total | B48: profissional | C48: 1 | D48: =E47 -> 3224.34 | E48: =C48*D48 -> 3224.34
D49: Fator de utilização | E49: =B38 -> 0.7 | F49: =E48*E49 -> 2257.038
A50: 1.2. Motorista
A51: Discriminação | B51: Unidade | C51: Quantidade | D51: Custo unitário | E51: Subtotal | F51: Total (R$)
A52: Piso da categoria | B52: mês | C52: 1 | D52: 2708.55 | E52: =C52*D52 -> 2708.55
A53: Sacola econômica | B53: unidade | C53: 1 | D53: 208 | E53: =C53*D53 -> 208
A54: Soma | E54: =SUM(E52:E53) -> 2916.55
A55: Encargos Sociais | B55: % | C55: ='2.Encargos Sociais'!$D$28 -> 0.706 | D55: =E54 -> 2916.55 | E55: =D55*C55 -> 2059.0843
A56: Total por Motorista | E56: =E54+E55 -> 4975.6343
A57: Total | B57: profissional | C57: 1 | D57: =E56 -> 4975.6343 | E57: =C57*D57 -> 4975.6343
C58: Fator de utilização | E58: =B38 -> 0.7 | F58: =E57*E58 -> 3482.944
A60: Custo Mensal com Mão-de-obra (R$/mês) | F60: =+F58+F49 -> 5739.982
A63: 2. Veículos
A64: 2.1. Veículo: micro-ônibus 24 lugares
A65: 2.1.1. Depreciação
A66: Discriminação | B66: Unidade | C66: Quantidade | D66: Custo unitário | E66: Subtotal | F66: Total (R$)
A67: Custo de aquisição | B67: unidade | C67: 1 | D67: =IF(B4=16,'1.Notas Explicativas'!C3,IF(B4=24,'1.Notas Explicativas'!D3,IF(B4=32,'1.Notas Explicativas'!E3,IF(B4=44,'1.Notas Explicativas'!F3)))) -> 304458.6 | E67: =C67*D67 -> 304458.6
A68: Vida útil | B68: anos | C68: 15
A69: Idade do veículo | B69: anos | C69: 1
A70: Valor depreciável | B70: % | C70: 70.73 | D70: =E67 -> 304458.6 | E70: =C70*D70/100 -> 215343.57
A71: Depreciação mensal veículos | B71: mês | C71: =C68*12 -> 180 | D71: =IF(C69<=C68,E70,0) -> 215343.57 | E71: =IFERROR(D71/C71,0) -> 1196.3532
A72: Total por veículo | E72: =E71 -> 1196.3532
A73: Total da frota | B73: unidade | C73: 1 | D73: =E72 -> 1196.3532 | E73: =C73*D73 -> 1196.3532
C74: Fator de utilização | E74: =$B$38 -> 0.7 | F74: =E73*E74 -> 837.44721
A76: 2.1.2. Remuneração do Capital
A77: Discriminação | B77: Unidade | C77: Quantidade | D77: Custo unitário | E77: Subtotal | F77: Total (R$)
A78: Custo do chassis | B78: unidade | C78: 1 | D78: =D67 -> 304458.6 | E78: =C78*D78 -> 304458.6
A79: Taxa de juros anual nominal | B79: % | C79: 11.25
A80: Valor do veículo proposto (V0) | B80: R$ | C80: =IFERROR(IF(C69<=C68,E67-(C70/(100*C68)*C69)*E67,E67-E70),0) -> 290102.36
A81: Investimento médio total do chassis | B81: R$ | C81: =IFERROR(IF(C69>=C68,C80,((((C80)-(E67-E70))*(((C68-C69)+1)/(2*(C68-C69))))+(E67-E70))),0) -> 196786.82
A82: Remuneração mensal de capital do chassis | B82: R$ | D82: =C79*C81/12/100 -> 1844.8764 | E82: =D82 -> 1844.8764
A83: Total por veículo | E83: =E82 -> 1844.8764
A84: Total por veículo | B84: unidade | C84: =C73 -> 1 | D84: =E83 -> 1844.8764 | E84: =C84*D84 -> 1844.8764
D85: Fator de utilização | E85: =$B$38 -> 0.7 | F85: =E84*E85 -> 1291.4135
A87: 2.1.3. Impostos e Seguros
A88: Discriminação | B88: Unidade | C88: Quantidade | D88: Custo unitário | E88: Subtotal | F88: Total (R$)
A89: IPVA | B89: unidade | C89: 0 | D89: 0 | E89: =C89*D89 -> 0
A90: Licenciamento, inspeção veicular e seguro | B90: unidade | C90: =C67 -> 1 | D90: 602.68 | E90: =C90*D90 -> 602.68
A91: Seguro contra terceiros | B91: unidade | C91: =C67 -> 1 | D91: 4357 | E91: =C91*D91 -> 4357
A92: Impostos e seguros mensais | B92: mês | C92: 12 | D92: =SUM(E89:E91) -> 4959.68 | E92: =D92/C92 -> 413.30667
D93: Fator de utilização | E93: =$B$38 -> 0.7 | F93: =E92*E93 -> 289.31467
A95: 2.1.4. Consumos
A96: Quilometragem diária | B96: =F38 -> 62
A97: Dias uteis mês | B97: 20.5
A98: Quilometragem mensal | B98: =B96*B97 -> 1271
A100: Discriminação | B100: Unidade | C100: Consumo | D100: Custo unitário | E100: Subtotal | F100: Total (R$)
A101: Custo de óleo diesel / km rodado | B101: km/l | C101: 3.1 | D101: 5.86
A102: Custo mensal com óleo diesel | B102: km | C102: =B98 -> 1271 | D102: =IFERROR(+D101/C101,"-") -> 1.8903226 | E102: =IFERROR(C102*D102,"-") -> 2402.6
A103: Custo de óleo do motor /10.000 km rodados | B103: l/10.000 km | C103: 11 | D103: 30.55
A104: Custo mensal com óleo do motor | B104: km | C104: =C102 -> 1271 | D104: =+C103*D103/10000 -> 0.033605 | E104: =C104*D104 -> 42.711955
A105: Custo de óleo hidráulico / 10.000 km | B105: l/10.000 km | C105: 1 | D105: 82.33
A106: Custo mensal com óleo hidráulico | B106: km | C106: =B98 -> 1271 | D106: =+C105*D105/10000 -> 0.008233 | E106: =C106*D106 -> 10.464143
A107: Custo de graxa /10.000 km rodados | B107: kg/10.000 km | C107: 2 | D107: 16.7
A108: Custo mensal com graxa | B108: km | C108: =B98 -> 1271 | D108: =+C107*D107/10000 -> 0.00334 | E108: =C108*D108 -> 4.24514
A109: Custo com consumos/km rodado | B109: R$/km rodado | D109: =IFERROR(D102+D104+#REF!+D106+D108,0) -> 0
F110: =SUM(E101:E108) -> 2460.0212
A112: 2.1.5. Manutenção
...

Sheet ITINERÁRIO 9
A1: ITINERÁRIO | B1: 9 - LINHA PEDROTTI / ESTAÇÃO EXPERIMENTAL (IFRS)
A2: TIPO | B2: RURAL
A3: LOCAL | B3: DISTRITO TUIUTY
A4: VEÍCULO | B4: 16 | E4: LUGARES
A5: TEMPO TOTAL DE OPERAÇÃO ESTIMADO | B5: 0.22222222
A6: QUILOMETRAGEM ESTIMADA | B6: 31
A8: Planilha de Composição de Custos
A9: Orçamento Sintético
A10: Descrição do Item | E10: Custo (R$/mês) | F10: %
A11: =+A40 -> 1. Mão-de-obra | E11: =+F60 -> 4919.9846 | F11: =IFERROR(E11/$E$23,0) -> 0.41883409
A12: =A41 -> 1.1. Monitor | E12: =F49 -> 1934.604 | F12: =IFERROR(E12/$E$23,0) -> 0.16469119
A13: =A50 -> 1.2. Motorista | E13: =F58 -> 2985.3806 | F13: =IFERROR(E13/$E$23,0) -> 0.2541429
A14: =+A63 -> 2. Veículos | E14: =+F127 -> 4070.4164 | F14: =IFERROR(E14/$E$23,0) -> 0.34651108
A15: =A64 -> 2.1. Veículo: micro-ônibus 24 lugares | E15: =SUM(E16:E21) -> 4070.4164 | F15: =IFERROR(E15/$E$23,0) -> 0.34651108
A16: =A65 -> 2.1.1. Depreciação | E16: =F74 -> 717.81189 | F16: =IFERROR(E16/$E$23,0) -> 0.061106715
A17: =A76 -> 2.1.2. Remuneração do Capital | E17: =F85 -> 1106.9258 | F17: =IFERROR(E17/$E$23,0) -> 0.094231654
A18: =A87 -> 2.1.3. Impostos e Seguros | E18: =F93 -> 247.984 | F18: =IFERROR(E18/$E$23,0) -> 0.021110667
A19: =A95 -> 2.1.4. Consumos | E19: =F110 -> 1230.0106 | F19: =IFERROR(E19/$E$23,0) -> 0.10470976
A20: =A112 -> 2.1.5. Manutenção | E20: =F115 -> 622.79 | F20: =IFERROR(E20/$E$23,0) -> 0.053017582
A21: =A117 -> 2.1.6. Pneus | E21: =F124 -> 144.894 | F21: =IFERROR(E21/$E$23,0) -> 0.012334703
A22: =+A132 -> 3. Benefícios e Despesas Indiretas - BDI | E22: =+F138 -> 2756.4569 | F22: =IFERROR(E22/$E$23,0) -> 0.23465483
A23: Custo transporte | E23: =E11+E14+E22 -> 11746.858 | F23: =F11+F14+F22 -> 1
A24: Custo km rodado | E24: =E23/B98 -> 18.484434
A25: Adicional km rural | E25: =IF(B2="RURAL",0.08,IF(B2="URBANO",0)) -> 0.08 | F25: =E24*E25 -> 1.4787547
A26: Valor pago Km | E26: =E24+F25 -> 19.963189
A27: Valor pago mês | E27: =F142 -> 12686.606
A29: Quantitativos
A30: Mão-de-obra | E30: Quantidade
A31: =A41 -> 1.1. Monitor | E31: 1
A32: =+A50 -> 1.2. Motorista | E32: 1
A33: Total de mão-de-obra (postos de trabalho) | E33: =SUM(E31:E32) -> 2
A34: Veículos e Equipamentos | E34: Quantidade
A35: =+A64 -> 2.1. Veículo: micro-ônibus 24 lugares | E35: 1
A36: Total de veículos | E36: =SUM(E35) -> 1
A38: Fator de utilização (FU) | B38: 0.6 | C38: Quilometragem diária estimada (km) | F38: =B6 -> 31
A40: 1. Mão-de-obra
A41: 1.1. Monitor
A42: Discriminação | B42: Unidade | C42: Quantidade | D42: Custo unitário | E42: Subtotal | F42: Total (R$)
A43: Piso da categoria | B43: mês | C43: 1 | D43: 1682 | E43: =C43*D43 -> 1682
A44: Sacola econômica | B44: unidade | C44: 1 | D44: 208 | E44: =C44*D44 -> 208
A45: Soma | E45: =SUM(E43:E44) -> 1890
A46: Encargos Sociais | B46: % | C46: ='2.Encargos Sociais'!$D$28 -> 0.706 | D46: =E45 -> 1890 | E46: =D46*C46 -> 1334.34
A47: Total por Monitor | E47: =E45+E46 -> 3224.34
A48: Total | B48: profissional | C48: 1 | D48: =E47 -> 3224.34 | E48: =C48*D48 -> 3224.34
D49: Fator de utilização | E49: =B38 -> 0.6 | F49: =E48*E49 -> 1934.604
A50: 1.2. Motorista
A51: Discriminação | B51: Unidade | C51: Quantidade | D51: Custo unitário | E51: Subtotal | F51: Total (R$)
A52: Piso da categoria | B52: mês | C52: 1 | D52: 2708.55 | E52: =C52*D52 -> 2708.55
A53: Sacola econômica | B53: unidade | C53: 1 | D53: 208 | E53: =C53*D53 -> 208
A54: Soma | E54: =SUM(E52:E53) -> 2916.55
A55: Encargos Sociais | B55: % | C55: ='2.Encargos Sociais'!$D$28 -> 0.706 | D55: =E54 -> 2916.55 | E55: =D55*C55 -> 2059.0843
A56: Total por Motorista | E56: =E54+E55 -> 4975.6343
A57: Total | B57: profissional | C57: 1 | D57: =E56 -> 4975.6343 | E57: =C57*D57 -> 4975.6343
C58: Fator de utilização | E58: =B38 -> 0.6 | F58: =E57*E58 -> 2985.3806
A60: Custo Mensal com Mão-de-obra (R$/mês) | F60: =+F58+F49 -> 4919.9846
A63: 2. Veículos
A64: 2.1. Veículo: micro-ônibus 24 lugares
A65: 2.1.1. Depreciação
A66: Discriminação | B66: Unidade | C66: Quantidade | D66: Custo unitário | E66: Subtotal | F66: Total (R$)
A67: Custo de aquisição | B67: unidade | C67: 1 | D67: =IF(B4=16,'1.Notas Explicativas'!C3,IF(B4=24,'1.Notas Explicativas'!D3,IF(B4=32,'1.Notas Explicativas'!E3,IF(B4=44,'1.Notas Explicativas'!F3)))) -> 304458.6 | E67: =C67*D67 -> 304458.6
A68: Vida útil | B68: anos | C68: 15
A69: Idade do veículo | B69: anos | C69: 1
A70: Valor depreciável | B70: % | C70: 70.73 | D70: =E67 -> 304458.6 | E70: =C70*D70/100 -> 215343.57
A71: Depreciação mensal veículos | B71: mês | C71: =C68*12 -> 180 | D71: =IF(C69<=C68,E70,0) -> 215343.57 | E71: =IFERROR(D71/C71,0) -> 1196.3532
A72: Total por veículo | E72: =E71 -> 1196.3532
A73: Total da frota | B73: unidade | C73: 1 | D73: =E72 -> 1196.3532 | E73: =C73*D73 -> 1196.3532
C74: Fator de utilização | E74: =$B$38 -> 0.6 | F74: =E73*E74 -> 717.81189
A76: 2.1.2. Remuneração do Capital
A77: Discriminação | B77: Unidade | C77: Quantidade | D77: Custo unitário | E77: Subtotal | F77: Total (R$)
A78: Custo do chassis | B78: unidade | C78: 1 | D78: =D67 -> 304458.6 | E78: =C78*D78 -> 304458.6
A79: Taxa de juros anual nominal | B79: % | C79: 11.25
A80: Valor do veículo proposto (V0) | B80: R$ | C80: =IFERROR(IF(C69<=C68,E67-(C70/(100*C68)*C69)*E67,E67-E70),0) -> 290102.36
A81: Investimento médio total do chassis | B81: R$ | C81: =IFERROR(IF(C69>=C68,C80,((((C80)-(E67-E70))*(((C68-C69)+1)/(2*(C68-C69))))+(E67-E70))),0) -> 196786.82
A82: Remuneração mensal de capital do chassis | B82: R$ | D82: =C79*C81/12/100 -> 1844.8764 | E82: =D82 -> 1844.8764
A83: Total por veículo | E83: =E82 -> 1844.8764
A84: Total por veículo | B84: unidade | C84: =C73 -> 1 | D84: =E83 -> 1844.8764 | E84: =C84*D84 -> 1844.8764
D85: Fator de utilização | E85: =$B$38 -> 0.6 | F85: =E84*E85 -> 1106.9258
A87: 2.1.3. Impostos e Seguros
A88: Discriminação | B88: Unidade | C88: Quantidade | D88: Custo unitário | E88: Subtotal | F88: Total (R$)
A89: IPVA | B89: unidade | C89: 0 | D89: 0 | E89: =C89*D89 -> 0
A90: Licenciamento, inspeção veicular e seguro | B90: unidade | C90: =C67 -> 1 | D90: 602.68 | E90: =C90*D90 -> 602.68
A91: Seguro contra terceiros | B91: unidade | C91: =C67 -> 1 | D91: 4357 | E91: =C91*D91 -> 4357
A92: Impostos e seguros mensais | B92: mês | C92: 12 | D92: =SUM(E89:E91) -> 4959.68 | E92: =D92/C92 -> 413.30667
D93: Fator de utilização | E93: =$B$38 -> 0.6 | F93: =E92*E93 -> 247.984
A95: 2.1.4. Consumos
A96: Quilometragem diária | B96: =F38 -> 31
A97: Dias uteis mês | B97: 20.5
A98: Quilometragem mensal | B98: =B96*B97 -> 635.5
A100: Discriminação | B100: Unidade | C100: Consumo | D100: Custo unitário | E100: Subtotal | F100: Total (R$)
A101: Custo de óleo diesel / km rodado | B101: km/l | C101: 3.1 | D101: 5.86
A102: Custo mensal com óleo diesel | B102: km | C102: =B98 -> 635.5 | D102: =IFERROR(+D101/C101,"-") -> 1.8903226 | E102: =IFERROR(C102*D102,"-") -> 1201.3
A103: Custo de óleo do motor /10.000 km rodados | B103: l/10.000 km | C103: 11 | D103: 30.55
A104: Custo mensal com óleo do motor | B104: km | C104: =C102 -> 635.5 | D104: =+C103*D103/10000 -> 0.033605 | E104: =C104*D104 -> 21.355978
A105: Custo de óleo hidráulico / 10.000 km | B105: l/10.000 km | C105: 1 | D105: 82.33
A106: Custo mensal com óleo hidráulico | B106: km | C106: =B98 -> 635.5 | D106: =+C105*D105/10000 -> 0.008233 | E106: =C106*D106 -> 5.2320715
A107: Custo de graxa /10.000 km rodados | B107: kg/10.000 km | C107: 2 | D107: 16.7
A108: Custo mensal com graxa | B108: km | C108: =B98 -> 635.5 | D108: =+C107*D107/10000 -> 0.00334 | E108: =C108*D108 -> 2.12257
A109: Custo com consumos/km rodado | B109: R$/km rodado | D109: =IFERROR(D102+D104+#REF!+D106+D108,0) -> 0
F110: =SUM(E101:E108) -> 1230.0106
A112: 2.1.5. Manutenção
...

Sheet ITINERÁRIO 10
A1: ITINERÁRIO | B1: 10 - TUIUTY / LESTE
A2: TIPO | B2: RURAL
A3: LOCAL | B3: DISTRITO TUIUTY
A4: VEÍCULO | B4: 16 | E4: LUGARES
A5: TEMPO TOTAL DE OPERAÇÃO ESTIMADO | B5: 0.22222222
A6: QUILOMETRAGEM ESTIMADA | B6: 29
A8: Planilha de Composição de Custos
A9: Orçamento Sintético
A10: Descrição do Item | E10: Custo (R$/mês) | F10: %
A11: =+A40 -> 1. Mão-de-obra | E11: =+F60 -> 4919.9846 | F11: =IFERROR(E11/$E$23,0) -> 0.42492569
A12: =A41 -> 1.1. Monitor | E12: =F49 -> 1934.604 | F12: =IFERROR(E12/$E$23,0) -> 0.16708649
A13: =A50 -> 1.2. Motorista | E13: =F58 -> 2985.3806 | F13: =IFERROR(E13/$E$23,0) -> 0.25783921
A14: =+A63 -> 2. Veículos | E14: =+F127 -> 3941.5328 | F14: =IFERROR(E14/$E$23,0) -> 0.34041948
A15: =A64 -> 2.1. Veículo: micro-ônibus 24 lugares | E15: =SUM(E16:E21) -> 3941.5328 | F15: =IFERROR(E15/$E$23,0) -> 0.34041948
A16: =A65 -> 2.1.1. Depreciação | E16: =F74 -> 717.81189 | F16: =IFERROR(E16/$E$23,0) -> 0.061995462
A17: =A76 -> 2.1.2. Remuneração do Capital | E17: =F85 -> 1106.9258 | F17: =IFERROR(E17/$E$23,0) -> 0.095602176
A18: =A87 -> 2.1.3. Impostos e Seguros | E18: =F93 -> 247.984 | F18: =IFERROR(E18/$E$23,0) -> 0.021417704
A19: =A95 -> 2.1.4. Consumos | E19: =F110 -> 1150.6551 | F19: =IFERROR(E19/$E$23,0) -> 0.099378953
A20: =A112 -> 2.1.5. Manutenção | E20: =F115 -> 582.61 | F20: =IFERROR(E20/$E$23,0) -> 0.050318442
A21: =A117 -> 2.1.6. Pneus | E21: =F124 -> 135.546 | F21: =IFERROR(E21/$E$23,0) -> 0.01170674
A22: =+A132 -> 3. Benefícios e Despesas Indiretas - BDI | E22: =+F138 -> 2716.9412 | F22: =IFERROR(E22/$E$23,0) -> 0.23465483
A23: Custo transporte | E23: =E11+E14+E22 -> 11578.459 | F23: =F11+F14+F22 -> 1
A24: Custo km rodado | E24: =E23/B98 -> 19.475961
A25: Adicional km rural | E25: =IF(B2="RURAL",0.08,IF(B2="URBANO",0)) -> 0.08 | F25: =E24*E25 -> 1.5580769
A26: Valor pago Km | E26: =E24+F25 -> 21.034038
A27: Valor pago mês | E27: =F142 -> 12504.735
A29: Quantitativos
A30: Mão-de-obra | E30: Quantidade
A31: =A41 -> 1.1. Monitor | E31: 1
A32: =+A50 -> 1.2. Motorista | E32: 1
A33: Total de mão-de-obra (postos de trabalho) | E33: =SUM(E31:E32) -> 2
A34: Veículos e Equipamentos | E34: Quantidade
A35: =+A64 -> 2.1. Veículo: micro-ônibus 24 lugares | E35: 1
A36: Total de veículos | E36: =SUM(E35) -> 1
A38: Fator de utilização (FU) | B38: 0.6 | C38: Quilometragem diária estimada (km) | F38: =B6 -> 29
A40: 1. Mão-de-obra
A41: 1.1. Monitor
A42: Discriminação | B42: Unidade | C42: Quantidade | D42: Custo unitário | E42: Subtotal | F42: Total (R$)
A43: Piso da categoria | B43: mês | C43: 1 | D43: 1682 | E43: =C43*D43 -> 1682
A44: Sacola econômica | B44: unidade | C44: 1 | D44: 208 | E44: =C44*D44 -> 208
A45: Soma | E45: =SUM(E43:E44) -> 1890
A46: Encargos Sociais | B46: % | C46: ='2.Encargos Sociais'!$D$28 -> 0.706 | D46: =E45 -> 1890 | E46: =D46*C46 -> 1334.34
A47: Total por Monitor | E47: =E45+E46 -> 3224.34
A48: Total | B48: profissional | C48: 1 | D48: =E47 -> 3224.34 | E48: =C48*D48 -> 3224.34
D49: Fator de utilização | E49: =B38 -> 0.6 | F49: =E48*E49 -> 1934.604
A50: 1.2. Motorista
A51: Discriminação | B51: Unidade | C51: Quantidade | D51: Custo unitário | E51: Subtotal | F51: Total (R$)
A52: Piso da categoria | B52: mês | C52: 1 | D52: 2708.55 | E52: =C52*D52 -> 2708.55
A53: Sacola econômica | B53: unidade | C53: 1 | D53: 208 | E53: =C53*D53 -> 208
A54: Soma | E54: =SUM(E52:E53) -> 2916.55
A55: Encargos Sociais | B55: % | C55: ='2.Encargos Sociais'!$D$28 -> 0.706 | D55: =E54 -> 2916.55 | E55: =D55*C55 -> 2059.0843
A56: Total por Motorista | E56: =E54+E55 -> 4975.6343
A57: Total | B57: profissional | C57: 1 | D57: =E56 -> 4975.6343 | E57: =C57*D57 -> 4975.6343
C58: Fator de utilização | E58: =B38 -> 0.6 | F58: =E57*E58 -> 2985.3806
A60: Custo Mensal com Mão-de-obra (R$/mês) | F60: =+F58+F49 -> 4919.9846
A63: 2. Veículos
A64: 2.1. Veículo: micro-ônibus 24 lugares
A65: 2.1.1. Depreciação
A66: Discriminação | B66: Unidade | C66: Quantidade | D66: Custo unitário | E66: Subtotal | F66: Total (R$)
A67: Custo de aquisição | B67: unidade | C67: 1 | D67: =IF(B4=16,'1.Notas Explicativas'!C3,IF(B4=24,'1.Notas Explicativas'!D3,IF(B4=32,'1.Notas Explicativas'!E3,IF(B4=44,'1.Notas Explicativas'!F3)))) -> 304458.6 | E67: =C67*D67 -> 304458.6
A68: Vida útil | B68: anos | C68: 15
A69: Idade do veículo | B69: anos | C69: 1
A70: Valor depreciável | B70: % | C70: 70.73 | D70: =E67 -> 304458.6 | E70: =C70*D70/100 -> 215343.57
A71: Depreciação mensal veículos | B71: mês | C71: =C68*12 -> 180 | D71: =IF(C69<=C68,E70,0) -> 215343.57 | E71: =IFERROR(D71/C71,0) -> 1196.3532
A72: Total por veículo | E72: =E71 -> 1196.3532
A73: Total da frota | B73: unidade | C73: 1 | D73: =E72 -> 1196.3532 | E73: =C73*D73 -> 1196.3532
C74: Fator de utilização | E74: =$B$38 -> 0.6 | F74: =E73*E74 -> 717.81189
A76: 2.1.2. Remuneração do Capital
A77: Discriminação | B77: Unidade | C77: Quantidade | D77: Custo unitário | E77: Subtotal | F77: Total (R$)
A78: Custo do chassis | B78: unidade | C78: 1 | D78: =D67 -> 304458.6 | E78: =C78*D78 -> 304458.6
A79: Taxa de juros anual nominal | B79: % | C79: 11.25
A80: Valor do veículo proposto (V0) | B80: R$ | C80: =IFERROR(IF(C69<=C68,E67-(C70/(100*C68)*C69)*E67,E67-E70),0) -> 290102.36
A81: Investimento médio total do chassis | B81: R$ | C81: =IFERROR(IF(C69>=C68,C80,((((C80)-(E67-E70))*(((C68-C69)+1)/(2*(C68-C69))))+(E67-E70))),0) -> 196786.82
A82: Remuneração mensal de capital do chassis | B82: R$ | D82: =C79*C81/12/100 -> 1844.8764 | E82: =D82 -> 1844.8764
A83: Total por veículo | E83: =E82 -> 1844.8764
A84: Total por veículo | B84: unidade | C84: =C73 -> 1 | D84: =E83 -> 1844.8764 | E84: =C84*D84 -> 1844.8764
D85: Fator de utilização | E85: =$B$38 -> 0.6 | F85: =E84*E85 -> 1106.9258
A87: 2.1.3. Impostos e Seguros
A88: Discriminação | B88: Unidade | C88: Quantidade | D88: Custo unitário | E88: Subtotal | F88: Total (R$)
A89: IPVA | B89: unidade | C89: 0 | D89: 0 | E89: =C89*D89 -> 0
A90: Licenciamento, inspeção veicular e seguro | B90: unidade | C90: =C67 -> 1 | D90: 602.68 | E90: =C90*D90 -> 602.68
A91: Seguro contra terceiros | B91: unidade | C91: =C67 -> 1 | D91: 4357 | E91: =C91*D91 -> 4357
A92: Impostos e seguros mensais | B92: mês | C92: 12 | D92: =SUM(E89:E91) -> 4959.68 | E92: =D92/C92 -> 413.30667
D93: Fator de utilização | E93: =$B$38 -> 0.6 | F93: =E92*E93 -> 247.984
A95: 2.1.4. Consumos
A96: Quilometragem diária | B96: =F38 -> 29
A97: Dias uteis mês | B97: 20.5
A98: Quilometragem mensal | B98: =B96*B97 -> 594.5
A100: Discriminação | B100: Unidade | C100: Consumo | D100: Custo unitário | E100: Subtotal | F100: Total (R$)
A101: Custo de óleo diesel / km rodado | B101: km/l | C101: 3.1 | D101: 5.86
A102: Custo mensal com óleo diesel | B102: km | C102: =B98 -> 594.5 | D102: =IFERROR(+D101/C101,"-") -> 1.8903226 | E102: =IFERROR(C102*D102,"-") -> 1123.7968
A103: Custo de óleo do motor /10.000 km rodados | B103: l/10.000 km | C103: 11 | D103: 30.55
A104: Custo mensal com óleo do motor | B104: km | C104: =C102 -> 594.5 | D104: =+C103*D103/10000 -> 0.033605 | E104: =C104*D104 -> 19.978172
A105: Custo de óleo hidráulico / 10.000 km | B105: l/10.000 km | C105: 1 | D105: 82.33
A106: Custo mensal com óleo hidráulico | B106: km | C106: =B98 -> 594.5 | D106: =+C105*D105/10000 -> 0.008233 | E106: =C106*D106 -> 4.8945185
A107: Custo de graxa /10.000 km rodados | B107: kg/10.000 km | C107: 2 | D107: 16.7
A108: Custo mensal com graxa | B108: km | C108: =B98 -> 594.5 | D108: =+C107*D107/10000 -> 0.00334 | E108: =C108*D108 -> 1.98563
A109: Custo com consumos/km rodado | B109: R$/km rodado | D109: =IFERROR(D102+D104+#REF!+D106+D108,0) -> 0
F110: =SUM(E101:E108) -> 1150.6551
A112: 2.1.5. Manutenção
...

Sheet ITINERÁRIO 11
A1: ITINERÁRIO | B1: 11 - CIRCULANDO SÃO VALENTIM (SUL-NORTE) / TUIUTY
A2: TIPO | B2: RURAL
A3: LOCAL | B3: DISTRITO TUIUTY
A4: VEÍCULO | B4: 24 | E4: LUGARES
A5: TEMPO TOTAL DE OPERAÇÃO ESTIMADO | B5: 0.20486111
A6: QUILOMETRAGEM ESTIMADA | B6: 65
A8: Planilha de Composição de Custos
A9: Orçamento Sintético
A10: Descrição do Item | E10: Custo (R$/mês) | F10: %
A11: =+A40 -> 1. Mão-de-obra | E11: =+F60 -> 4919.9846 | F11: =IFERROR(E11/$E$23,0) -> 0.29438871
A12: =A41 -> 1.1. Monitor | E12: =F49 -> 1934.604 | F12: =IFERROR(E12/$E$23,0) -> 0.11575759
A13: =A50 -> 1.2. Motorista | E13: =F58 -> 2985.3806 | F13: =IFERROR(E13/$E$23,0) -> 0.17863112
A14: =+A63 -> 2. Veículos | E14: =+F127 -> 7870.881 | F14: =IFERROR(E14/$E$23,0) -> 0.47095646
A15: =A64 -> 2.1. Veículo: micro-ônibus 24 lugares | E15: =SUM(E16:E21) -> 7870.881 | F15: =IFERROR(E15/$E$23,0) -> 0.47095646
A16: =A65 -> 2.1.1. Depreciação | E16: =F74 -> 1291.1762 | F16: =IFERROR(E16/$E$23,0) -> 0.077257901
A17: =A76 -> 2.1.2. Remuneração do Capital | E17: =F85 -> 1991.1014 | F17: =IFERROR(E17/$E$23,0) -> 0.11913813
A18: =A87 -> 2.1.3. Impostos e Seguros | E18: =F93 -> 247.984 | F18: =IFERROR(E18/$E$23,0) -> 0.014838195
A19: =A95 -> 2.1.4. Consumos | E19: =F110 -> 2579.0545 | F19: =IFERROR(E19/$E$23,0) -> 0.15431848
A20: =A112 -> 2.1.5. Manutenção | E20: =F115 -> 1305.85 | F20: =IFERROR(E20/$E$23,0) -> 0.078135915
A21: =A117 -> 2.1.6. Pneus | E21: =F124 -> 455.715 | F21: =IFERROR(E21/$E$23,0) -> 0.02726784
A22: =+A132 -> 3. Benefícios e Despesas Indiretas - BDI | E22: =+F138 -> 3921.6794 | F22: =IFERROR(E22/$E$23,0) -> 0.23465483
A23: Custo transporte | E23: =E11+E14+E22 -> 16712.545 | F23: =F11+F14+F22 -> 1
A24: Custo km rodado | E24: =E23/B98 -> 12.542248
A25: Adicional km rural | E25: =IF(B2="RURAL",0.08,IF(B2="URBANO",0)) -> 0.08 | F25: =E24*E25 -> 1.0033798
A26: Valor pago Km | E26: =E24+F25 -> 13.545627
A27: Valor pago mês | E27: =F142 -> 18049.549
A29: Quantitativos
A30: Mão-de-obra | E30: Quantidade
A31: =A41 -> 1.1. Monitor | E31: 1
A32: =+A50 -> 1.2. Motorista | E32: 1
A33: Total de mão-de-obra (postos de trabalho) | E33: =SUM(E31:E32) -> 2
A34: Veículos e Equipamentos | E34: Quantidade
A35: =+A64 -> 2.1. Veículo: micro-ônibus 24 lugares | E35: 1
A36: Total de veículos | E36: =SUM(E35) -> 1
A38: Fator de utilização (FU) | B38: 0.6 | C38: Quilometragem diária estimada (km) | F38: =B6 -> 65
A40: 1. Mão-de-obra
A41: 1.1. Monitor
A42: Discriminação | B42: Unidade | C42: Quantidade | D42: Custo unitário | E42: Subtotal | F42: Total (R$)
A43: Piso da categoria | B43: mês | C43: 1 | D43: 1682 | E43: =C43*D43 -> 1682
A44: Sacola econômica | B44: unidade | C44: 1 | D44: 208 | E44: =C44*D44 -> 208
A45: Soma | E45: =SUM(E43:E44) -> 1890
A46: Encargos Sociais | B46: % | C46: ='2.Encargos Sociais'!$D$28 -> 0.706 | D46: =E45 -> 1890 | E46: =D46*C46 -> 1334.34
A47: Total por Monitor | E47: =E45+E46 -> 3224.34
A48: Total | B48: profissional | C48: 1 | D48: =E47 -> 3224.34 | E48: =C48*D48 -> 3224.34
D49: Fator de utilização | E49: =B38 -> 0.6 | F49: =E48*E49 -> 1934.604
A50: 1.2. Motorista
A51: Discriminação | B51: Unidade | C51: Quantidade | D51: Custo unitário | E51: Subtotal | F51: Total (R$)
A52: Piso da categoria | B52: mês | C52: 1 | D52: 2708.55 | E52: =C52*D52 -> 2708.55
A53: Sacola econômica | B53: unidade | C53: 1 | D53: 208 | E53: =C53*D53 -> 208
A54: Soma | E54: =SUM(E52:E53) -> 2916.55
A55: Encargos Sociais | B55: % | C55: ='2.Encargos Sociais'!$D$28 -> 0.706 | D55: =E54 -> 2916.55 | E55: =D55*C55 -> 2059.0843
A56: Total por Motorista | E56: =E54+E55 -> 4975.6343
A57: Total | B57: profissional | C57: 1 | D57: =E56 -> 4975.6343 | E57: =C57*D57 -> 4975.6343
C58: Fator de utilização | E58: =B38 -> 0.6 | F58: =E57*E58 -> 2985.3806
A60: Custo Mensal com Mão-de-obra (R$/mês) | F60: =+F58+F49 -> 4919.9846
A63: 2. Veículos
A64: 2.1. Veículo: micro-ônibus 24 lugares
A65: 2.1.1. Depreciação
A66: Discriminação | B66: Unidade | C66: Quantidade | D66: Custo unitário | E66: Subtotal | F66: Total (R$)
A67: Custo de aquisição | B67: unidade | C67: 1 | D67: =IF(B4=16,'1.Notas Explicativas'!C3,IF(B4=24,'1.Notas Explicativas'!D3,IF(B4=32,'1.Notas Explicativas'!E3,IF(B4=44,'1.Notas Explicativas'!F3)))) -> 547650 | E67: =C67*D67 -> 547650
A68: Vida útil | B68: anos | C68: 15
A69: Idade do veículo | B69: anos | C69: 1
A70: Valor depreciável | B70: % | C70: 70.73 | D70: =E67 -> 547650 | E70: =C70*D70/100 -> 387352.84
A71: Depreciação mensal veículos | B71: mês | C71: =C68*12 -> 180 | D71: =IF(C69<=C68,E70,0) -> 387352.84 | E71: =IFERROR(D71/C71,0) -> 2151.9603
A72: Total por veículo | E72: =E71 -> 2151.9603
A73: Total da frota | B73: unidade | C73: 1 | D73: =E72 -> 2151.9603 | E73: =C73*D73 -> 2151.9603
C74: Fator de utilização | E74: =$B$38 -> 0.6 | F74: =E73*E74 -> 1291.1762
A76: 2.1.2. Remuneração do Capital
A77: Discriminação | B77: Unidade | C77: Quantidade | D77: Custo unitário | E77: Subtotal | F77: Total (R$)
A78: Custo do chassis | B78: unidade | C78: 1 | D78: =D67 -> 547650 | E78: =C78*D78 -> 547650
A79: Taxa de juros anual nominal | B79: % | C79: 11.25
A80: Valor do veículo proposto (V0) | B80: R$ | C80: =IFERROR(IF(C69<=C68,E67-(C70/(100*C68)*C69)*E67,E67-E70),0) -> 521826.48
A81: Investimento médio total do chassis | B81: R$ | C81: =IFERROR(IF(C69>=C68,C80,((((C80)-(E67-E70))*(((C68-C69)+1)/(2*(C68-C69))))+(E67-E70))),0) -> 353973.58
A82: Remuneração mensal de capital do chassis | B82: R$ | D82: =C79*C81/12/100 -> 3318.5023 | E82: =D82 -> 3318.5023
A83: Total por veículo | E83: =E82 -> 3318.5023
A84: Total por veículo | B84: unidade | C84: =C73 -> 1 | D84: =E83 -> 3318.5023 | E84: =C84*D84 -> 3318.5023
D85: Fator de utilização | E85: =$B$38 -> 0.6 | F85: =E84*E85 -> 1991.1014
A87: 2.1.3. Impostos e Seguros
A88: Discriminação | B88: Unidade | C88: Quantidade | D88: Custo unitário | E88: Subtotal | F88: Total (R$)
A89: IPVA | B89: unidade | C89: 0 | D89: 0 | E89: =C89*D89 -> 0
A90: Licenciamento, inspeção veicular e seguro | B90: unidade | C90: =C67 -> 1 | D90: 602.68 | E90: =C90*D90 -> 602.68
A91: Seguro contra terceiros | B91: unidade | C91: =C67 -> 1 | D91: 4357 | E91: =C91*D91 -> 4357
A92: Impostos e seguros mensais | B92: mês | C92: 12 | D92: =SUM(E89:E91) -> 4959.68 | E92: =D92/C92 -> 413.30667
D93: Fator de utilização | E93: =$B$38 -> 0.6 | F93: =E92*E93 -> 247.984
A95: 2.1.4. Consumos
A96: Quilometragem diária | B96: =F38 -> 65
A97: Dias uteis mês | B97: 20.5
A98: Quilometragem mensal | B98: =B96*B97 -> 1332.5
A100: Discriminação | B100: Unidade | C100: Consumo | D100: Custo unitário | E100: Subtotal | F100: Total (R$)
A101: Custo de óleo diesel / km rodado | B101: km/l | C101: 3.1 | D101: 5.86
A102: Custo mensal com óleo diesel | B102: km | C102: =B98 -> 1332.5 | D102: =IFERROR(+D101/C101,"-") -> 1.8903226 | E102: =IFERROR(C102*D102,"-") -> 2518.8548
A103: Custo de óleo do motor /10.000 km rodados | B103: l/10.000 km | C103: 11 | D103: 30.55
A104: Custo mensal com óleo do motor | B104: km | C104: =C102 -> 1332.5 | D104: =+C103*D103/10000 -> 0.033605 | E104: =C104*D104 -> 44.778663
A105: Custo de óleo hidráulico / 10.000 km | B105: l/10.000 km | C105: 1 | D105: 82.33
A106: Custo mensal com óleo hidráulico | B106: km | C106: =B98 -> 1332.5 | D106: =+C105*D105/10000 -> 0.008233 | E106: =C106*D106 -> 10.970472
A107: Custo de graxa /10.000 km rodados | B107: kg/10.000 km | C107: 2 | D107: 16.7
A108: Custo mensal com graxa | B108: km | C108: =B98 -> 1332.5 | D108: =+C107*D107/10000 -> 0.00334 | E108: =C108*D108 -> 4.45055
A109: Custo com consumos/km rodado | B109: R$/km rodado | D109: =IFERROR(D102+D104+#REF!+D106+D108,0) -> 0
F110: =SUM(E101:E108) -> 2579.0545
A112: 2.1.5. Manutenção
...

Sheet ITINERÁRIO 12
A1: ITINERÁRIO | B1: 12 - TUIUTY / DONA ISABEL / POR DENTRO
A2: TIPO | B2: RURAL
A3: LOCAL | B3: DISTRITO TUIUTY
A4: VEÍCULO | B4: 24 | E4: LUGARES
A5: TEMPO TOTAL DE OPERAÇÃO ESTIMADO | B5: 0.22222222
A6: QUILOMETRAGEM ESTIMADA | B6: 22
A8: Planilha de Composição de Custos
A9: Orçamento Sintético
A10: Descrição do Item | E10: Custo (R$/mês) | F10: %
A11: =+A40 -> 1. Mão-de-obra | E11: =+F60 -> 4919.9846 | F11: =IFERROR(E11/$E$23,0) -> 0.3796091
A12: =A41 -> 1.1. Monitor | E12: =F49 -> 1934.604 | F12: =IFERROR(E12/$E$23,0) -> 0.14926739
A13: =A50 -> 1.2. Motorista | E13: =F58 -> 2985.3806 | F13: =IFERROR(E13/$E$23,0) -> 0.2303417
A14: =+A63 -> 2. Veículos | E14: =+F127 -> 4999.3943 | F14: =IFERROR(E14/$E$23,0) -> 0.38573608
A15: =A64 -> 2.1. Veículo: micro-ônibus 24 lugares | E15: =SUM(E16:E21) -> 4999.3943 | F15: =IFERROR(E15/$E$23,0) -> 0.38573608
A16: =A65 -> 2.1.1. Depreciação | E16: =F74 -> 1291.1762 | F16: =IFERROR(E16/$E$23,0) -> 0.099622713
A17: =A76 -> 2.1.2. Remuneração do Capital | E17: =F85 -> 1991.1014 | F17: =IFERROR(E17/$E$23,0) -> 0.15362654
A18: =A87 -> 2.1.3. Impostos e Seguros | E18: =F93 -> 247.984 | F18: =IFERROR(E18/$E$23,0) -> 0.019133593
A19: =A95 -> 2.1.4. Consumos | E19: =F110 -> 872.91076 | F19: =IFERROR(E19/$E$23,0) -> 0.067350793
A20: =A112 -> 2.1.5. Manutenção | E20: =F115 -> 441.98 | F20: =IFERROR(E20/$E$23,0) -> 0.034101657
A21: =A117 -> 2.1.6. Pneus | E21: =F124 -> 154.242 | F21: =IFERROR(E21/$E$23,0) -> 0.011900782
A22: =+A132 -> 3. Benefícios e Despesas Indiretas - BDI | E22: =+F138 -> 3041.2816 | F22: =IFERROR(E22/$E$23,0) -> 0.23465483
A23: Custo transporte | E23: =E11+E14+E22 -> 12960.66 | F23: =F11+F14+F22 -> 1
A24: Custo km rodado | E24: =E23/B98 -> 28.737606
A25: Adicional km rural | E25: =IF(B2="RURAL",0.08,IF(B2="URBANO",0)) -> 0.08 | F25: =E24*E25 -> 2.2990085
A26: Valor pago Km | E26: =E24+F25 -> 31.036615
A27: Valor pago mês | E27: =F142 -> 13997.513
A29: Quantitativos
A30: Mão-de-obra | E30: Quantidade
A31: =A41 -> 1.1. Monitor | E31: 1
A32: =+A50 -> 1.2. Motorista | E32: 1
A33: Total de mão-de-obra (postos de trabalho) | E33: =SUM(E31:E32) -> 2
A34: Veículos e Equipamentos | E34: Quantidade
A35: =+A64 -> 2.1. Veículo: micro-ônibus 24 lugares | E35: 1
A36: Total de veículos | E36: =SUM(E35) -> 1
A38: Fator de utilização (FU) | B38: 0.6 | C38: Quilometragem diária estimada (km) | F38: =B6 -> 22
A40: 1. Mão-de-obra
A41: 1.1. Monitor
A42: Discriminação | B42: Unidade | C42: Quantidade | D42: Custo unitário | E42: Subtotal | F42: Total (R$)
A43: Piso da categoria | B43: mês | C43: 1 | D43: 1682 | E43: =C43*D43 -> 1682
A44: Sacola econômica | B44: unidade | C44: 1 | D44: 208 | E44: =C44*D44 -> 208
A45: Soma | E45: =SUM(E43:E44) -> 1890
A46: Encargos Sociais | B46: % | C46: ='2.Encargos Sociais'!$D$28 -> 0.706 | D46: =E45 -> 1890 | E46: =D46*C46 -> 1334.34
A47: Total por Monitor | E47: =E45+E46 -> 3224.34
A48: Total | B48: profissional | C48: 1 | D48: =E47 -> 3224.34 | E48: =C48*D48 -> 3224.34
D49: Fator de utilização | E49: =B38 -> 0.6 | F49: =E48*E49 -> 1934.604
A50: 1.2. Motorista
A51: Discriminação | B51: Unidade | C51: Quantidade | D51: Custo unitário | E51: Subtotal | F51: Total (R$)
A52: Piso da categoria | B52: mês | C52: 1 | D52: 2708.55 | E52: =C52*D52 -> 2708.55
A53: Sacola econômica | B53: unidade | C53: 1 | D53: 208 | E53: =C53*D53 -> 208
A54: Soma | E54: =SUM(E52:E53) -> 2916.55
A55: Encargos Sociais | B55: % | C55: ='2.Encargos Sociais'!$D$28 -> 0.706 | D55: =E54 -> 2916.55 | E55: =D55*C55 -> 2059.0843
A56: Total por Motorista | E56: =E54+E55 -> 4975.6343
A57: Total | B57: profissional | C57: 1 | D57: =E56 -> 4975.6343 | E57: =C57*D57 -> 4975.6343
C58: Fator de utilização | E58: =B38 -> 0.6 | F58: =E57*E58 -> 2985.3806
A60: Custo Mensal com Mão-de-obra (R$/mês) | F60: =+F58+F49 -> 4919.9846
A63: 2. Veículos
A64: 2.1. Veículo: micro-ônibus 24 lugares
A65: 2.1.1. Depreciação
A66: Discriminação | B66: Unidade | C66: Quantidade | D66: Custo unitário | E66: Subtotal | F66: Total (R$)
A67: Custo de aquisição | B67: unidade | C67: 1 | D67: =IF(B4=16,'1.Notas Explicativas'!C3,IF(B4=24,'1.Notas Explicativas'!D3,IF(B4=32,'1.Notas Explicativas'!E3,IF(B4=44,'1.Notas Explicativas'!F3)))) -> 547650 | E67: =C67*D67 -> 547650
A68: Vida útil | B68: anos | C68: 15
A69: Idade do veículo | B69: anos | C69: 1
A70: Valor depreciável | B70: % | C70: 70.73 | D70: =E67 -> 547650 | E70: =C70*D70/100 -> 387352.84
A71: Depreciação mensal veículos | B71: mês | C71: =C68*12 -> 180 | D71: =IF(C69<=C68,E70,0) -> 387352.84 | E71: =IFERROR(D71/C71,0) -> 2151.9603
A72: Total por veículo | E72: =E71 -> 2151.9603
A73: Total da frota | B73: unidade | C73: 1 | D73: =E72 -> 2151.9603 | E73: =C73*D73 -> 2151.9603
C74: Fator de utilização | E74: =$B$38 -> 0.6 | F74: =E73*E74 -> 1291.1762
A76: 2.1.2. Remuneração do Capital
A77: Discriminação | B77: Unidade | C77: Quantidade | D77: Custo unitário | E77: Subtotal | F77: Total (R$)
A78: Custo do chassis | B78: unidade | C78: 1 | D78: =D67 -> 547650 | E78: =C78*D78 -> 547650
A79: Taxa de juros anual nominal | B79: % | C79: 11.25
A80: Valor do veículo proposto (V0) | B80: R$ | C80: =IFERROR(IF(C69<=C68,E67-(C70/(100*C68)*C69)*E67,E67-E70),0) -> 521826.48
A81: Investimento médio total do chassis | B81: R$ | C81: =IFERROR(IF(C69>=C68,C80,((((C80)-(E67-E70))*(((C68-C69)+1)/(2*(C68-C69))))+(E67-E70))),0) -> 353973.58
A82: Remuneração mensal de capital do chassis | B82: R$ | D82: =C79*C81/12/100 -> 3318.5023 | E82: =D82 -> 3318.5023
A83: Total por veículo | E83: =E82 -> 3318.5023
A84: Total por veículo | B84: unidade | C84: =C73 -> 1 | D84: =E83 -> 3318.5023 | E84: =C84*D84 -> 3318.5023
D85: Fator de utilização | E85: =$B$38 -> 0.6 | F85: =E84*E85 -> 1991.1014
A87: 2.1.3. Impostos e Seguros
A88: Discriminação | B88: Unidade | C88: Quantidade | D88: Custo unitário | E88: Subtotal | F88: Total (R$)
A89: IPVA | B89: unidade | C89: 0 | D89: 0 | E89: =C89*D89 -> 0
A90: Licenciamento, inspeção veicular e seguro | B90: unidade | C90: =C67 -> 1 | D90: 602.68 | E90: =C90*D90 -> 602.68
A91: Seguro contra terceiros | B91: unidade | C91: =C67 -> 1 | D91: 4357 | E91: =C91*D91 -> 4357
A92: Impostos e seguros mensais | B92: mês | C92: 12 | D92: =SUM(E89:E91) -> 4959.68 | E92: =D92/C92 -> 413.30667
D93: Fator de utilização | E93: =$B$38 -> 0.6 | F93: =E92*E93 -> 247.984
A95: 2.1.4. Consumos
A96: Quilometragem diária | B96: =F38 -> 22
A97: Dias uteis mês | B97: 20.5
A98: Quilometragem mensal | B98: =B96*B97 -> 451
A100: Discriminação | B100: Unidade | C100: Consumo | D100: Custo unitário | E100: Subtotal | F100: Total (R$)
A101: Custo de óleo diesel / km rodado | B101: km/l | C101: 3.1 | D101: 5.86
A102: Custo mensal com óleo diesel | B102: km | C102: =B98 -> 451 | D102: =IFERROR(+D101/C101,"-") -> 1.8903226 | E102: =IFERROR(C102*D102,"-") -> 852.53548
A103: Custo de óleo do motor /10.000 km rodados | B103: l/10.000 km | C103: 11 | D103: 30.55
A104: Custo mensal com óleo do motor | B104: km | C104: =C102 -> 451 | D104: =+C103*D103/10000 -> 0.033605 | E104: =C104*D104 -> 15.155855
A105: Custo de óleo hidráulico / 10.000 km | B105: l/10.000 km | C105: 1 | D105: 82.33
A106: Custo mensal com óleo hidráulico | B106: km | C106: =B98 -> 451 | D106: =+C105*D105/10000 -> 0.008233 | E106: =C106*D106 -> 3.713083
A107: Custo de graxa /10.000 km rodados | B107: kg/10.000 km | C107: 2 | D107: 16.7
A108: Custo mensal com graxa | B108: km | C108: =B98 -> 451 | D108: =+C107*D107/10000 -> 0.00334 | E108: =C108*D108 -> 1.50634
A109: Custo com consumos/km rodado | B109: R$/km rodado | D109: =IFERROR(D102+D104+#REF!+D106+D108,0) -> 0
F110: =SUM(E101:E108) -> 872.91076
A112: 2.1.5. Manutenção
...

Sheet ITINERÁRIO 13
A1: ITINERÁRIO | B1: 13 - TUIUTY / DONA ISABEL - BR 470
A2: TIPO | B2: RURAL
A3: LOCAL | B3: DISTRITO TUIUTY
A4: VEÍCULO | B4: 32 | E4: LUGARES
A5: TEMPO TOTAL DE OPERAÇÃO ESTIMADO | B5: 0.13888889
A6: QUILOMETRAGEM ESTIMADA | B6: 26
A8: Planilha de Composição de Custos
A9: Orçamento Sintético
A10: Descrição do Item | E10: Custo (R$/mês) | F10: %
A11: =+A40 -> 1. Mão-de-obra | E11: =+F60 -> 4919.9846 | F11: =IFERROR(E11/$E$23,0) -> 0.33949008
A12: =A41 -> 1.1. Monitor | E12: =F49 -> 1934.604 | F12: =IFERROR(E12/$E$23,0) -> 0.13349206
A13: =A50 -> 1.2. Motorista | E13: =F58 -> 2985.3806 | F13: =IFERROR(E13/$E$23,0) -> 0.20599802
A14: =+A63 -> 2. Veículos | E14: =+F127 -> 6171.6104 | F14: =IFERROR(E14/$E$23,0) -> 0.42585509
A15: =A64 -> 2.1. Veículo: micro-ônibus 24 lugares | E15: =SUM(E16:E21) -> 6171.6104 | F15: =IFERROR(E15/$E$23,0) -> 0.42585509
A16: =A65 -> 2.1.1. Depreciação | E16: =F74 -> 1647.2231 | F16: =IFERROR(E16/$E$23,0) -> 0.11366212
A17: =A76 -> 2.1.2. Remuneração do Capital | E17: =F85 -> 2540.1555 | F17: =IFERROR(E17/$E$23,0) -> 0.17527648
A18: =A87 -> 2.1.3. Impostos e Seguros | E18: =F93 -> 247.984 | F18: =IFERROR(E18/$E$23,0) -> 0.017111458
A19: =A95 -> 2.1.4. Consumos | E19: =F110 -> 1031.6218 | F19: =IFERROR(E19/$E$23,0) -> 0.071184241
A20: =A112 -> 2.1.5. Manutenção | E20: =F115 -> 522.34 | F20: =IFERROR(E20/$E$23,0) -> 0.036042643
A21: =A117 -> 2.1.6. Pneus | E21: =F124 -> 182.286 | F21: =IFERROR(E21/$E$23,0) -> 0.012578147
A22: =+A132 -> 3. Benefícios e Despesas Indiretas - BDI | E22: =+F138 -> 3400.683 | F22: =IFERROR(E22/$E$23,0) -> 0.23465483
A23: Custo transporte | E23: =E11+E14+E22 -> 14492.278 | F23: =F11+F14+F22 -> 1
A24: Custo km rodado | E24: =E23/B98 -> 27.190015
A25: Adicional km rural | E25: =IF(B2="RURAL",0.08,IF(B2="URBANO",0)) -> 0.08 | F25: =E24*E25 -> 2.1752012
A26: Valor pago Km | E26: =E24+F25 -> 29.365216
A27: Valor pago mês | E27: =F142 -> 15651.66
A29: Quantitativos
A30: Mão-de-obra | E30: Quantidade
A31: =A41 -> 1.1. Monitor | E31: 1
A32: =+A50 -> 1.2. Motorista | E32: 1
A33: Total de mão-de-obra (postos de trabalho) | E33: =SUM(E31:E32) -> 2
A34: Veículos e Equipamentos | E34: Quantidade
A35: =+A64 -> 2.1. Veículo: micro-ônibus 24 lugares | E35: 1
A36: Total de veículos | E36: =SUM(E35) -> 1
A38: Fator de utilização (FU) | B38: 0.6 | C38: Quilometragem diária estimada (km) | F38: =B6 -> 26
A40: 1. Mão-de-obra
A41: 1.1. Monitor
A42: Discriminação | B42: Unidade | C42: Quantidade | D42: Custo unitário | E42: Subtotal | F42: Total (R$)
A43: Piso da categoria | B43: mês | C43: 1 | D43: 1682 | E43: =C43*D43 -> 1682
A44: Sacola econômica | B44: unidade | C44: 1 | D44: 208 | E44: =C44*D44 -> 208
A45: Soma | E45: =SUM(E43:E44) -> 1890
A46: Encargos Sociais | B46: % | C46: ='2.Encargos Sociais'!$D$28 -> 0.706 | D46: =E45 -> 1890 | E46: =D46*C46 -> 1334.34
A47: Total por Monitor | E47: =E45+E46 -> 3224.34
A48: Total | B48: profissional | C48: 1 | D48: =E47 -> 3224.34 | E48: =C48*D48 -> 3224.34
D49: Fator de utilização | E49: =B38 -> 0.6 | F49: =E48*E49 -> 1934.604
A50: 1.2. Motorista
A51: Discriminação | B51: Unidade | C51: Quantidade | D51: Custo unitário | E51: Subtotal | F51: Total (R$)
A52: Piso da categoria | B52: mês | C52: 1 | D52: 2708.55 | E52: =C52*D52 -> 2708.55
A53: Sacola econômica | B53: unidade | C53: 1 | D53: 208 | E53: =C53*D53 -> 208
A54: Soma | E54: =SUM(E52:E53) -> 2916.55
A55: Encargos Sociais | B55: % | C55: ='2.Encargos Sociais'!$D$28 -> 0.706 | D55: =E54 -> 2916.55 | E55: =D55*C55 -> 2059.0843
A56: Total por Motorista | E56: =E54+E55 -> 4975.6343
A57: Total | B57: profissional | C57: 1 | D57: =E56 -> 4975.6343 | E57: =C57*D57 -> 4975.6343
C58: Fator de utilização | E58: =B38 -> 0.6 | F58: =E57*E58 -> 2985.3806
A60: Custo Mensal com Mão-de-obra (R$/mês) | F60: =+F58+F49 -> 4919.9846
A63: 2. Veículos
A64: 2.1. Veículo: micro-ônibus 24 lugares
A65: 2.1.1. Depreciação
A66: Discriminação | B66: Unidade | C66: Quantidade | D66: Custo unitário | E66: Subtotal | F66: Total (R$)
A67: Custo de aquisição | B67: unidade | C67: 1 | D67: =IF(B4=16,'1.Notas Explicativas'!C3,IF(B4=24,'1.Notas Explicativas'!D3,IF(B4=32,'1.Notas Explicativas'!E3,IF(B4=44,'1.Notas Explicativas'!F3)))) -> 698666.67 | E67: =C67*D67 -> 698666.67
A68: Vida útil | B68: anos | C68: 15
A69: Idade do veículo | B69: anos | C69: 1
A70: Valor depreciável | B70: % | C70: 70.73 | D70: =E67 -> 698666.67 | E70: =C70*D70/100 -> 494166.94
A71: Depreciação mensal veículos | B71: mês | C71: =C68*12 -> 180 | D71: =IF(C69<=C68,E70,0) -> 494166.94 | E71: =IFERROR(D71/C71,0) -> 2745.3719
A72: Total por veículo | E72: =E71 -> 2745.3719
A73: Total da frota | B73: unidade | C73: 1 | D73: =E72 -> 2745.3719 | E73: =C73*D73 -> 2745.3719
C74: Fator de utilização | E74: =$B$38 -> 0.6 | F74: =E73*E74 -> 1647.2231
A76: 2.1.2. Remuneração do Capital
A77: Discriminação | B77: Unidade | C77: Quantidade | D77: Custo unitário | E77: Subtotal | F77: Total (R$)
A78: Custo do chassis | B78: unidade | C78: 1 | D78: =D67 -> 698666.67 | E78: =C78*D78 -> 698666.67
A79: Taxa de juros anual nominal | B79: % | C79: 11.25
A80: Valor do veículo proposto (V0) | B80: R$ | C80: =IFERROR(IF(C69<=C68,E67-(C70/(100*C68)*C69)*E67,E67-E70),0) -> 665722.21
A81: Investimento médio total do chassis | B81: R$ | C81: =IFERROR(IF(C69>=C68,C80,((((C80)-(E67-E70))*(((C68-C69)+1)/(2*(C68-C69))))+(E67-E70))),0) -> 451583.2
A82: Remuneração mensal de capital do chassis | B82: R$ | D82: =C79*C81/12/100 -> 4233.5925 | E82: =D82 -> 4233.5925
A83: Total por veículo | E83: =E82 -> 4233.5925
A84: Total por veículo | B84: unidade | C84: =C73 -> 1 | D84: =E83 -> 4233.5925 | E84: =C84*D84 -> 4233.5925
D85: Fator de utilização | E85: =$B$38 -> 0.6 | F85: =E84*E85 -> 2540.1555
A87: 2.1.3. Impostos e Seguros
A88: Discriminação | B88: Unidade | C88: Quantidade | D88: Custo unitário | E88: Subtotal | F88: Total (R$)
A89: IPVA | B89: unidade | C89: 0 | D89: 0 | E89: =C89*D89 -> 0
A90: Licenciamento, inspeção veicular e seguro | B90: unidade | C90: =C67 -> 1 | D90: 602.68 | E90: =C90*D90 -> 602.68
A91: Seguro contra terceiros | B91: unidade | C91: =C67 -> 1 | D91: 4357 | E91: =C91*D91 -> 4357
A92: Impostos e seguros mensais | B92: mês | C92: 12 | D92: =SUM(E89:E91) -> 4959.68 | E92: =D92/C92 -> 413.30667
D93: Fator de utilização | E93: =$B$38 -> 0.6 | F93: =E92*E93 -> 247.984
A95: 2.1.4. Consumos
A96: Quilometragem diária | B96: =F38 -> 26
A97: Dias uteis mês | B97: 20.5
A98: Quilometragem mensal | B98: =B96*B97 -> 533
A100: Discriminação | B100: Unidade | C100: Consumo | D100: Custo unitário | E100: Subtotal | F100: Total (R$)
A101: Custo de óleo diesel / km rodado | B101: km/l | C101: 3.1 | D101: 5.86
A102: Custo mensal com óleo diesel | B102: km | C102: =B98 -> 533 | D102: =IFERROR(+D101/C101,"-") -> 1.8903226 | E102: =IFERROR(C102*D102,"-") -> 1007.5419
A103: Custo de óleo do motor /10.000 km rodados | B103: l/10.000 km | C103: 11 | D103: 30.55
A104: Custo mensal com óleo do motor | B104: km | C104: =C102 -> 533 | D104: =+C103*D103/10000 -> 0.033605 | E104: =C104*D104 -> 17.911465
A105: Custo de óleo hidráulico / 10.000 km | B105: l/10.000 km | C105: 1 | D105: 82.33
A106: Custo mensal com óleo hidráulico | B106: km | C106: =B98 -> 533 | D106: =+C105*D105/10000 -> 0.008233 | E106: =C106*D106 -> 4.388189
A107: Custo de graxa /10.000 km rodados | B107: kg/10.000 km | C107: 2 | D107: 16.7
A108: Custo mensal com graxa | B108: km | C108: =B98 -> 533 | D108: =+C107*D107/10000 -> 0.00334 | E108: =C108*D108 -> 1.78022
A109: Custo com consumos/km rodado | B109: R$/km rodado | D109: =IFERROR(D102+D104+#REF!+D106+D108,0) -> 0
F110: =SUM(E101:E108) -> 1031.6218
A112: 2.1.5. Manutenção
...

Sheet ITINERÁRIO 14
A1: ITINERÁRIO | B1: 14 - SÃO ROQUE / SÃO VALENTIM
A2: TIPO | B2: URBANO
A3: LOCAL | B3: DISTRITO SEDE
A4: VEÍCULO | B4: 32 | E4: LUGARES
A5: TEMPO TOTAL DE OPERAÇÃO ESTIMADO | B5: 0.22222222
A6: QUILOMETRAGEM ESTIMADA | B6: 18
A8: Planilha de Composição de Custos
A9: Orçamento Sintético
A10: Descrição do Item | E10: Custo (R$/mês) | F10: %
A11: =+A40 -> 1. Mão-de-obra | E11: =+F60 -> 4919.9846 | F11: =IFERROR(E11/$E$23,0) -> 0.35666916
A12: =A41 -> 1.1. Monitor | E12: =F49 -> 1934.604 | F12: =IFERROR(E12/$E$23,0) -> 0.1402471
A13: =A50 -> 1.2. Motorista | E13: =F58 -> 2985.3806 | F13: =IFERROR(E13/$E$23,0) -> 0.21642205
A14: =+A63 -> 2. Veículos | E14: =+F127 -> 5637.3803 | F14: =IFERROR(E14/$E$23,0) -> 0.40867601
A15: =A64 -> 2.1. Veículo: micro-ônibus 24 lugares | E15: =SUM(E16:E21) -> 5637.3803 | F15: =IFERROR(E15/$E$23,0) -> 0.40867601
A16: =A65 -> 2.1.1. Depreciação | E16: =F74 -> 1647.2231 | F16: =IFERROR(E16/$E$23,0) -> 0.11941372
A17: =A76 -> 2.1.2. Remuneração do Capital | E17: =F85 -> 2540.1555 | F17: =IFERROR(E17/$E$23,0) -> 0.18414593
A18: =A87 -> 2.1.3. Impostos e Seguros | E18: =F93 -> 247.984 | F18: =IFERROR(E18/$E$23,0) -> 0.017977342
A19: =A95 -> 2.1.4. Consumos | E19: =F110 -> 714.19971 | F19: =IFERROR(E19/$E$23,0) -> 0.051775164
A20: =A112 -> 2.1.5. Manutenção | E20: =F115 -> 361.62 | F20: =IFERROR(E20/$E$23,0) -> 0.026215265
A21: =A117 -> 2.1.6. Pneus | E21: =F124 -> 126.198 | F21: =IFERROR(E21/$E$23,0) -> 0.0091485925
A22: =+A132 -> 3. Benefícios e Despesas Indiretas - BDI | E22: =+F138 -> 3236.8881 | F22: =IFERROR(E22/$E$23,0) -> 0.23465483
A23: Custo transporte | E23: =E11+E14+E22 -> 13794.253 | F23: =F11+F14+F22 -> 1
A24: Custo km rodado | E24: =E23/B98 -> 37.382799
A25: Adicional km rural | E25: =IF(B2="RURAL",0.08,IF(B2="URBANO",0)) -> 0 | F25: =E24*E25 -> 0
A26: Valor pago Km | E26: =E24+F25 -> 37.382799
A27: Valor pago mês | E27: =F142 -> 13794.253
A29: Quantitativos
A30: Mão-de-obra | E30: Quantidade
A31: =A41 -> 1.1. Monitor | E31: 1
A32: =+A50 -> 1.2. Motorista | E32: 1
A33: Total de mão-de-obra (postos de trabalho) | E33: =SUM(E31:E32) -> 2
A34: Veículos e Equipamentos | E34: Quantidade
A35: =+A64 -> 2.1. Veículo: micro-ônibus 24 lugares | E35: 1
A36: Total de veículos | E36: =SUM(E35) -> 1
A38: Fator de utilização (FU) | B38: 0.6 | C38: Quilometragem diária estimada (km) | F38: =B6 -> 18
A40: 1. Mão-de-obra
A41: 1.1. Monitor
A42: Discriminação | B42: Unidade | C42: Quantidade | D42: Custo unitário | E42: Subtotal | F42: Total (R$)
A43: Piso da categoria | B43: mês | C43: 1 | D43: 1682 | E43: =C43*D43 -> 1682
A44: Sacola econômica | B44: unidade | C44: 1 | D44: 208 | E44: =C44*D44 -> 208
A45: Soma | E45: =SUM(E43:E44) -> 1890
A46: Encargos Sociais | B46: % | C46: ='2.Encargos Sociais'!$D$28 -> 0.706 | D46: =E45 -> 1890 | E46: =D46*C46 -> 1334.34
A47: Total por Monitor | E47: =E45+E46 -> 3224.34
A48: Total | B48: profissional | C48: 1 | D48: =E47 -> 3224.34 | E48: =C48*D48 -> 3224.34
D49: Fator de utilização | E49: =B38 -> 0.6 | F49: =E48*E49 -> 1934.604
A50: 1.2. Motorista
A51: Discriminação | B51: Unidade | C51: Quantidade | D51: Custo unitário | E51: Subtotal | F51: Total (R$)
A52: Piso da categoria | B52: mês | C52: 1 | D52: 2708.55 | E52: =C52*D52 -> 2708.55
A53: Sacola econômica | B53: unidade | C53: 1 | D53: 208 | E53: =C53*D53 -> 208
A54: Soma | E54: =SUM(E52:E53) -> 2916.55
A55: Encargos Sociais | B55: % | C55: ='2.Encargos Sociais'!$D$28 -> 0.706 | D55: =E54 -> 2916.55 | E55: =D55*C55 -> 2059.0843
A56: Total por Motorista | E56: =E54+E55 -> 4975.6343
A57: Total | B57: profissional | C57: 1 | D57: =E56 -> 4975.6343 | E57: =C57*D57 -> 4975.6343
C58: Fator de utilização | E58: =B38 -> 0.6 | F58: =E57*E58 -> 2985.3806
A60: Custo Mensal com Mão-de-obra (R$/mês) | F60: =+F58+F49 -> 4919.9846
A63: 2. Veículos
A64: 2.1. Veículo: micro-ônibus 24 lugares
A65: 2.1.1. Depreciação
A66: Discriminação | B66: Unidade | C66: Quantidade | D66: Custo unitário | E66: Subtotal | F66: Total (R$)
A67: Custo de aquisição | B67: unidade | C67: 1 | D67: =IF(B4=16,'1.Notas Explicativas'!C3,IF(B4=24,'1.Notas Explicativas'!D3,IF(B4=32,'1.Notas Explicativas'!E3,IF(B4=44,'1.Notas Explicativas'!F3)))) -> 698666.67 | E67: =C67*D67 -> 698666.67
A68: Vida útil | B68: anos | C68: 15
A69: Idade do veículo | B69: anos | C69: 1
A70: Valor depreciável | B70: % | C70: 70.73 | D70: =E67 -> 698666.67 | E70: =C70*D70/100 -> 494166.94
A71: Depreciação mensal veículos | B71: mês | C71: =C68*12 -> 180 | D71: =IF(C69<=C68,E70,0) -> 494166.94 | E71: =IFERROR(D71/C71,0) -> 2745.3719
A72: Total por veículo | E72: =E71 -> 2745.3719
A73: Total da frota | B73: unidade | C73: 1 | D73: =E72 -> 2745.3719 | E73: =C73*D73 -> 2745.3719
C74: Fator de utilização | E74: =$B$38 -> 0.6 | F74: =E73*E74 -> 1647.2231
A76: 2.1.2. Remuneração do Capital
A77: Discriminação | B77: Unidade | C77: Quantidade | D77: Custo unitário | E77: Subtotal | F77: Total (R$)
A78: Custo do chassis | B78: unidade | C78: 1 | D78: =D67 -> 698666.67 | E78: =C78*D78 -> 698666.67
A79: Taxa de juros anual nominal | B79: % | C79: 11.25
A80: Valor do veículo proposto (V0) | B80: R$ | C80: =IFERROR(IF(C69<=C68,E67-(C70/(100*C68)*C69)*E67,E67-E70),0) -> 665722.21
A81: Investimento médio total do chassis | B81: R$ | C81: =IFERROR(IF(C69>=C68,C80,((((C80)-(E67-E70))*(((C68-C69)+1)/(2*(C68-C69))))+(E67-E70))),0) -> 451583.2
A82: Remuneração mensal de capital do chassis | B82: R$ | D82: =C79*C81/12/100 -> 4233.5925 | E82: =D82 -> 4233.5925
A83: Total por veículo | E83: =E82 -> 4233.5925
A84: Total por veículo | B84: unidade | C84: =C73 -> 1 | D84: =E83 -> 4233.5925 | E84: =C84*D84 -> 4233.5925
D85: Fator de utilização | E85: =$B$38 -> 0.6 | F85: =E84*E85 -> 2540.1555
A87: 2.1.3. Impostos e Seguros
A88: Discriminação | B88: Unidade | C88: Quantidade | D88: Custo unitário | E88: Subtotal | F88: Total (R$)
A89: IPVA | B89: unidade | C89: 0 | D89: 0 | E89: =C89*D89 -> 0
A90: Licenciamento, inspeção veicular e seguro | B90: unidade | C90: =C67 -> 1 | D90: 602.68 | E90: =C90*D90 -> 602.68
A91: Seguro contra terceiros | B91: unidade | C91: =C67 -> 1 | D91: 4357 | E91: =C91*D91 -> 4357
A92: Impostos e seguros mensais | B92: mês | C92: 12 | D92: =SUM(E89:E91) -> 4959.68 | E92: =D92/C92 -> 413.30667
D93: Fator de utilização | E93: =$B$38 -> 0.6 | F93: =E92*E93 -> 247.984
A95: 2.1.4. Consumos
A96: Quilometragem diária | B96: =F38 -> 18
A97: Dias uteis mês | B97: 20.5
A98: Quilometragem mensal | B98: =B96*B97 -> 369
A100: Discriminação | B100: Unidade | C100: Consumo | D100: Custo unitário | E100: Subtotal | F100: Total (R$)
A101: Custo de óleo diesel / km rodado | B101: km/l | C101: 3.1 | D101: 5.86
A102: Custo mensal com óleo diesel | B102: km | C102: =B98 -> 369 | D102: =IFERROR(+D101/C101,"-") -> 1.8903226 | E102: =IFERROR(C102*D102,"-") -> 697.52903
A103: Custo de óleo do motor /10.000 km rodados | B103: l/10.000 km | C103: 11 | D103: 30.55
A104: Custo mensal com óleo do motor | B104: km | C104: =C102 -> 369 | D104: =+C103*D103/10000 -> 0.033605 | E104: =C104*D104 -> 12.400245
A105: Custo de óleo hidráulico / 10.000 km | B105: l/10.000 km | C105: 1 | D105: 82.33
A106: Custo mensal com óleo hidráulico | B106: km | C106: =B98 -> 369 | D106: =+C105*D105/10000 -> 0.008233 | E106: =C106*D106 -> 3.037977
A107: Custo de graxa /10.000 km rodados | B107: kg/10.000 km | C107: 2 | D107: 16.7
A108: Custo mensal com graxa | B108: km | C108: =B98 -> 369 | D108: =+C107*D107/10000 -> 0.00334 | E108: =C108*D108 -> 1.23246
A109: Custo com consumos/km rodado | B109: R$/km rodado | D109: =IFERROR(D102+D104+#REF!+D106+D108,0) -> 0
F110: =SUM(E101:E108) -> 714.19971
A112: 2.1.5. Manutenção
...

Sheet ITINERÁRIO 15
A1: ITINERÁRIO | B1: 15 - SÃO ROQUE / EMEF FLORIANO
A2: TIPO | B2: URBANO
A3: LOCAL | B3: DISTRITO SEDE
A4: VEÍCULO | B4: 44 | E4: LUGARES
A5: TEMPO TOTAL DE OPERAÇÃO ESTIMADO | B5: 0.15972222
A6: QUILOMETRAGEM ESTIMADA | B6: 18
A8: Planilha de Composição de Custos
A9: Orçamento Sintético
A10: Descrição do Item | E10: Custo (R$/mês) | F10: %
A11: =+A40 -> 1. Mão-de-obra | E11: =+F60 -> 4919.9846 | F11: =IFERROR(E11/$E$23,0) -> 0.34000756
A12: =A41 -> 1.1. Monitor | E12: =F49 -> 1934.604 | F12: =IFERROR(E12/$E$23,0) -> 0.13369554
A13: =A50 -> 1.2. Motorista | E13: =F58 -> 2985.3806 | F13: =IFERROR(E13/$E$23,0) -> 0.20631202
A14: =+A63 -> 2. Veículos | E14: =+F127 -> 6154.7294 | F14: =IFERROR(E14/$E$23,0) -> 0.42533761
A15: =A64 -> 2.1. Veículo: micro-ônibus 24 lugares | E15: =SUM(E16:E21) -> 6154.7294 | F15: =IFERROR(E15/$E$23,0) -> 0.42533761
A16: =A65 -> 2.1.1. Depreciação | E16: =F74 -> 1850.7369 | F16: =IFERROR(E16/$E$23,0) -> 0.1278997
A17: =A76 -> 2.1.2. Remuneração do Capital | E17: =F85 -> 2853.9908 | F17: =IFERROR(E17/$E$23,0) -> 0.19723201
A18: =A87 -> 2.1.3. Impostos e Seguros | E18: =F93 -> 247.984 | F18: =IFERROR(E18/$E$23,0) -> 0.01713754
A19: =A95 -> 2.1.4. Consumos | E19: =F110 -> 714.19971 | F19: =IFERROR(E19/$E$23,0) -> 0.049356517
A20: =A112 -> 2.1.5. Manutenção | E20: =F115 -> 361.62 | F20: =IFERROR(E20/$E$23,0) -> 0.024990634
A21: =A117 -> 2.1.6. Pneus | E21: =F124 -> 126.198 | F21: =IFERROR(E21/$E$23,0) -> 0.0087212212
A22: =+A132 -> 3. Benefícios e Despesas Indiretas - BDI | E22: =+F138 -> 3395.5073 | F22: =IFERROR(E22/$E$23,0) -> 0.23465483
A23: Custo transporte | E23: =E11+E14+E22 -> 14470.221 | F23: =F11+F14+F22 -> 1
A24: Custo km rodado | E24: =E23/B98 -> 39.214692
A25: Adicional km rural | E25: =IF(B2="RURAL",0.08,IF(B2="URBANO",0)) -> 0 | F25: =E24*E25 -> 0
A26: Valor pago Km | E26: =E24+F25 -> 39.214692
A27: Valor pago mês | E27: =F142 -> 14470.221
A29: Quantitativos
A30: Mão-de-obra | E30: Quantidade
A31: =A41 -> 1.1. Monitor | E31: 1
A32: =+A50 -> 1.2. Motorista | E32: 1
A33: Total de mão-de-obra (postos de trabalho) | E33: =SUM(E31:E32) -> 2
A34: Veículos e Equipamentos | E34: Quantidade
A35: =+A64 -> 2.1. Veículo: micro-ônibus 24 lugares | E35: 1
A36: Total de veículos | E36: =SUM(E35) -> 1
A38: Fator de utilização (FU) | B38: 0.6 | C38: Quilometragem diária estimada (km) | F38: =B6 -> 18
A40: 1. Mão-de-obra
A41: 1.1. Monitor
A42: Discriminação | B42: Unidade | C42: Quantidade | D42: Custo unitário | E42: Subtotal | F42: Total (R$)
A43: Piso da categoria | B43: mês | C43: 1 | D43: 1682 | E43: =C43*D43 -> 1682
A44: Sacola econômica | B44: unidade | C44: 1 | D44: 208 | E44: =C44*D44 -> 208
A45: Soma | E45: =SUM(E43:E44) -> 1890
A46: Encargos Sociais | B46: % | C46: ='2.Encargos Sociais'!$D$28 -> 0.706 | D46: =E45 -> 1890 | E46: =D46*C46 -> 1334.34
A47: Total por Monitor | E47: =E45+E46 -> 3224.34
A48: Total | B48: profissional | C48: 1 | D48: =E47 -> 3224.34 | E48: =C48*D48 -> 3224.34
D49: Fator de utilização | E49: =B38 -> 0.6 | F49: =E48*E49 -> 1934.604
A50: 1.2. Motorista
A51: Discriminação | B51: Unidade | C51: Quantidade | D51: Custo unitário | E51: Subtotal | F51: Total (R$)
A52: Piso da categoria | B52: mês | C52: 1 | D52: 2708.55 | E52: =C52*D52 -> 2708.55
A53: Sacola econômica | B53: unidade | C53: 1 | D53: 208 | E53: =C53*D53 -> 208
A54: Soma | E54: =SUM(E52:E53) -> 2916.55
A55: Encargos Sociais | B55: % | C55: ='2.Encargos Sociais'!$D$28 -> 0.706 | D55: =E54 -> 2916.55 | E55: =D55*C55 -> 2059.0843
A56: Total por Motorista | E56: =E54+E55 -> 4975.6343
A57: Total | B57: profissional | C57: 1 | D57: =E56 -> 4975.6343 | E57: =C57*D57 -> 4975.6343
C58: Fator de utilização | E58: =B38 -> 0.6 | F58: =E57*E58 -> 2985.3806
A60: Custo Mensal com Mão-de-obra (R$/mês) | F60: =+F58+F49 -> 4919.9846
A63: 2. Veículos
A64: 2.1. Veículo: micro-ônibus 24 lugares
A65: 2.1.1. Depreciação
A66: Discriminação | B66: Unidade | C66: Quantidade | D66: Custo unitário | E66: Subtotal | F66: Total (R$)
A67: Custo de aquisição | B67: unidade | C67: 1 | D67: =IF(B4=16,'1.Notas Explicativas'!C3,IF(B4=24,'1.Notas Explicativas'!D3,IF(B4=32,'1.Notas Explicativas'!E3,IF(B4=44,'1.Notas Explicativas'!F3)))) -> 784986.67 | E67: =C67*D67 -> 784986.67
A68: Vida útil | B68: anos | C68: 15
A69: Idade do veículo | B69: anos | C69: 1
A70: Valor depreciável | B70: % | C70: 70.73 | D70: =E67 -> 784986.67 | E70: =C70*D70/100 -> 555221.07
A71: Depreciação mensal veículos | B71: mês | C71: =C68*12 -> 180 | D71: =IF(C69<=C68,E70,0) -> 555221.07 | E71: =IFERROR(D71/C71,0) -> 3084.5615
A72: Total por veículo | E72: =E71 -> 3084.5615
A73: Total da frota | B73: unidade | C73: 1 | D73: =E72 -> 3084.5615 | E73: =C73*D73 -> 3084.5615
C74: Fator de utilização | E74: =$B$38 -> 0.6 | F74: =E73*E74 -> 1850.7369
A76: 2.1.2. Remuneração do Capital
A77: Discriminação | B77: Unidade | C77: Quantidade | D77: Custo unitário | E77: Subtotal | F77: Total (R$)
A78: Custo do chassis | B78: unidade | C78: 1 | D78: =D67 -> 784986.67 | E78: =C78*D78 -> 784986.67
A79: Taxa de juros anual nominal | B79: % | C79: 11.25
A80: Valor do veículo proposto (V0) | B80: R$ | C80: =IFERROR(IF(C69<=C68,E67-(C70/(100*C68)*C69)*E67,E67-E70),0) -> 747971.93
A81: Investimento médio total do chassis | B81: R$ | C81: =IFERROR(IF(C69>=C68,C80,((((C80)-(E67-E70))*(((C68-C69)+1)/(2*(C68-C69))))+(E67-E70))),0) -> 507376.13
A82: Remuneração mensal de capital do chassis | B82: R$ | D82: =C79*C81/12/100 -> 4756.6513 | E82: =D82 -> 4756.6513
A83: Total por veículo | E83: =E82 -> 4756.6513
A84: Total por veículo | B84: unidade | C84: =C73 -> 1 | D84: =E83 -> 4756.6513 | E84: =C84*D84 -> 4756.6513
D85: Fator de utilização | E85: =$B$38 -> 0.6 | F85: =E84*E85 -> 2853.9908
A87: 2.1.3. Impostos e Seguros
A88: Discriminação | B88: Unidade | C88: Quantidade | D88: Custo unitário | E88: Subtotal | F88: Total (R$)
A89: IPVA | B89: unidade | C89: 0 | D89: 0 | E89: =C89*D89 -> 0
A90: Licenciamento, inspeção veicular e seguro | B90: unidade | C90: =C67 -> 1 | D90: 602.68 | E90: =C90*D90 -> 602.68
A91: Seguro contra terceiros | B91: unidade | C91: =C67 -> 1 | D91: 4357 | E91: =C91*D91 -> 4357
A92: Impostos e seguros mensais | B92: mês | C92: 12 | D92: =SUM(E89:E91) -> 4959.68 | E92: =D92/C92 -> 413.30667
D93: Fator de utilização | E93: =$B$38 -> 0.6 | F93: =E92*E93 -> 247.984
A95: 2.1.4. Consumos
A96: Quilometragem diária | B96: =F38 -> 18
A97: Dias uteis mês | B97: 20.5
A98: Quilometragem mensal | B98: =B96*B97 -> 369
A100: Discriminação | B100: Unidade | C100: Consumo | D100: Custo unitário | E100: Subtotal | F100: Total (R$)
A101: Custo de óleo diesel / km rodado | B101: km/l | C101: 3.1 | D101: 5.86
A102: Custo mensal com óleo diesel | B102: km | C102: =B98 -> 369 | D102: =IFERROR(+D101/C101,"-") -> 1.8903226 | E102: =IFERROR(C102*D102,"-") -> 697.52903
A103: Custo de óleo do motor /10.000 km rodados | B103: l/10.000 km | C103: 11 | D103: 30.55
A104: Custo mensal com óleo do motor | B104: km | C104: =C102 -> 369 | D104: =+C103*D103/10000 -> 0.033605 | E104: =C104*D104 -> 12.400245
A105: Custo de óleo hidráulico / 10.000 km | B105: l/10.000 km | C105: 1 | D105: 82.33
A106: Custo mensal com óleo hidráulico | B106: km | C106: =B98 -> 369 | D106: =+C105*D105/10000 -> 0.008233 | E106: =C106*D106 -> 3.037977
A107: Custo de graxa /10.000 km rodados | B107: kg/10.000 km | C107: 2 | D107: 16.7
A108: Custo mensal com graxa | B108: km | C108: =B98 -> 369 | D108: =+C107*D107/10000 -> 0.00334 | E108: =C108*D108 -> 1.23246
A109: Custo com consumos/km rodado | B109: R$/km rodado | D109: =IFERROR(D102+D104+#REF!+D106+D108,0) -> 0
F110: =SUM(E101:E108) -> 714.19971
A112: 2.1.5. Manutenção
...

Sheet ITINERÁRIO 16
A1: ITINERÁRIO | B1: 16 - SÃO VALENTIM / TUIUTY / SÃO VALENTIM VAI-VEM
A2: TIPO | B2: RURAL
A3: LOCAL | B3: DISTRITO TUIUTY
A4: VEÍCULO | B4: 44 | E4: LUGARES
A5: TEMPO TOTAL DE OPERAÇÃO ESTIMADO | B5: 0.22222222
A6: QUILOMETRAGEM ESTIMADA | B6: 41.5
A8: Planilha de Composição de Custos
A9: Orçamento Sintético
A10: Descrição do Item | E10: Custo (R$/mês) | F10: %
A11: =+A40 -> 1. Mão-de-obra | E11: =+F60 -> 4919.9846 | F11: =IFERROR(E11/$E$23,0) -> 0.29780782
A12: =A41 -> 1.1. Monitor | E12: =F49 -> 1934.604 | F12: =IFERROR(E12/$E$23,0) -> 0.11710203
A13: =A50 -> 1.2. Motorista | E13: =F58 -> 2985.3806 | F13: =IFERROR(E13/$E$23,0) -> 0.18070578
A14: =+A63 -> 2. Veículos | E14: =+F127 -> 7724.0303 | F14: =IFERROR(E14/$E$23,0) -> 0.46753736
A15: =A64 -> 2.1. Veículo: micro-ônibus 24 lugares | E15: =SUM(E16:E21) -> 7724.0303 | F15: =IFERROR(E15/$E$23,0) -> 0.46753736
A16: =A65 -> 2.1.1. Depreciação | E16: =F74 -> 1850.7369 | F16: =IFERROR(E16/$E$23,0) -> 0.11202554
A17: =A76 -> 2.1.2. Remuneração do Capital | E17: =F85 -> 2853.9908 | F17: =IFERROR(E17/$E$23,0) -> 0.17275273
A18: =A87 -> 2.1.3. Impostos e Seguros | E18: =F93 -> 247.984 | F18: =IFERROR(E18/$E$23,0) -> 0.015010529
A19: =A95 -> 2.1.4. Consumos | E19: =F110 -> 1646.6271 | F19: =IFERROR(E19/$E$23,0) -> 0.099670724
A20: =A112 -> 2.1.5. Manutenção | E20: =F115 -> 833.735 | F20: =IFERROR(E20/$E$23,0) -> 0.050466174
A21: =A117 -> 2.1.6. Pneus | E21: =F124 -> 290.9565 | F21: =IFERROR(E21/$E$23,0) -> 0.017611665
A22: =+A132 -> 3. Benefícios e Despesas Indiretas - BDI | E22: =+F138 -> 3876.655 | F22: =IFERROR(E22/$E$23,0) -> 0.23465483
A23: Custo transporte | E23: =E11+E14+E22 -> 16520.67 | F23: =F11+F14+F22 -> 1
A24: Custo km rodado | E24: =E23/B98 -> 19.418948
A25: Adicional km rural | E25: =IF(B2="RURAL",0.08,IF(B2="URBANO",0)) -> 0.08 | F25: =E24*E25 -> 1.5535158
A26: Valor pago Km | E26: =E24+F25 -> 20.972464
A27: Valor pago mês | E27: =F142 -> 17842.323
A29: Quantitativos
A30: Mão-de-obra | E30: Quantidade
A31: =A41 -> 1.1. Monitor | E31: 1
A32: =+A50 -> 1.2. Motorista | E32: 1
A33: Total de mão-de-obra (postos de trabalho) | E33: =SUM(E31:E32) -> 2
A34: Veículos e Equipamentos | E34: Quantidade
A35: =+A64 -> 2.1. Veículo: micro-ônibus 24 lugares | E35: 1
A36: Total de veículos | E36: =SUM(E35) -> 1
A38: Fator de utilização (FU) | B38: 0.6 | C38: Quilometragem diária estimada (km) | F38: =B6 -> 41.5
A40: 1. Mão-de-obra
A41: 1.1. Monitor
A42: Discriminação | B42: Unidade | C42: Quantidade | D42: Custo unitário | E42: Subtotal | F42: Total (R$)
A43: Piso da categoria | B43: mês | C43: 1 | D43: 1682 | E43: =C43*D43 -> 1682
A44: Sacola econômica | B44: unidade | C44: 1 | D44: 208 | E44: =C44*D44 -> 208
A45: Soma | E45: =SUM(E43:E44) -> 1890
A46: Encargos Sociais | B46: % | C46: ='2.Encargos Sociais'!$D$28 -> 0.706 | D46: =E45 -> 1890 | E46: =D46*C46 -> 1334.34
A47: Total por Monitor | E47: =E45+E46 -> 3224.34
A48: Total | B48: profissional | C48: 1 | D48: =E47 -> 3224.34 | E48: =C48*D48 -> 3224.34
D49: Fator de utilização | E49: =B38 -> 0.6 | F49: =E48*E49 -> 1934.604
A50: 1.2. Motorista
A51: Discriminação | B51: Unidade | C51: Quantidade | D51: Custo unitário | E51: Subtotal | F51: Total (R$)
A52: Piso da categoria | B52: mês | C52: 1 | D52: 2708.55 | E52: =C52*D52 -> 2708.55
A53: Sacola econômica | B53: unidade | C53: 1 | D53: 208 | E53: =C53*D53 -> 208
A54: Soma | E54: =SUM(E52:E53) -> 2916.55
A55: Encargos Sociais | B55: % | C55: ='2.Encargos Sociais'!$D$28 -> 0.706 | D55: =E54 -> 2916.55 | E55: =D55*C55 -> 2059.0843
A56: Total por Motorista | E56: =E54+E55 -> 4975.6343
A57: Total | B57: profissional | C57: 1 | D57: =E56 -> 4975.6343 | E57: =C57*D57 -> 4975.6343
C58: Fator de utilização | E58: =B38 -> 0.6 | F58: =E57*E58 -> 2985.3806
A60: Custo Mensal com Mão-de-obra (R$/mês) | F60: =+F58+F49 -> 4919.9846
A63: 2. Veículos
A64: 2.1. Veículo: micro-ônibus 24 lugares
A65: 2.1.1. Depreciação
A66: Discriminação | B66: Unidade | C66: Quantidade | D66: Custo unitário | E66: Subtotal | F66: Total (R$)
A67: Custo de aquisição | B67: unidade | C67: 1 | D67: =IF(B4=16,'1.Notas Explicativas'!C3,IF(B4=24,'1.Notas Explicativas'!D3,IF(B4=32,'1.Notas Explicativas'!E3,IF(B4=44,'1.Notas Explicativas'!F3)))) -> 784986.67 | E67: =C67*D67 -> 784986.67
A68: Vida útil | B68: anos | C68: 15
A69: Idade do veículo | B69: anos | C69: 1
A70: Valor depreciável | B70: % | C70: 70.73 | D70: =E67 -> 784986.67 | E70: =C70*D70/100 -> 555221.07
A71: Depreciação mensal veículos | B71: mês | C71: =C68*12 -> 180 | D71: =IF(C69<=C68,E70,0) -> 555221.07 | E71: =IFERROR(D71/C71,0) -> 3084.5615
A72: Total por veículo | E72: =E71 -> 3084.5615
A73: Total da frota | B73: unidade | C73: 1 | D73: =E72 -> 3084.5615 | E73: =C73*D73 -> 3084.5615
C74: Fator de utilização | E74: =$B$38 -> 0.6 | F74: =E73*E74 -> 1850.7369
A76: 2.1.2. Remuneração do Capital
A77: Discriminação | B77: Unidade | C77: Quantidade | D77: Custo unitário | E77: Subtotal | F77: Total (R$)
A78: Custo do chassis | B78: unidade | C78: 1 | D78: =D67 -> 784986.67 | E78: =C78*D78 -> 784986.67
A79: Taxa de juros anual nominal | B79: % | C79: 11.25
A80: Valor do veículo proposto (V0) | B80: R$ | C80: =IFERROR(IF(C69<=C68,E67-(C70/(100*C68)*C69)*E67,E67-E70),0) -> 747971.93
A81: Investimento médio total do chassis | B81: R$ | C81: =IFERROR(IF(C69>=C68,C80,((((C80)-(E67-E70))*(((C68-C69)+1)/(2*(C68-C69))))+(E67-E70))),0) -> 507376.13
A82: Remuneração mensal de capital do chassis | B82: R$ | D82: =C79*C81/12/100 -> 4756.6513 | E82: =D82 -> 4756.6513
A83: Total por veículo | E83: =E82 -> 4756.6513
A84: Total por veículo | B84: unidade | C84: =C73 -> 1 | D84: =E83 -> 4756.6513 | E84: =C84*D84 -> 4756.6513
D85: Fator de utilização | E85: =$B$38 -> 0.6 | F85: =E84*E85 -> 2853.9908
A87: 2.1.3. Impostos e Seguros
A88: Discriminação | B88: Unidade | C88: Quantidade | D88: Custo unitário | E88: Subtotal | F88: Total (R$)
A89: IPVA | B89: unidade | C89: 0 | D89: 0 | E89: =C89*D89 -> 0
A90: Licenciamento, inspeção veicular e seguro | B90: unidade | C90: =C67 -> 1 | D90: 602.68 | E90: =C90*D90 -> 602.68
A91: Seguro contra terceiros | B91: unidade | C91: =C67 -> 1 | D91: 4357 | E91: =C91*D91 -> 4357
A92: Impostos e seguros mensais | B92: mês | C92: 12 | D92: =SUM(E89:E91) -> 4959.68 | E92: =D92/C92 -> 413.30667
D93: Fator de utilização | E93: =$B$38 -> 0.6 | F93: =E92*E93 -> 247.984
A95: 2.1.4. Consumos
A96: Quilometragem diária | B96: =F38 -> 41.5
A97: Dias uteis mês | B97: 20.5
A98: Quilometragem mensal | B98: =B96*B97 -> 850.75
A100: Discriminação | B100: Unidade | C100: Consumo | D100: Custo unitário | E100: Subtotal | F100: Total (R$)
A101: Custo de óleo diesel / km rodado | B101: km/l | C101: 3.1 | D101: 5.86
A102: Custo mensal com óleo diesel | B102: km | C102: =B98 -> 850.75 | D102: =IFERROR(+D101/C101,"-") -> 1.8903226 | E102: =IFERROR(C102*D102,"-") -> 1608.1919
A103: Custo de óleo do motor /10.000 km rodados | B103: l/10.000 km | C103: 11 | D103: 30.55
A104: Custo mensal com óleo do motor | B104: km | C104: =C102 -> 850.75 | D104: =+C103*D103/10000 -> 0.033605 | E104: =C104*D104 -> 28.589454
A105: Custo de óleo hidráulico / 10.000 km | B105: l/10.000 km | C105: 1 | D105: 82.33
A106: Custo mensal com óleo hidráulico | B106: km | C106: =B98 -> 850.75 | D106: =+C105*D105/10000 -> 0.008233 | E106: =C106*D106 -> 7.0042247
A107: Custo de graxa /10.000 km rodados | B107: kg/10.000 km | C107: 2 | D107: 16.7
A108: Custo mensal com graxa | B108: km | C108: =B98 -> 850.75 | D108: =+C107*D107/10000 -> 0.00334 | E108: =C108*D108 -> 2.841505
A109: Custo com consumos/km rodado | B109: R$/km rodado | D109: =IFERROR(D102+D104+#REF!+D106+D108,0) -> 0
F110: =SUM(E101:E108) -> 1646.6271
A112: 2.1.5. Manutenção
...

Sheet ITINERÁRIO 17
A1: ITINERÁRIO | B1: 17 - ENCOSTA FARIA LEMOS - MANHÃ
A2: TIPO | B2: RURAL
A3: LOCAL | B3: DISTRITO FARIA LEMOS
A4: VEÍCULO | B4: 16 | E4: LUGARES
A5: TEMPO TOTAL DE OPERAÇÃO ESTIMADO | B5: 0.26388889
A6: QUILOMETRAGEM ESTIMADA | B6: 46
A8: Planilha de Composição de Custos
A9: Orçamento Sintético
A10: Descrição do Item | E10: Custo (R$/mês) | F10: %
A11: =+A40 -> 1. Mão-de-obra | E11: =+F60 -> 5739.982 | F11: =IFERROR(E11/$E$23,0) -> 0.394972
A12: =A41 -> 1.1. Monitor | E12: =F49 -> 2257.038 | F12: =IFERROR(E12/$E$23,0) -> 0.15530829
A13: =A50 -> 1.2. Motorista | E13: =F58 -> 3482.944 | F13: =IFERROR(E13/$E$23,0) -> 0.2396637
A14: =+A63 -> 2. Veículos | E14: =+F127 -> 5382.4964 | F14: =IFERROR(E14/$E$23,0) -> 0.37037317
A15: =A64 -> 2.1. Veículo: micro-ônibus 24 lugares | E15: =SUM(E16:E21) -> 5382.4964 | F15: =IFERROR(E15/$E$23,0) -> 0.37037317
A16: =A65 -> 2.1.1. Depreciação | E16: =F74 -> 837.44721 | F16: =IFERROR(E16/$E$23,0) -> 0.057625302
A17: =A76 -> 2.1.2. Remuneração do Capital | E17: =F85 -> 1291.4135 | F17: =IFERROR(E17/$E$23,0) -> 0.088863024
A18: =A87 -> 2.1.3. Impostos e Seguros | E18: =F93 -> 289.31467 | F18: =IFERROR(E18/$E$23,0) -> 0.019907936
A19: =A95 -> 2.1.4. Consumos | E19: =F110 -> 1825.177 | F19: =IFERROR(E19/$E$23,0) -> 0.12559165
A20: =A112 -> 2.1.5. Manutenção | E20: =F115 -> 924.14 | F20: =IFERROR(E20/$E$23,0) -> 0.063590691
A21: =A117 -> 2.1.6. Pneus | E21: =F124 -> 215.004 | F21: =IFERROR(E21/$E$23,0) -> 0.014794569
A22: =+A132 -> 3. Benefícios e Despesas Indiretas - BDI | E22: =+F138 -> 3410.1519 | F22: =IFERROR(E22/$E$23,0) -> 0.23465483
A23: Custo transporte | E23: =E11+E14+E22 -> 14532.63 | F23: =F11+F14+F22 -> 1
A24: Custo km rodado | E24: =E23/B98 -> 15.411061
A25: Adicional km rural | E25: =IF(B2="RURAL",0.08,IF(B2="URBANO",0)) -> 0.08 | F25: =E24*E25 -> 1.2328849
A26: Valor pago Km | E26: =E24+F25 -> 16.643946
A27: Valor pago mês | E27: =F142 -> 15695.241
A29: Quantitativos
A30: Mão-de-obra | E30: Quantidade
A31: =A41 -> 1.1. Monitor | E31: 1
A32: =+A50 -> 1.2. Motorista | E32: 1
A33: Total de mão-de-obra (postos de trabalho) | E33: =SUM(E31:E32) -> 2
A34: Veículos e Equipamentos | E34: Quantidade
A35: =+A64 -> 2.1. Veículo: micro-ônibus 24 lugares | E35: 1
A36: Total de veículos | E36: =SUM(E35) -> 1
A38: Fator de utilização (FU) | B38: 0.7 | C38: Quilometragem diária estimada (km) | F38: =B6 -> 46
A40: 1. Mão-de-obra
A41: 1.1. Monitor
A42: Discriminação | B42: Unidade | C42: Quantidade | D42: Custo unitário | E42: Subtotal | F42: Total (R$)
A43: Piso da categoria | B43: mês | C43: 1 | D43: 1682 | E43: =C43*D43 -> 1682
A44: Sacola econômica | B44: unidade | C44: 1 | D44: 208 | E44: =C44*D44 -> 208
A45: Soma | E45: =SUM(E43:E44) -> 1890
A46: Encargos Sociais | B46: % | C46: ='2.Encargos Sociais'!$D$28 -> 0.706 | D46: =E45 -> 1890 | E46: =D46*C46 -> 1334.34
A47: Total por Monitor | E47: =E45+E46 -> 3224.34
A48: Total | B48: profissional | C48: 1 | D48: =E47 -> 3224.34 | E48: =C48*D48 -> 3224.34
D49: Fator de utilização | E49: =B38 -> 0.7 | F49: =E48*E49 -> 2257.038
A50: 1.2. Motorista
A51: Discriminação | B51: Unidade | C51: Quantidade | D51: Custo unitário | E51: Subtotal | F51: Total (R$)
A52: Piso da categoria | B52: mês | C52: 1 | D52: 2708.55 | E52: =C52*D52 -> 2708.55
A53: Sacola econômica | B53: unidade | C53: 1 | D53: 208 | E53: =C53*D53 -> 208
A54: Soma | E54: =SUM(E52:E53) -> 2916.55
A55: Encargos Sociais | B55: % | C55: ='2.Encargos Sociais'!$D$28 -> 0.706 | D55: =E54 -> 2916.55 | E55: =D55*C55 -> 2059.0843
A56: Total por Motorista | E56: =E54+E55 -> 4975.6343
A57: Total | B57: profissional | C57: 1 | D57: =E56 -> 4975.6343 | E57: =C57*D57 -> 4975.6343
C58: Fator de utilização | E58: =B38 -> 0.7 | F58: =E57*E58 -> 3482.944
A60: Custo Mensal com Mão-de-obra (R$/mês) | F60: =+F58+F49 -> 5739.982
A63: 2. Veículos
A64: 2.1. Veículo: micro-ônibus 24 lugares
A65: 2.1.1. Depreciação
A66: Discriminação | B66: Unidade | C66: Quantidade | D66: Custo unitário | E66: Subtotal | F66: Total (R$)
A67: Custo de aquisição | B67: unidade | C67: 1 | D67: =IF(B4=16,'1.Notas Explicativas'!C3,IF(B4=24,'1.Notas Explicativas'!D3,IF(B4=32,'1.Notas Explicativas'!E3,IF(B4=44,'1.Notas Explicativas'!F3)))) -> 304458.6 | E67: =C67*D67 -> 304458.6
A68: Vida útil | B68: anos | C68: 15
A69: Idade do veículo | B69: anos | C69: 1
A70: Valor depreciável | B70: % | C70: 70.73 | D70: =E67 -> 304458.6 | E70: =C70*D70/100 -> 215343.57
A71: Depreciação mensal veículos | B71: mês | C71: =C68*12 -> 180 | D71: =IF(C69<=C68,E70,0) -> 215343.57 | E71: =IFERROR(D71/C71,0) -> 1196.3532
A72: Total por veículo | E72: =E71 -> 1196.3532
A73: Total da frota | B73: unidade | C73: 1 | D73: =E72 -> 1196.3532 | E73: =C73*D73 -> 1196.3532
C74: Fator de utilização | E74: =$B$38 -> 0.7 | F74: =E73*E74 -> 837.44721
A76: 2.1.2. Remuneração do Capital
A77: Discriminação | B77: Unidade | C77: Quantidade | D77: Custo unitário | E77: Subtotal | F77: Total (R$)
A78: Custo do chassis | B78: unidade | C78: 1 | D78: =D67 -> 304458.6 | E78: =C78*D78 -> 304458.6
A79: Taxa de juros anual nominal | B79: % | C79: 11.25
A80: Valor do veículo proposto (V0) | B80: R$ | C80: =IFERROR(IF(C69<=C68,E67-(C70/(100*C68)*C69)*E67,E67-E70),0) -> 290102.36
A81: Investimento médio total do chassis | B81: R$ | C81: =IFERROR(IF(C69>=C68,C80,((((C80)-(E67-E70))*(((C68-C69)+1)/(2*(C68-C69))))+(E67-E70))),0) -> 196786.82
A82: Remuneração mensal de capital do chassis | B82: R$ | D82: =C79*C81/12/100 -> 1844.8764 | E82: =D82 -> 1844.8764
A83: Total por veículo | E83: =E82 -> 1844.8764
A84: Total por veículo | B84: unidade | C84: =C73 -> 1 | D84: =E83 -> 1844.8764 | E84: =C84*D84 -> 1844.8764
D85: Fator de utilização | E85: =$B$38 -> 0.7 | F85: =E84*E85 -> 1291.4135
A87: 2.1.3. Impostos e Seguros
A88: Discriminação | B88: Unidade | C88: Quantidade | D88: Custo unitário | E88: Subtotal | F88: Total (R$)
A89: IPVA | B89: unidade | C89: 0 | D89: 0 | E89: =C89*D89 -> 0
A90: Licenciamento, inspeção veicular e seguro | B90: unidade | C90: =C67 -> 1 | D90: 602.68 | E90: =C90*D90 -> 602.68
A91: Seguro contra terceiros | B91: unidade | C91: =C67 -> 1 | D91: 4357 | E91: =C91*D91 -> 4357
A92: Impostos e seguros mensais | B92: mês | C92: 12 | D92: =SUM(E89:E91) -> 4959.68 | E92: =D92/C92 -> 413.30667
D93: Fator de utilização | E93: =$B$38 -> 0.7 | F93: =E92*E93 -> 289.31467
A95: 2.1.4. Consumos
A96: Quilometragem diária | B96: =F38 -> 46
A97: Dias uteis mês | B97: 20.5
A98: Quilometragem mensal | B98: =B96*B97 -> 943
A100: Discriminação | B100: Unidade | C100: Consumo | D100: Custo unitário | E100: Subtotal | F100: Total (R$)
A101: Custo de óleo diesel / km rodado | B101: km/l | C101: 3.1 | D101: 5.86
A102: Custo mensal com óleo diesel | B102: km | C102: =B98 -> 943 | D102: =IFERROR(+D101/C101,"-") -> 1.8903226 | E102: =IFERROR(C102*D102,"-") -> 1782.5742
A103: Custo de óleo do motor /10.000 km rodados | B103: l/10.000 km | C103: 11 | D103: 30.55
A104: Custo mensal com óleo do motor | B104: km | C104: =C102 -> 943 | D104: =+C103*D103/10000 -> 0.033605 | E104: =C104*D104 -> 31.689515
A105: Custo de óleo hidráulico / 10.000 km | B105: l/10.000 km | C105: 1 | D105: 82.33
A106: Custo mensal com óleo hidráulico | B106: km | C106: =B98 -> 943 | D106: =+C105*D105/10000 -> 0.008233 | E106: =C106*D106 -> 7.763719
A107: Custo de graxa /10.000 km rodados | B107: kg/10.000 km | C107: 2 | D107: 16.7
A108: Custo mensal com graxa | B108: km | C108: =B98 -> 943 | D108: =+C107*D107/10000 -> 0.00334 | E108: =C108*D108 -> 3.14962
A109: Custo com consumos/km rodado | B109: R$/km rodado | D109: =IFERROR(D102+D104+#REF!+D106+D108,0) -> 0
F110: =SUM(E101:E108) -> 1825.177
A112: 2.1.5. Manutenção
...

Sheet ITINERÁRIO 18
A1: ITINERÁRIO | B1: 18 - ENCOSTA DE FARIA LEMOS - TARDE
A2: TIPO | B2: RURAL
A3: LOCAL | B3: DISTRITO FARIA LEMOS
A4: VEÍCULO | B4: 16 | E4: LUGARES
A5: TEMPO TOTAL DE OPERAÇÃO ESTIMADO | B5: 0.26388889
A6: QUILOMETRAGEM ESTIMADA | B6: 46
A8: Planilha de Composição de Custos
A9: Orçamento Sintético
A10: Descrição do Item | E10: Custo (R$/mês) | F10: %
A11: =+A40 -> 1. Mão-de-obra | E11: =+F60 -> 5739.982 | F11: =IFERROR(E11/$E$23,0) -> 0.394972
A12: =A41 -> 1.1. Monitor | E12: =F49 -> 2257.038 | F12: =IFERROR(E12/$E$23,0) -> 0.15530829
A13: =A50 -> 1.2. Motorista | E13: =F58 -> 3482.944 | F13: =IFERROR(E13/$E$23,0) -> 0.2396637
A14: =+A63 -> 2. Veículos | E14: =+F127 -> 5382.4964 | F14: =IFERROR(E14/$E$23,0) -> 0.37037317
A15: =A64 -> 2.1. Veículo: micro-ônibus 24 lugares | E15: =SUM(E16:E21) -> 5382.4964 | F15: =IFERROR(E15/$E$23,0) -> 0.37037317
A16: =A65 -> 2.1.1. Depreciação | E16: =F74 -> 837.44721 | F16: =IFERROR(E16/$E$23,0) -> 0.057625302
A17: =A76 -> 2.1.2. Remuneração do Capital | E17: =F85 -> 1291.4135 | F17: =IFERROR(E17/$E$23,0) -> 0.088863024
A18: =A87 -> 2.1.3. Impostos e Seguros | E18: =F93 -> 289.31467 | F18: =IFERROR(E18/$E$23,0) -> 0.019907936
A19: =A95 -> 2.1.4. Consumos | E19: =F110 -> 1825.177 | F19: =IFERROR(E19/$E$23,0) -> 0.12559165
A20: =A112 -> 2.1.5. Manutenção | E20: =F115 -> 924.14 | F20: =IFERROR(E20/$E$23,0) -> 0.063590691
A21: =A117 -> 2.1.6. Pneus | E21: =F124 -> 215.004 | F21: =IFERROR(E21/$E$23,0) -> 0.014794569
A22: =+A132 -> 3. Benefícios e Despesas Indiretas - BDI | E22: =+F138 -> 3410.1519 | F22: =IFERROR(E22/$E$23,0) -> 0.23465483
A23: Custo transporte | E23: =E11+E14+E22 -> 14532.63 | F23: =F11+F14+F22 -> 1
A24: Custo km rodado | E24: =E23/B98 -> 15.411061
A25: Adicional km rural | E25: =IF(B2="RURAL",0.08,IF(B2="URBANO",0)) -> 0.08 | F25: =E24*E25 -> 1.2328849
A26: Valor pago Km | E26: =E24+F25 -> 16.643946
A27: Valor pago mês | E27: =F142 -> 15695.241
A29: Quantitativos
A30: Mão-de-obra | E30: Quantidade
A31: =A41 -> 1.1. Monitor | E31: 1
A32: =+A50 -> 1.2. Motorista | E32: 1
A33: Total de mão-de-obra (postos de trabalho) | E33: =SUM(E31:E32) -> 2
A34: Veículos e Equipamentos | E34: Quantidade
A35: =+A64 -> 2.1. Veículo: micro-ônibus 24 lugares | E35: 1
A36: Total de veículos | E36: =SUM(E35) -> 1
A38: Fator de utilização (FU) | B38: 0.7 | C38: Quilometragem diária estimada (km) | F38: =B6 -> 46
A40: 1. Mão-de-obra
A41: 1.1. Monitor
A42: Discriminação | B42: Unidade | C42: Quantidade | D42: Custo unitário | E42: Subtotal | F42: Total (R$)
A43: Piso da categoria | B43: mês | C43: 1 | D43: 1682 | E43: =C43*D43 -> 1682
A44: Sacola econômica | B44: unidade | C44: 1 | D44: 208 | E44: =C44*D44 -> 208
A45: Soma | E45: =SUM(E43:E44) -> 1890
A46: Encargos Sociais | B46: % | C46: ='2.Encargos Sociais'!$D$28 -> 0.706 | D46: =E45 -> 1890 | E46: =D46*C46 -> 1334.34
A47: Total por Monitor | E47: =E45+E46 -> 3224.34
A48: Total | B48: profissional | C48: 1 | D48: =E47 -> 3224.34 | E48: =C48*D48 -> 3224.34
D49: Fator de utilização | E49: =B38 -> 0.7 | F49: =E48*E49 -> 2257.038
A50: 1.2. Motorista
A51: Discriminação | B51: Unidade | C51: Quantidade | D51: Custo unitário | E51: Subtotal | F51: Total (R$)
A52: Piso da categoria | B52: mês | C52: 1 | D52: 2708.55 | E52: =C52*D52 -> 2708.55
A53: Sacola econômica | B53: unidade | C53: 1 | D53: 208 | E53: =C53*D53 -> 208
A54: Soma | E54: =SUM(E52:E53) -> 2916.55
A55: Encargos Sociais | B55: % | C55: ='2.Encargos Sociais'!$D$28 -> 0.706 | D55: =E54 -> 2916.55 | E55: =D55*C55 -> 2059.0843
A56: Total por Motorista | E56: =E54+E55 -> 4975.6343
A57: Total | B57: profissional | C57: 1 | D57: =E56 -> 4975.6343 | E57: =C57*D57 -> 4975.6343
C58: Fator de utilização | E58: =B38 -> 0.7 | F58: =E57*E58 -> 3482.944
A60: Custo Mensal com Mão-de-obra (R$/mês) | F60: =+F58+F49 -> 5739.982
A63: 2. Veículos
A64: 2.1. Veículo: micro-ônibus 24 lugares
A65: 2.1.1. Depreciação
A66: Discriminação | B66: Unidade | C66: Quantidade | D66: Custo unitário | E66: Subtotal | F66: Total (R$)
A67: Custo de aquisição | B67: unidade | C67: 1 | D67: =IF(B4=16,'1.Notas Explicativas'!C3,IF(B4=24,'1.Notas Explicativas'!D3,IF(B4=32,'1.Notas Explicativas'!E3,IF(B4=44,'1.Notas Explicativas'!F3)))) -> 304458.6 | E67: =C67*D67 -> 304458.6
A68: Vida útil | B68: anos | C68: 15
A69: Idade do veículo | B69: anos | C69: 1
A70: Valor depreciável | B70: % | C70: 70.73 | D70: =E67 -> 304458.6 | E70: =C70*D70/100 -> 215343.57
A71: Depreciação mensal veículos | B71: mês | C71: =C68*12 -> 180 | D71: =IF(C69<=C68,E70,0) -> 215343.57 | E71: =IFERROR(D71/C71,0) -> 1196.3532
A72: Total por veículo | E72: =E71 -> 1196.3532
A73: Total da frota | B73: unidade | C73: 1 | D73: =E72 -> 1196.3532 | E73: =C73*D73 -> 1196.3532
C74: Fator de utilização | E74: =$B$38 -> 0.7 | F74: =E73*E74 -> 837.44721
A76: 2.1.2. Remuneração do Capital
A77: Discriminação | B77: Unidade | C77: Quantidade | D77: Custo unitário | E77: Subtotal | F77: Total (R$)
A78: Custo do chassis | B78: unidade | C78: 1 | D78: =D67 -> 304458.6 | E78: =C78*D78 -> 304458.6
A79: Taxa de juros anual nominal | B79: % | C79: 11.25
A80: Valor do veículo proposto (V0) | B80: R$ | C80: =IFERROR(IF(C69<=C68,E67-(C70/(100*C68)*C69)*E67,E67-E70),0) -> 290102.36
A81: Investimento médio total do chassis | B81: R$ | C81: =IFERROR(IF(C69>=C68,C80,((((C80)-(E67-E70))*(((C68-C69)+1)/(2*(C68-C69))))+(E67-E70))),0) -> 196786.82
A82: Remuneração mensal de capital do chassis | B82: R$ | D82: =C79*C81/12/100 -> 1844.8764 | E82: =D82 -> 1844.8764
A83: Total por veículo | E83: =E82 -> 1844.8764
A84: Total por veículo | B84: unidade | C84: =C73 -> 1 | D84: =E83 -> 1844.8764 | E84: =C84*D84 -> 1844.8764
D85: Fator de utilização | E85: =$B$38 -> 0.7 | F85: =E84*E85 -> 1291.4135
A87: 2.1.3. Impostos e Seguros
A88: Discriminação | B88: Unidade | C88: Quantidade | D88: Custo unitário | E88: Subtotal | F88: Total (R$)
A89: IPVA | B89: unidade | C89: 0 | D89: 0 | E89: =C89*D89 -> 0
A90: Licenciamento, inspeção veicular e seguro | B90: unidade | C90: =C67 -> 1 | D90: 602.68 | E90: =C90*D90 -> 602.68
A91: Seguro contra terceiros | B91: unidade | C91: =C67 -> 1 | D91: 4357 | E91: =C91*D91 -> 4357
A92: Impostos e seguros mensais | B92: mês | C92: 12 | D92: =SUM(E89:E91) -> 4959.68 | E92: =D92/C92 -> 413.30667
D93: Fator de utilização | E93: =$B$38 -> 0.7 | F93: =E92*E93 -> 289.31467
A95: 2.1.4. Consumos
A96: Quilometragem diária | B96: =F38 -> 46
A97: Dias uteis mês | B97: 20.5
A98: Quilometragem mensal | B98: =B96*B97 -> 943
A100: Discriminação | B100: Unidade | C100: Consumo | D100: Custo unitário | E100: Subtotal | F100: Total (R$)
A101: Custo de óleo diesel / km rodado | B101: km/l | C101: 3.1 | D101: 5.86
A102: Custo mensal com óleo diesel | B102: km | C102: =B98 -> 943 | D102: =IFERROR(+D101/C101,"-") -> 1.8903226 | E102: =IFERROR(C102*D102,"-") -> 1782.5742
A103: Custo de óleo do motor /10.000 km rodados | B103: l/10.000 km | C103: 11 | D103: 30.55
A104: Custo mensal com óleo do motor | B104: km | C104: =C102 -> 943 | D104: =+C103*D103/10000 -> 0.033605 | E104: =C104*D104 -> 31.689515
A105: Custo de óleo hidráulico / 10.000 km | B105: l/10.000 km | C105: 1 | D105: 82.33
A106: Custo mensal com óleo hidráulico | B106: km | C106: =B98 -> 943 | D106: =+C105*D105/10000 -> 0.008233 | E106: =C106*D106 -> 7.763719
A107: Custo de graxa /10.000 km rodados | B107: kg/10.000 km | C107: 2 | D107: 16.7
A108: Custo mensal com graxa | B108: km | C108: =B98 -> 943 | D108: =+C107*D107/10000 -> 0.00334 | E108: =C108*D108 -> 3.14962
A109: Custo com consumos/km rodado | B109: R$/km rodado | D109: =IFERROR(D102+D104+#REF!+D106+D108,0) -> 0
F110: =SUM(E101:E108) -> 1825.177
A112: 2.1.5. Manutenção
...

Sheet ITINERÁRIO 19
A1: ITINERÁRIO | B1: 19 - LINHA PAULINA / BORTOLINI / SANTO ANTÔNIO - LADO DIREITO
A2: TIPO | B2: RURAL
A3: LOCAL | B3: DISTRITO FARIA LEMOS
A4: VEÍCULO | B4: 16 | E4: LUGARES
A5: TEMPO TOTAL DE OPERAÇÃO ESTIMADO | B5: 0.26388889
A6: QUILOMETRAGEM ESTIMADA | B6: 65
A8: Planilha de Composição de Custos
A9: Orçamento Sintético
A10: Descrição do Item | E10: Custo (R$/mês) | F10: %
A11: =+A40 -> 1. Mão-de-obra | E11: =+F60 -> 5739.982 | F11: =IFERROR(E11/$E$23,0) -> 0.35580409
A12: =A41 -> 1.1. Monitor | E12: =F49 -> 2257.038 | F12: =IFERROR(E12/$E$23,0) -> 0.13990695
A13: =A50 -> 1.2. Motorista | E13: =F58 -> 3482.944 | F13: =IFERROR(E13/$E$23,0) -> 0.21589714
A14: =+A63 -> 2. Veículos | E14: =+F127 -> 6606.8899 | F14: =IFERROR(E14/$E$23,0) -> 0.40954108
A15: =A64 -> 2.1. Veículo: micro-ônibus 24 lugares | E15: =SUM(E16:E21) -> 6606.8899 | F15: =IFERROR(E15/$E$23,0) -> 0.40954108
A16: =A65 -> 2.1.1. Depreciação | E16: =F74 -> 837.44721 | F16: =IFERROR(E16/$E$23,0) -> 0.051910815
A17: =A76 -> 2.1.2. Remuneração do Capital | E17: =F85 -> 1291.4135 | F17: =IFERROR(E17/$E$23,0) -> 0.080050808
A18: =A87 -> 2.1.3. Impostos e Seguros | E18: =F93 -> 289.31467 | F18: =IFERROR(E18/$E$23,0) -> 0.017933739
A19: =A95 -> 2.1.4. Consumos | E19: =F110 -> 2579.0545 | F19: =IFERROR(E19/$E$23,0) -> 0.15986777
A20: =A112 -> 2.1.5. Manutenção | E20: =F115 -> 1305.85 | F20: =IFERROR(E20/$E$23,0) -> 0.080945684
A21: =A117 -> 2.1.6. Pneus | E21: =F124 -> 303.81 | F21: =IFERROR(E21/$E$23,0) -> 0.018832261
A22: =+A132 -> 3. Benefícios e Despesas Indiretas - BDI | E22: =+F138 -> 3785.5509 | F22: =IFERROR(E22/$E$23,0) -> 0.23465483
A23: Custo transporte | E23: =E11+E14+E22 -> 16132.423 | F23: =F11+F14+F22 -> 1
A24: Custo km rodado | E24: =E23/B98 -> 12.106884
A25: Adicional km rural | E25: =IF(B2="RURAL",0.08,IF(B2="URBANO",0)) -> 0.08 | F25: =E24*E25 -> 0.96855071
A26: Valor pago Km | E26: =E24+F25 -> 13.075435
A27: Valor pago mês | E27: =F142 -> 17423.017
A29: Quantitativos
A30: Mão-de-obra | E30: Quantidade
A31: =A41 -> 1.1. Monitor | E31: 1
A32: =+A50 -> 1.2. Motorista | E32: 1
A33: Total de mão-de-obra (postos de trabalho) | E33: =SUM(E31:E32) -> 2
A34: Veículos e Equipamentos | E34: Quantidade
A35: =+A64 -> 2.1. Veículo: micro-ônibus 24 lugares | E35: 1
A36: Total de veículos | E36: =SUM(E35) -> 1
A38: Fator de utilização (FU) | B38: 0.7 | C38: Quilometragem diária estimada (km) | F38: =B6 -> 65
A40: 1. Mão-de-obra
A41: 1.1. Monitor
A42: Discriminação | B42: Unidade | C42: Quantidade | D42: Custo unitário | E42: Subtotal | F42: Total (R$)
A43: Piso da categoria | B43: mês | C43: 1 | D43: 1682 | E43: =C43*D43 -> 1682
A44: Sacola econômica | B44: unidade | C44: 1 | D44: 208 | E44: =C44*D44 -> 208
A45: Soma | E45: =SUM(E43:E44) -> 1890
A46: Encargos Sociais | B46: % | C46: ='2.Encargos Sociais'!$D$28 -> 0.706 | D46: =E45 -> 1890 | E46: =D46*C46 -> 1334.34
A47: Total por Monitor | E47: =E45+E46 -> 3224.34
A48: Total | B48: profissional | C48: 1 | D48: =E47 -> 3224.34 | E48: =C48*D48 -> 3224.34
D49: Fator de utilização | E49: =B38 -> 0.7 | F49: =E48*E49 -> 2257.038
A50: 1.2. Motorista
A51: Discriminação | B51: Unidade | C51: Quantidade | D51: Custo unitário | E51: Subtotal | F51: Total (R$)
A52: Piso da categoria | B52: mês | C52: 1 | D52: 2708.55 | E52: =C52*D52 -> 2708.55
A53: Sacola econômica | B53: unidade | C53: 1 | D53: 208 | E53: =C53*D53 -> 208
A54: Soma | E54: =SUM(E52:E53) -> 2916.55
A55: Encargos Sociais | B55: % | C55: ='2.Encargos Sociais'!$D$28 -> 0.706 | D55: =E54 -> 2916.55 | E55: =D55*C55 -> 2059.0843
A56: Total por Motorista | E56: =E54+E55 -> 4975.6343
A57: Total | B57: profissional | C57: 1 | D57: =E56 -> 4975.6343 | E57: =C57*D57 -> 4975.6343
C58: Fator de utilização | E58: =B38 -> 0.7 | F58: =E57*E58 -> 3482.944
A60: Custo Mensal com Mão-de-obra (R$/mês) | F60: =+F58+F49 -> 5739.982
A63: 2. Veículos
A64: 2.1. Veículo: micro-ônibus 24 lugares
A65: 2.1.1. Depreciação
A66: Discriminação | B66: Unidade | C66: Quantidade | D66: Custo unitário | E66: Subtotal | F66: Total (R$)
A67: Custo de aquisição | B67: unidade | C67: 1 | D67: =IF(B4=16,'1.Notas Explicativas'!C3,IF(B4=24,'1.Notas Explicativas'!D3,IF(B4=32,'1.Notas Explicativas'!E3,IF(B4=44,'1.Notas Explicativas'!F3)))) -> 304458.6 | E67: =C67*D67 -> 304458.6
A68: Vida útil | B68: anos | C68: 15
A69: Idade do veículo | B69: anos | C69: 1
A70: Valor depreciável | B70: % | C70: 70.73 | D70: =E67 -> 304458.6 | E70: =C70*D70/100 -> 215343.57
A71: Depreciação mensal veículos | B71: mês | C71: =C68*12 -> 180 | D71: =IF(C69<=C68,E70,0) -> 215343.57 | E71: =IFERROR(D71/C71,0) -> 1196.3532
A72: Total por veículo | E72: =E71 -> 1196.3532
A73: Total da frota | B73: unidade | C73: 1 | D73: =E72 -> 1196.3532 | E73: =C73*D73 -> 1196.3532
C74: Fator de utilização | E74: =$B$38 -> 0.7 | F74: =E73*E74 -> 837.44721
A76: 2.1.2. Remuneração do Capital
A77: Discriminação | B77: Unidade | C77: Quantidade | D77: Custo unitário | E77: Subtotal | F77: Total (R$)
A78: Custo do chassis | B78: unidade | C78: 1 | D78: =D67 -> 304458.6 | E78: =C78*D78 -> 304458.6
A79: Taxa de juros anual nominal | B79: % | C79: 11.25
A80: Valor do veículo proposto (V0) | B80: R$ | C80: =IFERROR(IF(C69<=C68,E67-(C70/(100*C68)*C69)*E67,E67-E70),0) -> 290102.36
A81: Investimento médio total do chassis | B81: R$ | C81: =IFERROR(IF(C69>=C68,C80,((((C80)-(E67-E70))*(((C68-C69)+1)/(2*(C68-C69))))+(E67-E70))),0) -> 196786.82
A82: Remuneração mensal de capital do chassis | B82: R$ | D82: =C79*C81/12/100 -> 1844.8764 | E82: =D82 -> 1844.8764
A83: Total por veículo | E83: =E82 -> 1844.8764
A84: Total por veículo | B84: unidade | C84: =C73 -> 1 | D84: =E83 -> 1844.8764 | E84: =C84*D84 -> 1844.8764
D85: Fator de utilização | E85: =$B$38 -> 0.7 | F85: =E84*E85 -> 1291.4135
A87: 2.1.3. Impostos e Seguros
A88: Discriminação | B88: Unidade | C88: Quantidade | D88: Custo unitário | E88: Subtotal | F88: Total (R$)
A89: IPVA | B89: unidade | C89: 0 | D89: 0 | E89: =C89*D89 -> 0
A90: Licenciamento, inspeção veicular e seguro | B90: unidade | C90: =C67 -> 1 | D90: 602.68 | E90: =C90*D90 -> 602.68
A91: Seguro contra terceiros | B91: unidade | C91: =C67 -> 1 | D91: 4357 | E91: =C91*D91 -> 4357
A92: Impostos e seguros mensais | B92: mês | C92: 12 | D92: =SUM(E89:E91) -> 4959.68 | E92: =D92/C92 -> 413.30667
D93: Fator de utilização | E93: =$B$38 -> 0.7 | F93: =E92*E93 -> 289.31467
A95: 2.1.4. Consumos
A96: Quilometragem diária | B96: =F38 -> 65
A97: Dias uteis mês | B97: 20.5
A98: Quilometragem mensal | B98: =B96*B97 -> 1332.5
A100: Discriminação | B100: Unidade | C100: Consumo | D100: Custo unitário | E100: Subtotal | F100: Total (R$)
A101: Custo de óleo diesel / km rodado | B101: km/l | C101: 3.1 | D101: 5.86
A102: Custo mensal com óleo diesel | B102: km | C102: =B98 -> 1332.5 | D102: =IFERROR(+D101/C101,"-") -> 1.8903226 | E102: =IFERROR(C102*D102,"-") -> 2518.8548
A103: Custo de óleo do motor /10.000 km rodados | B103: l/10.000 km | C103: 11 | D103: 30.55
A104: Custo mensal com óleo do motor | B104: km | C104: =C102 -> 1332.5 | D104: =+C103*D103/10000 -> 0.033605 | E104: =C104*D104 -> 44.778663
A105: Custo de óleo hidráulico / 10.000 km | B105: l/10.000 km | C105: 1 | D105: 82.33
A106: Custo mensal com óleo hidráulico | B106: km | C106: =B98 -> 1332.5 | D106: =+C105*D105/10000 -> 0.008233 | E106: =C106*D106 -> 10.970472
A107: Custo de graxa /10.000 km rodados | B107: kg/10.000 km | C107: 2 | D107: 16.7
A108: Custo mensal com graxa | B108: km | C108: =B98 -> 1332.5 | D108: =+C107*D107/10000 -> 0.00334 | E108: =C108*D108 -> 4.45055
A109: Custo com consumos/km rodado | B109: R$/km rodado | D109: =IFERROR(D102+D104+#REF!+D106+D108,0) -> 0
F110: =SUM(E101:E108) -> 2579.0545
A112: 2.1.5. Manutenção
...

Sheet ITINERÁRIO 20
A1: ITINERÁRIO | B1: 20 - LINHA PAULINA - LADO ESQUERDO
A2: TIPO | B2: RURAL
A3: LOCAL | B3: DISTRITO FARIA LEMOS
A4: VEÍCULO | B4: 24 | E4: LUGARES
A5: TEMPO TOTAL DE OPERAÇÃO ESTIMADO | B5: 0.26388889
A6: QUILOMETRAGEM ESTIMADA | B6: 55
A8: Planilha de Composição de Custos
A9: Orçamento Sintético
A10: Descrição do Item | E10: Custo (R$/mês) | F10: %
A11: =+A40 -> 1. Mão-de-obra | E11: =+F60 -> 5739.982 | F11: =IFERROR(E11/$E$23,0) -> 0.32465602
A12: =A41 -> 1.1. Monitor | E12: =F49 -> 2257.038 | F12: =IFERROR(E12/$E$23,0) -> 0.12765911
A13: =A50 -> 1.2. Motorista | E13: =F58 -> 3482.944 | F13: =IFERROR(E13/$E$23,0) -> 0.19699692
A14: =+A63 -> 2. Veículos | E14: =+F127 -> 7791.4703 | F14: =IFERROR(E14/$E$23,0) -> 0.44068915
A15: =A64 -> 2.1. Veículo: micro-ônibus 24 lugares | E15: =SUM(E16:E21) -> 7791.4703 | F15: =IFERROR(E15/$E$23,0) -> 0.44068915
A16: =A65 -> 2.1.1. Depreciação | E16: =F74 -> 1506.3722 | F16: =IFERROR(E16/$E$23,0) -> 0.085201103
A17: =A76 -> 2.1.2. Remuneração do Capital | E17: =F85 -> 2322.9516 | F17: =IFERROR(E17/$E$23,0) -> 0.13138721
A18: =A87 -> 2.1.3. Impostos e Seguros | E18: =F93 -> 289.31467 | F18: =IFERROR(E18/$E$23,0) -> 0.016363771
A19: =A95 -> 2.1.4. Consumos | E19: =F110 -> 2182.2769 | F19: =IFERROR(E19/$E$23,0) -> 0.12343059
A20: =A112 -> 2.1.5. Manutenção | E20: =F115 -> 1104.95 | F20: =IFERROR(E20/$E$23,0) -> 0.06249648
A21: =A117 -> 2.1.6. Pneus | E21: =F124 -> 385.605 | F21: =IFERROR(E21/$E$23,0) -> 0.021809996
A22: =+A132 -> 3. Benefícios e Despesas Indiretas - BDI | E22: =+F138 -> 4148.7433 | F22: =IFERROR(E22/$E$23,0) -> 0.23465483
A23: Custo transporte | E23: =E11+E14+E22 -> 17680.196 | F23: =F11+F14+F22 -> 1
A24: Custo km rodado | E24: =E23/B98 -> 15.680883
A25: Adicional km rural | E25: =IF(B2="RURAL",0.08,IF(B2="URBANO",0)) -> 0.08 | F25: =E24*E25 -> 1.2544706
A26: Valor pago Km | E26: =E24+F25 -> 16.935354
A27: Valor pago mês | E27: =F142 -> 19094.611
A29: Quantitativos
A30: Mão-de-obra | E30: Quantidade
A31: =A41 -> 1.1. Monitor | E31: 1
A32: =+A50 -> 1.2. Motorista | E32: 1
A33: Total de mão-de-obra (postos de trabalho) | E33: =SUM(E31:E32) -> 2
A34: Veículos e Equipamentos | E34: Quantidade
A35: =+A64 -> 2.1. Veículo: micro-ônibus 24 lugares | E35: 1
A36: Total de veículos | E36: =SUM(E35) -> 1
A38: Fator de utilização (FU) | B38: 0.7 | C38: Quilometragem diária estimada (km) | F38: =B6 -> 55
A40: 1. Mão-de-obra
A41: 1.1. Monitor
A42: Discriminação | B42: Unidade | C42: Quantidade | D42: Custo unitário | E42: Subtotal | F42: Total (R$)
A43: Piso da categoria | B43: mês | C43: 1 | D43: 1682 | E43: =C43*D43 -> 1682
A44: Sacola econômica | B44: unidade | C44: 1 | D44: 208 | E44: =C44*D44 -> 208
A45: Soma | E45: =SUM(E43:E44) -> 1890
A46: Encargos Sociais | B46: % | C46: ='2.Encargos Sociais'!$D$28 -> 0.706 | D46: =E45 -> 1890 | E46: =D46*C46 -> 1334.34
A47: Total por Monitor | E47: =E45+E46 -> 3224.34
A48: Total | B48: profissional | C48: 1 | D48: =E47 -> 3224.34 | E48: =C48*D48 -> 3224.34
D49: Fator de utilização | E49: =B38 -> 0.7 | F49: =E48*E49 -> 2257.038
A50: 1.2. Motorista
A51: Discriminação | B51: Unidade | C51: Quantidade | D51: Custo unitário | E51: Subtotal | F51: Total (R$)
A52: Piso da categoria | B52: mês | C52: 1 | D52: 2708.55 | E52: =C52*D52 -> 2708.55
A53: Sacola econômica | B53: unidade | C53: 1 | D53: 208 | E53: =C53*D53 -> 208
A54: Soma | E54: =SUM(E52:E53) -> 2916.55
A55: Encargos Sociais | B55: % | C55: ='2.Encargos Sociais'!$D$28 -> 0.706 | D55: =E54 -> 2916.55 | E55: =D55*C55 -> 2059.0843
A56: Total por Motorista | E56: =E54+E55 -> 4975.6343
A57: Total | B57: profissional | C57: 1 | D57: =E56 -> 4975.6343 | E57: =C57*D57 -> 4975.6343
C58: Fator de utilização | E58: =B38 -> 0.7 | F58: =E57*E58 -> 3482.944
A60: Custo Mensal com Mão-de-obra (R$/mês) | F60: =+F58+F49 -> 5739.982
A63: 2. Veículos
A64: 2.1. Veículo: micro-ônibus 24 lugares
A65: 2.1.1. Depreciação
A66: Discriminação | B66: Unidade | C66: Quantidade | D66: Custo unitário | E66: Subtotal | F66: Total (R$)
A67: Custo de aquisição | B67: unidade | C67: 1 | D67: =IF(B4=16,'1.Notas Explicativas'!C3,IF(B4=24,'1.Notas Explicativas'!D3,IF(B4=32,'1.Notas Explicativas'!E3,IF(B4=44,'1.Notas Explicativas'!F3)))) -> 547650 | E67: =C67*D67 -> 547650
A68: Vida útil | B68: anos | C68: 15
A69: Idade do veículo | B69: anos | C69: 1
A70: Valor depreciável | B70: % | C70: 70.73 | D70: =E67 -> 547650 | E70: =C70*D70/100 -> 387352.84
A71: Depreciação mensal veículos | B71: mês | C71: =C68*12 -> 180 | D71: =IF(C69<=C68,E70,0) -> 387352.84 | E71: =IFERROR(D71/C71,0) -> 2151.9603
A72: Total por veículo | E72: =E71 -> 2151.9603
A73: Total da frota | B73: unidade | C73: 1 | D73: =E72 -> 2151.9603 | E73: =C73*D73 -> 2151.9603
C74: Fator de utilização | E74: =$B$38 -> 0.7 | F74: =E73*E74 -> 1506.3722
A76: 2.1.2. Remuneração do Capital
A77: Discriminação | B77: Unidade | C77: Quantidade | D77: Custo unitário | E77: Subtotal | F77: Total (R$)
A78: Custo do chassis | B78: unidade | C78: 1 | D78: =D67 -> 547650 | E78: =C78*D78 -> 547650
A79: Taxa de juros anual nominal | B79: % | C79: 11.25
A80: Valor do veículo proposto (V0) | B80: R$ | C80: =IFERROR(IF(C69<=C68,E67-(C70/(100*C68)*C69)*E67,E67-E70),0) -> 521826.48
A81: Investimento médio total do chassis | B81: R$ | C81: =IFERROR(IF(C69>=C68,C80,((((C80)-(E67-E70))*(((C68-C69)+1)/(2*(C68-C69))))+(E67-E70))),0) -> 353973.58
A82: Remuneração mensal de capital do chassis | B82: R$ | D82: =C79*C81/12/100 -> 3318.5023 | E82: =D82 -> 3318.5023
A83: Total por veículo | E83: =E82 -> 3318.5023
A84: Total por veículo | B84: unidade | C84: =C73 -> 1 | D84: =E83 -> 3318.5023 | E84: =C84*D84 -> 3318.5023
D85: Fator de utilização | E85: =$B$38 -> 0.7 | F85: =E84*E85 -> 2322.9516
A87: 2.1.3. Impostos e Seguros
A88: Discriminação | B88: Unidade | C88: Quantidade | D88: Custo unitário | E88: Subtotal | F88: Total (R$)
A89: IPVA | B89: unidade | C89: 0 | D89: 0 | E89: =C89*D89 -> 0
A90: Licenciamento, inspeção veicular e seguro | B90: unidade | C90: =C67 -> 1 | D90: 602.68 | E90: =C90*D90 -> 602.68
A91: Seguro contra terceiros | B91: unidade | C91: =C67 -> 1 | D91: 4357 | E91: =C91*D91 -> 4357
A92: Impostos e seguros mensais | B92: mês | C92: 12 | D92: =SUM(E89:E91) -> 4959.68 | E92: =D92/C92 -> 413.30667
D93: Fator de utilização | E93: =$B$38 -> 0.7 | F93: =E92*E93 -> 289.31467
A95: 2.1.4. Consumos
A96: Quilometragem diária | B96: =F38 -> 55
A97: Dias uteis mês | B97: 20.5
A98: Quilometragem mensal | B98: =B96*B97 -> 1127.5
A100: Discriminação | B100: Unidade | C100: Consumo | D100: Custo unitário | E100: Subtotal | F100: Total (R$)
A101: Custo de óleo diesel / km rodado | B101: km/l | C101: 3.1 | D101: 5.86
A102: Custo mensal com óleo diesel | B102: km | C102: =B98 -> 1127.5 | D102: =IFERROR(+D101/C101,"-") -> 1.8903226 | E102: =IFERROR(C102*D102,"-") -> 2131.3387
A103: Custo de óleo do motor /10.000 km rodados | B103: l/10.000 km | C103: 11 | D103: 30.55
A104: Custo mensal com óleo do motor | B104: km | C104: =C102 -> 1127.5 | D104: =+C103*D103/10000 -> 0.033605 | E104: =C104*D104 -> 37.889637
A105: Custo de óleo hidráulico / 10.000 km | B105: l/10.000 km | C105: 1 | D105: 82.33
A106: Custo mensal com óleo hidráulico | B106: km | C106: =B98 -> 1127.5 | D106: =+C105*D105/10000 -> 0.008233 | E106: =C106*D106 -> 9.2827075
A107: Custo de graxa /10.000 km rodados | B107: kg/10.000 km | C107: 2 | D107: 16.7
A108: Custo mensal com graxa | B108: km | C108: =B98 -> 1127.5 | D108: =+C107*D107/10000 -> 0.00334 | E108: =C108*D108 -> 3.76585
A109: Custo com consumos/km rodado | B109: R$/km rodado | D109: =IFERROR(D102+D104+#REF!+D106+D108,0) -> 0
F110: =SUM(E101:E108) -> 2182.2769
A112: 2.1.5. Manutenção
...

Sheet ITINERÁRIO 21
A1: ITINERÁRIO | B1: 21 - LINHA ALCÂNTARA - MANHÃ
A2: TIPO | B2: RURAL
A3: LOCAL | B3: DISTRITO FARIA LEMOS
A4: VEÍCULO | B4: 16 | E4: LUGARES
A5: TEMPO TOTAL DE OPERAÇÃO ESTIMADO | B5: 0.22222222
A6: QUILOMETRAGEM ESTIMADA | B6: 52
A8: Planilha de Composição de Custos
A9: Orçamento Sintético
A10: Descrição do Item | E10: Custo (R$/mês) | F10: %
A11: =+A40 -> 1. Mão-de-obra | E11: =+F60 -> 4919.9846 | F11: =IFERROR(E11/$E$23,0) -> 0.36403748
A12: =A41 -> 1.1. Monitor | E12: =F49 -> 1934.604 | F12: =IFERROR(E12/$E$23,0) -> 0.14314442
A13: =A50 -> 1.2. Motorista | E13: =F58 -> 2985.3806 | F13: =IFERROR(E13/$E$23,0) -> 0.22089305
A14: =+A63 -> 2. Veículos | E14: =+F127 -> 5423.6934 | F14: =IFERROR(E14/$E$23,0) -> 0.40130769
A15: =A64 -> 2.1. Veículo: micro-ônibus 24 lugares | E15: =SUM(E16:E21) -> 5423.6934 | F15: =IFERROR(E15/$E$23,0) -> 0.40130769
A16: =A65 -> 2.1.1. Depreciação | E16: =F74 -> 717.81189 | F16: =IFERROR(E16/$E$23,0) -> 0.053112043
A17: =A76 -> 2.1.2. Remuneração do Capital | E17: =F85 -> 1106.9258 | F17: =IFERROR(E17/$E$23,0) -> 0.081903202
A18: =A87 -> 2.1.3. Impostos e Seguros | E18: =F93 -> 247.984 | F18: =IFERROR(E18/$E$23,0) -> 0.01834873
A19: =A95 -> 2.1.4. Consumos | E19: =F110 -> 2063.2436 | F19: =IFERROR(E19/$E$23,0) -> 0.15266267
A20: =A112 -> 2.1.5. Manutenção | E20: =F115 -> 1044.68 | F20: =IFERROR(E20/$E$23,0) -> 0.077297534
A21: =A117 -> 2.1.6. Pneus | E21: =F124 -> 243.048 | F21: =IFERROR(E21/$E$23,0) -> 0.017983508
A22: =+A132 -> 3. Benefícios e Despesas Indiretas - BDI | E22: =+F138 -> 3171.3717 | F22: =IFERROR(E22/$E$23,0) -> 0.23465483
A23: Custo transporte | E23: =E11+E14+E22 -> 13515.05 | F23: =F11+F14+F22 -> 1
A24: Custo km rodado | E24: =E23/B98 -> 12.678283
A25: Adicional km rural | E25: =IF(B2="RURAL",0.08,IF(B2="URBANO",0)) -> 0.08 | F25: =E24*E25 -> 1.0142626
A26: Valor pago Km | E26: =E24+F25 -> 13.692546
A27: Valor pago mês | E27: =F142 -> 14596.254
A29: Quantitativos
A30: Mão-de-obra | E30: Quantidade
A31: =A41 -> 1.1. Monitor | E31: 1
A32: =+A50 -> 1.2. Motorista | E32: 1
A33: Total de mão-de-obra (postos de trabalho) | E33: =SUM(E31:E32) -> 2
A34: Veículos e Equipamentos | E34: Quantidade
A35: =+A64 -> 2.1. Veículo: micro-ônibus 24 lugares | E35: 1
A36: Total de veículos | E36: =SUM(E35) -> 1
A38: Fator de utilização (FU) | B38: 0.6 | C38: Quilometragem diária estimada (km) | F38: =B6 -> 52
A40: 1. Mão-de-obra
A41: 1.1. Monitor
A42: Discriminação | B42: Unidade | C42: Quantidade | D42: Custo unitário | E42: Subtotal | F42: Total (R$)
A43: Piso da categoria | B43: mês | C43: 1 | D43: 1682 | E43: =C43*D43 -> 1682
A44: Sacola econômica | B44: unidade | C44: 1 | D44: 208 | E44: =C44*D44 -> 208
A45: Soma | E45: =SUM(E43:E44) -> 1890
A46: Encargos Sociais | B46: % | C46: ='2.Encargos Sociais'!$D$28 -> 0.706 | D46: =E45 -> 1890 | E46: =D46*C46 -> 1334.34
A47: Total por Monitor | E47: =E45+E46 -> 3224.34
A48: Total | B48: profissional | C48: 1 | D48: =E47 -> 3224.34 | E48: =C48*D48 -> 3224.34
D49: Fator de utilização | E49: =B38 -> 0.6 | F49: =E48*E49 -> 1934.604
A50: 1.2. Motorista
A51: Discriminação | B51: Unidade | C51: Quantidade | D51: Custo unitário | E51: Subtotal | F51: Total (R$)
A52: Piso da categoria | B52: mês | C52: 1 | D52: 2708.55 | E52: =C52*D52 -> 2708.55
A53: Sacola econômica | B53: unidade | C53: 1 | D53: 208 | E53: =C53*D53 -> 208
A54: Soma | E54: =SUM(E52:E53) -> 2916.55
A55: Encargos Sociais | B55: % | C55: ='2.Encargos Sociais'!$D$28 -> 0.706 | D55: =E54 -> 2916.55 | E55: =D55*C55 -> 2059.0843
A56: Total por Motorista | E56: =E54+E55 -> 4975.6343
A57: Total | B57: profissional | C57: 1 | D57: =E56 -> 4975.6343 | E57: =C57*D57 -> 4975.6343
C58: Fator de utilização | E58: =B38 -> 0.6 | F58: =E57*E58 -> 2985.3806
A60: Custo Mensal com Mão-de-obra (R$/mês) | F60: =+F58+F49 -> 4919.9846
A63: 2. Veículos
A64: 2.1. Veículo: micro-ônibus 24 lugares
A65: 2.1.1. Depreciação
A66: Discriminação | B66: Unidade | C66: Quantidade | D66: Custo unitário | E66: Subtotal | F66: Total (R$)
A67: Custo de aquisição | B67: unidade | C67: 1 | D67: =IF(B4=16,'1.Notas Explicativas'!C3,IF(B4=24,'1.Notas Explicativas'!D3,IF(B4=32,'1.Notas Explicativas'!E3,IF(B4=44,'1.Notas Explicativas'!F3)))) -> 304458.6 | E67: =C67*D67 -> 304458.6
A68: Vida útil | B68: anos | C68: 15
A69: Idade do veículo | B69: anos | C69: 1
A70: Valor depreciável | B70: % | C70: 70.73 | D70: =E67 -> 304458.6 | E70: =C70*D70/100 -> 215343.57
A71: Depreciação mensal veículos | B71: mês | C71: =C68*12 -> 180 | D71: =IF(C69<=C68,E70,0) -> 215343.57 | E71: =IFERROR(D71/C71,0) -> 1196.3532
A72: Total por veículo | E72: =E71 -> 1196.3532
A73: Total da frota | B73: unidade | C73: 1 | D73: =E72 -> 1196.3532 | E73: =C73*D73 -> 1196.3532
C74: Fator de utilização | E74: =$B$38 -> 0.6 | F74: =E73*E74 -> 717.81189
A76: 2.1.2. Remuneração do Capital
A77: Discriminação | B77: Unidade | C77: Quantidade | D77: Custo unitário | E77: Subtotal | F77: Total (R$)
A78: Custo do chassis | B78: unidade | C78: 1 | D78: =D67 -> 304458.6 | E78: =C78*D78 -> 304458.6
A79: Taxa de juros anual nominal | B79: % | C79: 11.25
A80: Valor do veículo proposto (V0) | B80: R$ | C80: =IFERROR(IF(C69<=C68,E67-(C70/(100*C68)*C69)*E67,E67-E70),0) -> 290102.36
A81: Investimento médio total do chassis | B81: R$ | C81: =IFERROR(IF(C69>=C68,C80,((((C80)-(E67-E70))*(((C68-C69)+1)/(2*(C68-C69))))+(E67-E70))),0) -> 196786.82
A82: Remuneração mensal de capital do chassis | B82: R$ | D82: =C79*C81/12/100 -> 1844.8764 | E82: =D82 -> 1844.8764
A83: Total por veículo | E83: =E82 -> 1844.8764
A84: Total por veículo | B84: unidade | C84: =C73 -> 1 | D84: =E83 -> 1844.8764 | E84: =C84*D84 -> 1844.8764
D85: Fator de utilização | E85: =$B$38 -> 0.6 | F85: =E84*E85 -> 1106.9258
A87: 2.1.3. Impostos e Seguros
A88: Discriminação | B88: Unidade | C88: Quantidade | D88: Custo unitário | E88: Subtotal | F88: Total (R$)
A89: IPVA | B89: unidade | C89: 0 | D89: 0 | E89: =C89*D89 -> 0
A90: Licenciamento, inspeção veicular e seguro | B90: unidade | C90: =C67 -> 1 | D90: 602.68 | E90: =C90*D90 -> 602.68
A91: Seguro contra terceiros | B91: unidade | C91: =C67 -> 1 | D91: 4357 | E91: =C91*D91 -> 4357
A92: Impostos e seguros mensais | B92: mês | C92: 12 | D92: =SUM(E89:E91) -> 4959.68 | E92: =D92/C92 -> 413.30667
D93: Fator de utilização | E93: =$B$38 -> 0.6 | F93: =E92*E93 -> 247.984
A95: 2.1.4. Consumos
A96: Quilometragem diária | B96: =F38 -> 52
A97: Dias uteis mês | B97: 20.5
A98: Quilometragem mensal | B98: =B96*B97 -> 1066
A100: Discriminação | B100: Unidade | C100: Consumo | D100: Custo unitário | E100: Subtotal | F100: Total (R$)
A101: Custo de óleo diesel / km rodado | B101: km/l | C101: 3.1 | D101: 5.86
A102: Custo mensal com óleo diesel | B102: km | C102: =B98 -> 1066 | D102: =IFERROR(+D101/C101,"-") -> 1.8903226 | E102: =IFERROR(C102*D102,"-") -> 2015.0839
A103: Custo de óleo do motor /10.000 km rodados | B103: l/10.000 km | C103: 11 | D103: 30.55
A104: Custo mensal com óleo do motor | B104: km | C104: =C102 -> 1066 | D104: =+C103*D103/10000 -> 0.033605 | E104: =C104*D104 -> 35.82293
A105: Custo de óleo hidráulico / 10.000 km | B105: l/10.000 km | C105: 1 | D105: 82.33
A106: Custo mensal com óleo hidráulico | B106: km | C106: =B98 -> 1066 | D106: =+C105*D105/10000 -> 0.008233 | E106: =C106*D106 -> 8.776378
A107: Custo de graxa /10.000 km rodados | B107: kg/10.000 km | C107: 2 | D107: 16.7
A108: Custo mensal com graxa | B108: km | C108: =B98 -> 1066 | D108: =+C107*D107/10000 -> 0.00334 | E108: =C108*D108 -> 3.56044
A109: Custo com consumos/km rodado | B109: R$/km rodado | D109: =IFERROR(D102+D104+#REF!+D106+D108,0) -> 0
F110: =SUM(E101:E108) -> 2063.2436
A112: 2.1.5. Manutenção
...

Sheet ITINERÁRIO 22
A1: ITINERÁRIO | B1: 22 - LINHA ALCÂNTARA - TARDE
A2: TIPO | B2: RURAL
A3: LOCAL | B3: DISTRITO FARIA LEMOS
A4: VEÍCULO | B4: 24 | E4: LUGARES
A5: TEMPO TOTAL DE OPERAÇÃO ESTIMADO | B5: 0.22222222
A6: QUILOMETRAGEM ESTIMADA | B6: 52
A8: Planilha de Composição de Custos
A9: Orçamento Sintético
A10: Descrição do Item | E10: Custo (R$/mês) | F10: %
A11: =+A40 -> 1. Mão-de-obra | E11: =+F60 -> 4919.9846 | F11: =IFERROR(E11/$E$23,0) -> 0.31582387
A12: =A41 -> 1.1. Monitor | E12: =F49 -> 1934.604 | F12: =IFERROR(E12/$E$23,0) -> 0.12418619
A13: =A50 -> 1.2. Motorista | E13: =F58 -> 2985.3806 | F13: =IFERROR(E13/$E$23,0) -> 0.19163768
A14: =+A63 -> 2. Veículos | E14: =+F127 -> 7002.7571 | F14: =IFERROR(E14/$E$23,0) -> 0.4495213
A15: =A64 -> 2.1. Veículo: micro-ônibus 24 lugares | E15: =SUM(E16:E21) -> 7002.7571 | F15: =IFERROR(E15/$E$23,0) -> 0.4495213
A16: =A65 -> 2.1.1. Depreciação | E16: =F74 -> 1291.1762 | F16: =IFERROR(E16/$E$23,0) -> 0.082883237
A17: =A76 -> 2.1.2. Remuneração do Capital | E17: =F85 -> 1991.1014 | F17: =IFERROR(E17/$E$23,0) -> 0.12781287
A18: =A87 -> 2.1.3. Impostos e Seguros | E18: =F93 -> 247.984 | F18: =IFERROR(E18/$E$23,0) -> 0.0159186
A19: =A95 -> 2.1.4. Consumos | E19: =F110 -> 2063.2436 | F19: =IFERROR(E19/$E$23,0) -> 0.13244383
A20: =A112 -> 2.1.5. Manutenção | E20: =F115 -> 1044.68 | F20: =IFERROR(E20/$E$23,0) -> 0.067060145
A21: =A117 -> 2.1.6. Pneus | E21: =F124 -> 364.572 | F21: =IFERROR(E21/$E$23,0) -> 0.023402622
A22: =+A132 -> 3. Benefícios e Despesas Indiretas - BDI | E22: =+F138 -> 3655.5126 | F22: =IFERROR(E22/$E$23,0) -> 0.23465483
A23: Custo transporte | E23: =E11+E14+E22 -> 15578.254 | F23: =F11+F14+F22 -> 1
A24: Custo km rodado | E24: =E23/B98 -> 14.613747
A25: Adicional km rural | E25: =IF(B2="RURAL",0.08,IF(B2="URBANO",0)) -> 0.08 | F25: =E24*E25 -> 1.1690998
A26: Valor pago Km | E26: =E24+F25 -> 15.782847
A27: Valor pago mês | E27: =F142 -> 16824.515
A29: Quantitativos
A30: Mão-de-obra | E30: Quantidade
A31: =A41 -> 1.1. Monitor | E31: 1
A32: =+A50 -> 1.2. Motorista | E32: 1
A33: Total de mão-de-obra (postos de trabalho) | E33: =SUM(E31:E32) -> 2
A34: Veículos e Equipamentos | E34: Quantidade
A35: =+A64 -> 2.1. Veículo: micro-ônibus 24 lugares | E35: 1
A36: Total de veículos | E36: =SUM(E35) -> 1
A38: Fator de utilização (FU) | B38: 0.6 | C38: Quilometragem diária estimada (km) | F38: =B6 -> 52
A40: 1. Mão-de-obra
A41: 1.1. Monitor
A42: Discriminação | B42: Unidade | C42: Quantidade | D42: Custo unitário | E42: Subtotal | F42: Total (R$)
A43: Piso da categoria | B43: mês | C43: 1 | D43: 1682 | E43: =C43*D43 -> 1682
A44: Sacola econômica | B44: unidade | C44: 1 | D44: 208 | E44: =C44*D44 -> 208
A45: Soma | E45: =SUM(E43:E44) -> 1890
A46: Encargos Sociais | B46: % | C46: ='2.Encargos Sociais'!$D$28 -> 0.706 | D46: =E45 -> 1890 | E46: =D46*C46 -> 1334.34
A47: Total por Monitor | E47: =E45+E46 -> 3224.34
A48: Total | B48: profissional | C48: 1 | D48: =E47 -> 3224.34 | E48: =C48*D48 -> 3224.34
D49: Fator de utilização | E49: =B38 -> 0.6 | F49: =E48*E49 -> 1934.604
A50: 1.2. Motorista
A51: Discriminação | B51: Unidade | C51: Quantidade | D51: Custo unitário | E51: Subtotal | F51: Total (R$)
A52: Piso da categoria | B52: mês | C52: 1 | D52: 2708.55 | E52: =C52*D52 -> 2708.55
A53: Sacola econômica | B53: unidade | C53: 1 | D53: 208 | E53: =C53*D53 -> 208
A54: Soma | E54: =SUM(E52:E53) -> 2916.55
A55: Encargos Sociais | B55: % | C55: ='2.Encargos Sociais'!$D$28 -> 0.706 | D55: =E54 -> 2916.55 | E55: =D55*C55 -> 2059.0843
A56: Total por Motorista | E56: =E54+E55 -> 4975.6343
A57: Total | B57: profissional | C57: 1 | D57: =E56 -> 4975.6343 | E57: =C57*D57 -> 4975.6343
C58: Fator de utilização | E58: =B38 -> 0.6 | F58: =E57*E58 -> 2985.3806
A60: Custo Mensal com Mão-de-obra (R$/mês) | F60: =+F58+F49 -> 4919.9846
A63: 2. Veículos
A64: 2.1. Veículo: micro-ônibus 24 lugares
A65: 2.1.1. Depreciação
A66: Discriminação | B66: Unidade | C66: Quantidade | D66: Custo unitário | E66: Subtotal | F66: Total (R$)
A67: Custo de aquisição | B67: unidade | C67: 1 | D67: =IF(B4=16,'1.Notas Explicativas'!C3,IF(B4=24,'1.Notas Explicativas'!D3,IF(B4=32,'1.Notas Explicativas'!E3,IF(B4=44,'1.Notas Explicativas'!F3)))) -> 547650 | E67: =C67*D67 -> 547650
A68: Vida útil | B68: anos | C68: 15
A69: Idade do veículo | B69: anos | C69: 1
A70: Valor depreciável | B70: % | C70: 70.73 | D70: =E67 -> 547650 | E70: =C70*D70/100 -> 387352.84
A71: Depreciação mensal veículos | B71: mês | C71: =C68*12 -> 180 | D71: =IF(C69<=C68,E70,0) -> 387352.84 | E71: =IFERROR(D71/C71,0) -> 2151.9603
A72: Total por veículo | E72: =E71 -> 2151.9603
A73: Total da frota | B73: unidade | C73: 1 | D73: =E72 -> 2151.9603 | E73: =C73*D73 -> 2151.9603
C74: Fator de utilização | E74: =$B$38 -> 0.6 | F74: =E73*E74 -> 1291.1762
A76: 2.1.2. Remuneração do Capital
A77: Discriminação | B77: Unidade | C77: Quantidade | D77: Custo unitário | E77: Subtotal | F77: Total (R$)
A78: Custo do chassis | B78: unidade | C78: 1 | D78: =D67 -> 547650 | E78: =C78*D78 -> 547650
A79: Taxa de juros anual nominal | B79: % | C79: 11.25
A80: Valor do veículo proposto (V0) | B80: R$ | C80: =IFERROR(IF(C69<=C68,E67-(C70/(100*C68)*C69)*E67,E67-E70),0) -> 521826.48
A81: Investimento médio total do chassis | B81: R$ | C81: =IFERROR(IF(C69>=C68,C80,((((C80)-(E67-E70))*(((C68-C69)+1)/(2*(C68-C69))))+(E67-E70))),0) -> 353973.58
A82: Remuneração mensal de capital do chassis | B82: R$ | D82: =C79*C81/12/100 -> 3318.5023 | E82: =D82 -> 3318.5023
A83: Total por veículo | E83: =E82 -> 3318.5023
A84: Total por veículo | B84: unidade | C84: =C73 -> 1 | D84: =E83 -> 3318.5023 | E84: =C84*D84 -> 3318.5023
D85: Fator de utilização | E85: =$B$38 -> 0.6 | F85: =E84*E85 -> 1991.1014
A87: 2.1.3. Impostos e Seguros
A88: Discriminação | B88: Unidade | C88: Quantidade | D88: Custo unitário | E88: Subtotal | F88: Total (R$)
A89: IPVA | B89: unidade | C89: 0 | D89: 0 | E89: =C89*D89 -> 0
A90: Licenciamento, inspeção veicular e seguro | B90: unidade | C90: =C67 -> 1 | D90: 602.68 | E90: =C90*D90 -> 602.68
A91: Seguro contra terceiros | B91: unidade | C91: =C67 -> 1 | D91: 4357 | E91: =C91*D91 -> 4357
A92: Impostos e seguros mensais | B92: mês | C92: 12 | D92: =SUM(E89:E91) -> 4959.68 | E92: =D92/C92 -> 413.30667
D93: Fator de utilização | E93: =$B$38 -> 0.6 | F93: =E92*E93 -> 247.984
A95: 2.1.4. Consumos
A96: Quilometragem diária | B96: =F38 -> 52
A97: Dias uteis mês | B97: 20.5
A98: Quilometragem mensal | B98: =B96*B97 -> 1066
A100: Discriminação | B100: Unidade | C100: Consumo | D100: Custo unitário | E100: Subtotal | F100: Total (R$)
A101: Custo de óleo diesel / km rodado | B101: km/l | C101: 3.1 | D101: 5.86
A102: Custo mensal com óleo diesel | B102: km | C102: =B98 -> 1066 | D102: =IFERROR(+D101/C101,"-") -> 1.8903226 | E102: =IFERROR(C102*D102,"-") -> 2015.0839
A103: Custo de óleo do motor /10.000 km rodados | B103: l/10.000 km | C103: 11 | D103: 30.55
A104: Custo mensal com óleo do motor | B104: km | C104: =C102 -> 1066 | D104: =+C103*D103/10000 -> 0.033605 | E104: =C104*D104 -> 35.82293
A105: Custo de óleo hidráulico / 10.000 km | B105: l/10.000 km | C105: 1 | D105: 82.33
A106: Custo mensal com óleo hidráulico | B106: km | C106: =B98 -> 1066 | D106: =+C105*D105/10000 -> 0.008233 | E106: =C106*D106 -> 8.776378
A107: Custo de graxa /10.000 km rodados | B107: kg/10.000 km | C107: 2 | D107: 16.7
A108: Custo mensal com graxa | B108: km | C108: =B98 -> 1066 | D108: =+C107*D107/10000 -> 0.00334 | E108: =C108*D108 -> 3.56044
A109: Custo com consumos/km rodado | B109: R$/km rodado | D109: =IFERROR(D102+D104+#REF!+D106+D108,0) -> 0
F110: =SUM(E101:E108) -> 2063.2436
A112: 2.1.5. Manutenção
...

Sheet ITINERÁRIO 23
A1: ITINERÁRIO | B1: 23 - VALE AURORA / SANTA LUCIA
A2: TIPO | B2: RURAL
A3: LOCAL | B3: DISTRITO FARIA LEMOS
A4: VEÍCULO | B4: 16 | E4: LUGARES
A5: TEMPO TOTAL DE OPERAÇÃO ESTIMADO | B5: 0.22222222
A6: QUILOMETRAGEM ESTIMADA | B6: 42
A8: Planilha de Composição de Custos
A9: Orçamento Sintético
A10: Descrição do Item | E10: Custo (R$/mês) | F10: %
A11: =+A40 -> 1. Mão-de-obra | E11: =+F60 -> 4919.9846 | F11: =IFERROR(E11/$E$23,0) -> 0.38822408
A12: =A41 -> 1.1. Monitor | E12: =F49 -> 1934.604 | F12: =IFERROR(E12/$E$23,0) -> 0.15265492
A13: =A50 -> 1.2. Motorista | E13: =F58 -> 2985.3806 | F13: =IFERROR(E13/$E$23,0) -> 0.23556916
A14: =+A63 -> 2. Veículos | E14: =+F127 -> 4779.2757 | F14: =IFERROR(E14/$E$23,0) -> 0.37712109
A15: =A64 -> 2.1. Veículo: micro-ônibus 24 lugares | E15: =SUM(E16:E21) -> 4779.2757 | F15: =IFERROR(E15/$E$23,0) -> 0.37712109
A16: =A65 -> 2.1.1. Depreciação | E16: =F74 -> 717.81189 | F16: =IFERROR(E16/$E$23,0) -> 0.0566408
A17: =A76 -> 2.1.2. Remuneração do Capital | E17: =F85 -> 1106.9258 | F17: =IFERROR(E17/$E$23,0) -> 0.087344841
A18: =A87 -> 2.1.3. Impostos e Seguros | E18: =F93 -> 247.984 | F18: =IFERROR(E18/$E$23,0) -> 0.019567818
A19: =A95 -> 2.1.4. Consumos | E19: =F110 -> 1666.466 | F19: =IFERROR(E19/$E$23,0) -> 0.1314968
A20: =A112 -> 2.1.5. Manutenção | E20: =F115 -> 843.78 | F20: =IFERROR(E20/$E$23,0) -> 0.066580639
A21: =A117 -> 2.1.6. Pneus | E21: =F124 -> 196.308 | F21: =IFERROR(E21/$E$23,0) -> 0.015490189
A22: =+A132 -> 3. Benefícios e Despesas Indiretas - BDI | E22: =+F138 -> 2973.7932 | F22: =IFERROR(E22/$E$23,0) -> 0.23465483
A23: Custo transporte | E23: =E11+E14+E22 -> 12673.054 | F23: =F11+F14+F22 -> 1
A24: Custo km rodado | E24: =E23/B98 -> 14.718994
A25: Adicional km rural | E25: =IF(B2="RURAL",0.08,IF(B2="URBANO",0)) -> 0.08 | F25: =E24*E25 -> 1.1775195
A26: Valor pago Km | E26: =E24+F25 -> 15.896513
A27: Valor pago mês | E27: =F142 -> 13686.898
A29: Quantitativos
A30: Mão-de-obra | E30: Quantidade
A31: =A41 -> 1.1. Monitor | E31: 1
A32: =+A50 -> 1.2. Motorista | E32: 1
A33: Total de mão-de-obra (postos de trabalho) | E33: =SUM(E31:E32) -> 2
A34: Veículos e Equipamentos | E34: Quantidade
A35: =+A64 -> 2.1. Veículo: micro-ônibus 24 lugares | E35: 1
A36: Total de veículos | E36: =SUM(E35) -> 1
A38: Fator de utilização (FU) | B38: 0.6 | C38: Quilometragem diária estimada (km) | F38: =B6 -> 42
A40: 1. Mão-de-obra
A41: 1.1. Monitor
A42: Discriminação | B42: Unidade | C42: Quantidade | D42: Custo unitário | E42: Subtotal | F42: Total (R$)
A43: Piso da categoria | B43: mês | C43: 1 | D43: 1682 | E43: =C43*D43 -> 1682
A44: Sacola econômica | B44: unidade | C44: 1 | D44: 208 | E44: =C44*D44 -> 208
A45: Soma | E45: =SUM(E43:E44) -> 1890
A46: Encargos Sociais | B46: % | C46: ='2.Encargos Sociais'!$D$28 -> 0.706 | D46: =E45 -> 1890 | E46: =D46*C46 -> 1334.34
A47: Total por Monitor | E47: =E45+E46 -> 3224.34
A48: Total | B48: profissional | C48: 1 | D48: =E47 -> 3224.34 | E48: =C48*D48 -> 3224.34
D49: Fator de utilização | E49: =B38 -> 0.6 | F49: =E48*E49 -> 1934.604
A50: 1.2. Motorista
A51: Discriminação | B51: Unidade | C51: Quantidade | D51: Custo unitário | E51: Subtotal | F51: Total (R$)
A52: Piso da categoria | B52: mês | C52: 1 | D52: 2708.55 | E52: =C52*D52 -> 2708.55
A53: Sacola econômica | B53: unidade | C53: 1 | D53: 208 | E53: =C53*D53 -> 208
A54: Soma | E54: =SUM(E52:E53) -> 2916.55
A55: Encargos Sociais | B55: % | C55: ='2.Encargos Sociais'!$D$28 -> 0.706 | D55: =E54 -> 2916.55 | E55: =D55*C55 -> 2059.0843
A56: Total por Motorista | E56: =E54+E55 -> 4975.6343
A57: Total | B57: profissional | C57: 1 | D57: =E56 -> 4975.6343 | E57: =C57*D57 -> 4975.6343
C58: Fator de utilização | E58: =B38 -> 0.6 | F58: =E57*E58 -> 2985.3806
A60: Custo Mensal com Mão-de-obra (R$/mês) | F60: =+F58+F49 -> 4919.9846
A63: 2. Veículos
A64: 2.1. Veículo: micro-ônibus 24 lugares
A65: 2.1.1. Depreciação
A66: Discriminação | B66: Unidade | C66: Quantidade | D66: Custo unitário | E66: Subtotal | F66: Total (R$)
A67: Custo de aquisição | B67: unidade | C67: 1 | D67: =IF(B4=16,'1.Notas Explicativas'!C3,IF(B4=24,'1.Notas Explicativas'!D3,IF(B4=32,'1.Notas Explicativas'!E3,IF(B4=44,'1.Notas Explicativas'!F3)))) -> 304458.6 | E67: =C67*D67 -> 304458.6
A68: Vida útil | B68: anos | C68: 15
A69: Idade do veículo | B69: anos | C69: 1
A70: Valor depreciável | B70: % | C70: 70.73 | D70: =E67 -> 304458.6 | E70: =C70*D70/100 -> 215343.57
A71: Depreciação mensal veículos | B71: mês | C71: =C68*12 -> 180 | D71: =IF(C69<=C68,E70,0) -> 215343.57 | E71: =IFERROR(D71/C71,0) -> 1196.3532
A72: Total por veículo | E72: =E71 -> 1196.3532
A73: Total da frota | B73: unidade | C73: 1 | D73: =E72 -> 1196.3532 | E73: =C73*D73 -> 1196.3532
C74: Fator de utilização | E74: =$B$38 -> 0.6 | F74: =E73*E74 -> 717.81189
A76: 2.1.2. Remuneração do Capital
A77: Discriminação | B77: Unidade | C77: Quantidade | D77: Custo unitário | E77: Subtotal | F77: Total (R$)
A78: Custo do chassis | B78: unidade | C78: 1 | D78: =D67 -> 304458.6 | E78: =C78*D78 -> 304458.6
A79: Taxa de juros anual nominal | B79: % | C79: 11.25
A80: Valor do veículo proposto (V0) | B80: R$ | C80: =IFERROR(IF(C69<=C68,E67-(C70/(100*C68)*C69)*E67,E67-E70),0) -> 290102.36
A81: Investimento médio total do chassis | B81: R$ | C81: =IFERROR(IF(C69>=C68,C80,((((C80)-(E67-E70))*(((C68-C69)+1)/(2*(C68-C69))))+(E67-E70))),0) -> 196786.82
A82: Remuneração mensal de capital do chassis | B82: R$ | D82: =C79*C81/12/100 -> 1844.8764 | E82: =D82 -> 1844.8764
A83: Total por veículo | E83: =E82 -> 1844.8764
A84: Total por veículo | B84: unidade | C84: =C73 -> 1 | D84: =E83 -> 1844.8764 | E84: =C84*D84 -> 1844.8764
D85: Fator de utilização | E85: =$B$38 -> 0.6 | F85: =E84*E85 -> 1106.9258
A87: 2.1.3. Impostos e Seguros
A88: Discriminação | B88: Unidade | C88: Quantidade | D88: Custo unitário | E88: Subtotal | F88: Total (R$)
A89: IPVA | B89: unidade | C89: 0 | D89: 0 | E89: =C89*D89 -> 0
A90: Licenciamento, inspeção veicular e seguro | B90: unidade | C90: =C67 -> 1 | D90: 602.68 | E90: =C90*D90 -> 602.68
A91: Seguro contra terceiros | B91: unidade | C91: =C67 -> 1 | D91: 4357 | E91: =C91*D91 -> 4357
A92: Impostos e seguros mensais | B92: mês | C92: 12 | D92: =SUM(E89:E91) -> 4959.68 | E92: =D92/C92 -> 413.30667
D93: Fator de utilização | E93: =$B$38 -> 0.6 | F93: =E92*E93 -> 247.984
A95: 2.1.4. Consumos
A96: Quilometragem diária | B96: =F38 -> 42
A97: Dias uteis mês | B97: 20.5
A98: Quilometragem mensal | B98: =B96*B97 -> 861
A100: Discriminação | B100: Unidade | C100: Consumo | D100: Custo unitário | E100: Subtotal | F100: Total (R$)
A101: Custo de óleo diesel / km rodado | B101: km/l | C101: 3.1 | D101: 5.86
A102: Custo mensal com óleo diesel | B102: km | C102: =B98 -> 861 | D102: =IFERROR(+D101/C101,"-") -> 1.8903226 | E102: =IFERROR(C102*D102,"-") -> 1627.5677
A103: Custo de óleo do motor /10.000 km rodados | B103: l/10.000 km | C103: 11 | D103: 30.55
A104: Custo mensal com óleo do motor | B104: km | C104: =C102 -> 861 | D104: =+C103*D103/10000 -> 0.033605 | E104: =C104*D104 -> 28.933905
A105: Custo de óleo hidráulico / 10.000 km | B105: l/10.000 km | C105: 1 | D105: 82.33
A106: Custo mensal com óleo hidráulico | B106: km | C106: =B98 -> 861 | D106: =+C105*D105/10000 -> 0.008233 | E106: =C106*D106 -> 7.088613
A107: Custo de graxa /10.000 km rodados | B107: kg/10.000 km | C107: 2 | D107: 16.7
A108: Custo mensal com graxa | B108: km | C108: =B98 -> 861 | D108: =+C107*D107/10000 -> 0.00334 | E108: =C108*D108 -> 2.87574
A109: Custo com consumos/km rodado | B109: R$/km rodado | D109: =IFERROR(D102+D104+#REF!+D106+D108,0) -> 0
F110: =SUM(E101:E108) -> 1666.466
A112: 2.1.5. Manutenção
...

Sheet ITINERÁRIO 24
A1: ITINERÁRIO | B1: 24 - FARIA LEMOS / DONA ISABEL / IFRS
A2: TIPO | B2: RURAL
A3: LOCAL | B3: DISTRITO FARIA LEMOS
A4: VEÍCULO | B4: 24 | E4: LUGARES
A5: TEMPO TOTAL DE OPERAÇÃO ESTIMADO | B5: 0.13888889
A6: QUILOMETRAGEM ESTIMADA | B6: 30
A8: Planilha de Composição de Custos
A9: Orçamento Sintético
A10: Descrição do Item | E10: Custo (R$/mês) | F10: %
A11: =+A40 -> 1. Mão-de-obra | E11: =+F60 -> 4919.9846 | F11: =IFERROR(E11/$E$23,0) -> 0.36020923
A12: =A41 -> 1.1. Monitor | E12: =F49 -> 1934.604 | F12: =IFERROR(E12/$E$23,0) -> 0.14163911
A13: =A50 -> 1.2. Motorista | E13: =F58 -> 2985.3806 | F13: =IFERROR(E13/$E$23,0) -> 0.21857012
A14: =+A63 -> 2. Veículos | E14: =+F127 -> 5533.6244 | F14: =IFERROR(E14/$E$23,0) -> 0.40513594
A15: =A64 -> 2.1. Veículo: micro-ônibus 24 lugares | E15: =SUM(E16:E21) -> 5533.6244 | F15: =IFERROR(E15/$E$23,0) -> 0.40513594
A16: =A65 -> 2.1.1. Depreciação | E16: =F74 -> 1291.1762 | F16: =IFERROR(E16/$E$23,0) -> 0.094531509
A17: =A76 -> 2.1.2. Remuneração do Capital | E17: =F85 -> 1991.1014 | F17: =IFERROR(E17/$E$23,0) -> 0.14577548
A18: =A87 -> 2.1.3. Impostos e Seguros | E18: =F93 -> 247.984 | F18: =IFERROR(E18/$E$23,0) -> 0.018155774
A19: =A95 -> 2.1.4. Consumos | E19: =F110 -> 1190.3329 | F19: =IFERROR(E19/$E$23,0) -> 0.08714842
A20: =A112 -> 2.1.5. Manutenção | E20: =F115 -> 602.7 | F20: =IFERROR(E20/$E$23,0) -> 0.044125769
A21: =A117 -> 2.1.6. Pneus | E21: =F124 -> 210.33 | F21: =IFERROR(E21/$E$23,0) -> 0.015398993
A22: =+A132 -> 3. Benefícios e Despesas Indiretas - BDI | E22: =+F138 -> 3205.0765 | F22: =IFERROR(E22/$E$23,0) -> 0.23465483
A23: Custo transporte | E23: =E11+E14+E22 -> 13658.685 | F23: =F11+F14+F22 -> 1
A24: Custo km rodado | E24: =E23/B98 -> 22.209245
A25: Adicional km rural | E25: =IF(B2="RURAL",0.08,IF(B2="URBANO",0)) -> 0.08 | F25: =E24*E25 -> 1.7767396
A26: Valor pago Km | E26: =E24+F25 -> 23.985984
A27: Valor pago mês | E27: =F142 -> 14751.38
A29: Quantitativos
A30: Mão-de-obra | E30: Quantidade
A31: =A41 -> 1.1. Monitor | E31: 1
A32: =+A50 -> 1.2. Motorista | E32: 1
A33: Total de mão-de-obra (postos de trabalho) | E33: =SUM(E31:E32) -> 2
A34: Veículos e Equipamentos | E34: Quantidade
A35: =+A64 -> 2.1. Veículo: micro-ônibus 24 lugares | E35: 1
A36: Total de veículos | E36: =SUM(E35) -> 1
A38: Fator de utilização (FU) | B38: 0.6 | C38: Quilometragem diária estimada (km) | F38: =B6 -> 30
A40: 1. Mão-de-obra
A41: 1.1. Monitor
A42: Discriminação | B42: Unidade | C42: Quantidade | D42: Custo unitário | E42: Subtotal | F42: Total (R$)
A43: Piso da categoria | B43: mês | C43: 1 | D43: 1682 | E43: =C43*D43 -> 1682
A44: Sacola econômica | B44: unidade | C44: 1 | D44: 208 | E44: =C44*D44 -> 208
A45: Soma | E45: =SUM(E43:E44) -> 1890
A46: Encargos Sociais | B46: % | C46: ='2.Encargos Sociais'!$D$28 -> 0.706 | D46: =E45 -> 1890 | E46: =D46*C46 -> 1334.34
A47: Total por Monitor | E47: =E45+E46 -> 3224.34
A48: Total | B48: profissional | C48: 1 | D48: =E47 -> 3224.34 | E48: =C48*D48 -> 3224.34
D49: Fator de utilização | E49: =B38 -> 0.6 | F49: =E48*E49 -> 1934.604
A50: 1.2. Motorista
A51: Discriminação | B51: Unidade | C51: Quantidade | D51: Custo unitário | E51: Subtotal | F51: Total (R$)
A52: Piso da categoria | B52: mês | C52: 1 | D52: 2708.55 | E52: =C52*D52 -> 2708.55
A53: Sacola econômica | B53: unidade | C53: 1 | D53: 208 | E53: =C53*D53 -> 208
A54: Soma | E54: =SUM(E52:E53) -> 2916.55
A55: Encargos Sociais | B55: % | C55: ='2.Encargos Sociais'!$D$28 -> 0.706 | D55: =E54 -> 2916.55 | E55: =D55*C55 -> 2059.0843
A56: Total por Motorista | E56: =E54+E55 -> 4975.6343
A57: Total | B57: profissional | C57: 1 | D57: =E56 -> 4975.6343 | E57: =C57*D57 -> 4975.6343
C58: Fator de utilização | E58: =B38 -> 0.6 | F58: =E57*E58 -> 2985.3806
A60: Custo Mensal com Mão-de-obra (R$/mês) | F60: =+F58+F49 -> 4919.9846
A63: 2. Veículos
A64: 2.1. Veículo: micro-ônibus 24 lugares
A65: 2.1.1. Depreciação
A66: Discriminação | B66: Unidade | C66: Quantidade | D66: Custo unitário | E66: Subtotal | F66: Total (R$)
A67: Custo de aquisição | B67: unidade | C67: 1 | D67: =IF(B4=16,'1.Notas Explicativas'!C3,IF(B4=24,'1.Notas Explicativas'!D3,IF(B4=32,'1.Notas Explicativas'!E3,IF(B4=44,'1.Notas Explicativas'!F3)))) -> 547650 | E67: =C67*D67 -> 547650
A68: Vida útil | B68: anos | C68: 15
A69: Idade do veículo | B69: anos | C69: 1
A70: Valor depreciável | B70: % | C70: 70.73 | D70: =E67 -> 547650 | E70: =C70*D70/100 -> 387352.84
A71: Depreciação mensal veículos | B71: mês | C71: =C68*12 -> 180 | D71: =IF(C69<=C68,E70,0) -> 387352.84 | E71: =IFERROR(D71/C71,0) -> 2151.9603
A72: Total por veículo | E72: =E71 -> 2151.9603
A73: Total da frota | B73: unidade | C73: 1 | D73: =E72 -> 2151.9603 | E73: =C73*D73 -> 2151.9603
C74: Fator de utilização | E74: =$B$38 -> 0.6 | F74: =E73*E74 -> 1291.1762
A76: 2.1.2. Remuneração do Capital
A77: Discriminação | B77: Unidade | C77: Quantidade | D77: Custo unitário | E77: Subtotal | F77: Total (R$)
A78: Custo do chassis | B78: unidade | C78: 1 | D78: =D67 -> 547650 | E78: =C78*D78 -> 547650
A79: Taxa de juros anual nominal | B79: % | C79: 11.25
A80: Valor do veículo proposto (V0) | B80: R$ | C80: =IFERROR(IF(C69<=C68,E67-(C70/(100*C68)*C69)*E67,E67-E70),0) -> 521826.48
A81: Investimento médio total do chassis | B81: R$ | C81: =IFERROR(IF(C69>=C68,C80,((((C80)-(E67-E70))*(((C68-C69)+1)/(2*(C68-C69))))+(E67-E70))),0) -> 353973.58
A82: Remuneração mensal de capital do chassis | B82: R$ | D82: =C79*C81/12/100 -> 3318.5023 | E82: =D82 -> 3318.5023
A83: Total por veículo | E83: =E82 -> 3318.5023
A84: Total por veículo | B84: unidade | C84: =C73 -> 1 | D84: =E83 -> 3318.5023 | E84: =C84*D84 -> 3318.5023
D85: Fator de utilização | E85: =$B$38 -> 0.6 | F85: =E84*E85 -> 1991.1014
A87: 2.1.3. Impostos e Seguros
A88: Discriminação | B88: Unidade | C88: Quantidade | D88: Custo unitário | E88: Subtotal | F88: Total (R$)
A89: IPVA | B89: unidade | C89: 0 | D89: 0 | E89: =C89*D89 -> 0
A90: Licenciamento, inspeção veicular e seguro | B90: unidade | C90: =C67 -> 1 | D90: 602.68 | E90: =C90*D90 -> 602.68
A91: Seguro contra terceiros | B91: unidade | C91: =C67 -> 1 | D91: 4357 | E91: =C91*D91 -> 4357
A92: Impostos e seguros mensais | B92: mês | C92: 12 | D92: =SUM(E89:E91) -> 4959.68 | E92: =D92/C92 -> 413.30667
D93: Fator de utilização | E93: =$B$38 -> 0.6 | F93: =E92*E93 -> 247.984
A95: 2.1.4. Consumos
A96: Quilometragem diária | B96: =F38 -> 30
A97: Dias uteis mês | B97: 20.5
A98: Quilometragem mensal | B98: =B96*B97 -> 615
A100: Discriminação | B100: Unidade | C100: Consumo | D100: Custo unitário | E100: Subtotal | F100: Total (R$)
A101: Custo de óleo diesel / km rodado | B101: km/l | C101: 3.1 | D101: 5.86
A102: Custo mensal com óleo diesel | B102: km | C102: =B98 -> 615 | D102: =IFERROR(+D101/C101,"-") -> 1.8903226 | E102: =IFERROR(C102*D102,"-") -> 1162.5484
A103: Custo de óleo do motor /10.000 km rodados | B103: l/10.000 km | C103: 11 | D103: 30.55
A104: Custo mensal com óleo do motor | B104: km | C104: =C102 -> 615 | D104: =+C103*D103/10000 -> 0.033605 | E104: =C104*D104 -> 20.667075
A105: Custo de óleo hidráulico / 10.000 km | B105: l/10.000 km | C105: 1 | D105: 82.33
A106: Custo mensal com óleo hidráulico | B106: km | C106: =B98 -> 615 | D106: =+C105*D105/10000 -> 0.008233 | E106: =C106*D106 -> 5.063295
A107: Custo de graxa /10.000 km rodados | B107: kg/10.000 km | C107: 2 | D107: 16.7
A108: Custo mensal com graxa | B108: km | C108: =B98 -> 615 | D108: =+C107*D107/10000 -> 0.00334 | E108: =C108*D108 -> 2.0541
A109: Custo com consumos/km rodado | B109: R$/km rodado | D109: =IFERROR(D102+D104+#REF!+D106+D108,0) -> 0
F110: =SUM(E101:E108) -> 1190.3329
A112: 2.1.5. Manutenção
...

Sheet ITINERÁRIO 25
A1: ITINERÁRIO | B1: 25 - EULÁLIA ALTA
A2: TIPO | B2: RURAL
A3: LOCAL | B3: DISTRITO SEDE
A4: VEÍCULO | B4: 24 | E4: LUGARES
A5: TEMPO TOTAL DE OPERAÇÃO ESTIMADO | B5: 0.26388889
A6: QUILOMETRAGEM ESTIMADA | B6: 80
A8: Planilha de Composição de Custos
A9: Orçamento Sintético
A10: Descrição do Item | E10: Custo (R$/mês) | F10: %
A11: =+A40 -> 1. Mão-de-obra | E11: =+F60 -> 5739.982 | F11: =IFERROR(E11/$E$23,0) -> 0.28900008
A12: =A41 -> 1.1. Monitor | E12: =F49 -> 2257.038 | F12: =IFERROR(E12/$E$23,0) -> 0.11363871
A13: =A50 -> 1.2. Motorista | E13: =F58 -> 3482.944 | F13: =IFERROR(E13/$E$23,0) -> 0.17536137
A14: =+A63 -> 2. Veículos | E14: =+F127 -> 9460.9394 | F14: =IFERROR(E14/$E$23,0) -> 0.47634509
A15: =A64 -> 2.1. Veículo: micro-ônibus 24 lugares | E15: =SUM(E16:E21) -> 9460.9394 | F15: =IFERROR(E15/$E$23,0) -> 0.47634509
A16: =A65 -> 2.1.1. Depreciação | E16: =F74 -> 1506.3722 | F16: =IFERROR(E16/$E$23,0) -> 0.075843736
A17: =A76 -> 2.1.2. Remuneração do Capital | E17: =F85 -> 2322.9516 | F17: =IFERROR(E17/$E$23,0) -> 0.11695737
A18: =A87 -> 2.1.3. Impostos e Seguros | E18: =F93 -> 289.31467 | F18: =IFERROR(E18/$E$23,0) -> 0.01456659
A19: =A95 -> 2.1.4. Consumos | E19: =F110 -> 3174.221 | F19: =IFERROR(E19/$E$23,0) -> 0.15981759
A20: =A112 -> 2.1.5. Manutenção | E20: =F115 -> 1607.2 | F20: =IFERROR(E20/$E$23,0) -> 0.080920276
A21: =A117 -> 2.1.6. Pneus | E21: =F124 -> 560.88 | F21: =IFERROR(E21/$E$23,0) -> 0.028239525
A22: =+A132 -> 3. Benefícios e Despesas Indiretas - BDI | E22: =+F138 -> 4660.6025 | F22: =IFERROR(E22/$E$23,0) -> 0.23465483
A23: Custo transporte | E23: =E11+E14+E22 -> 19861.524 | F23: =F11+F14+F22 -> 1
A24: Custo km rodado | E24: =E23/B98 -> 12.110685
A25: Adicional km rural | E25: =IF(B2="RURAL",0.08,IF(B2="URBANO",0)) -> 0.08 | F25: =E24*E25 -> 0.96885482
A26: Valor pago Km | E26: =E24+F25 -> 13.07954
A27: Valor pago mês | E27: =F142 -> 21450.446
A29: Quantitativos
A30: Mão-de-obra | E30: Quantidade
A31: =A41 -> 1.1. Monitor | E31: 1
A32: =+A50 -> 1.2. Motorista | E32: 1
A33: Total de mão-de-obra (postos de trabalho) | E33: =SUM(E31:E32) -> 2
A34: Veículos e Equipamentos | E34: Quantidade
A35: =+A64 -> 2.1. Veículo: micro-ônibus 24 lugares | E35: 1
A36: Total de veículos | E36: =SUM(E35) -> 1
A38: Fator de utilização (FU) | B38: 0.7 | C38: Quilometragem diária estimada (km) | F38: =B6 -> 80
A40: 1. Mão-de-obra
A41: 1.1. Monitor
A42: Discriminação | B42: Unidade | C42: Quantidade | D42: Custo unitário | E42: Subtotal | F42: Total (R$)
A43: Piso da categoria | B43: mês | C43: 1 | D43: 1682 | E43: =C43*D43 -> 1682
A44: Sacola econômica | B44: unidade | C44: 1 | D44: 208 | E44: =C44*D44 -> 208
A45: Soma | E45: =SUM(E43:E44) -> 1890
A46: Encargos Sociais | B46: % | C46: ='2.Encargos Sociais'!$D$28 -> 0.706 | D46: =E45 -> 1890 | E46: =D46*C46 -> 1334.34
A47: Total por Monitor | E47: =E45+E46 -> 3224.34
A48: Total | B48: profissional | C48: 1 | D48: =E47 -> 3224.34 | E48: =C48*D48 -> 3224.34
D49: Fator de utilização | E49: =B38 -> 0.7 | F49: =E48*E49 -> 2257.038
A50: 1.2. Motorista
A51: Discriminação | B51: Unidade | C51: Quantidade | D51: Custo unitário | E51: Subtotal | F51: Total (R$)
A52: Piso da categoria | B52: mês | C52: 1 | D52: 2708.55 | E52: =C52*D52 -> 2708.55
A53: Sacola econômica | B53: unidade | C53: 1 | D53: 208 | E53: =C53*D53 -> 208
A54: Soma | E54: =SUM(E52:E53) -> 2916.55
A55: Encargos Sociais | B55: % | C55: ='2.Encargos Sociais'!$D$28 -> 0.706 | D55: =E54 -> 2916.55 | E55: =D55*C55 -> 2059.0843
A56: Total por Motorista | E56: =E54+E55 -> 4975.6343
A57: Total | B57: profissional | C57: 1 | D57: =E56 -> 4975.6343 | E57: =C57*D57 -> 4975.6343
C58: Fator de utilização | E58: =B38 -> 0.7 | F58: =E57*E58 -> 3482.944
A60: Custo Mensal com Mão-de-obra (R$/mês) | F60: =+F58+F49 -> 5739.982
A63: 2. Veículos
A64: 2.1. Veículo: micro-ônibus 24 lugares
A65: 2.1.1. Depreciação
A66: Discriminação | B66: Unidade | C66: Quantidade | D66: Custo unitário | E66: Subtotal | F66: Total (R$)
A67: Custo de aquisição | B67: unidade | C67: 1 | D67: =IF(B4=16,'1.Notas Explicativas'!C3,IF(B4=24,'1.Notas Explicativas'!D3,IF(B4=32,'1.Notas Explicativas'!E3,IF(B4=44,'1.Notas Explicativas'!F3)))) -> 547650 | E67: =C67*D67 -> 547650
A68: Vida útil | B68: anos | C68: 15
A69: Idade do veículo | B69: anos | C69: 1
A70: Valor depreciável | B70: % | C70: 70.73 | D70: =E67 -> 547650 | E70: =C70*D70/100 -> 387352.84
A71: Depreciação mensal veículos | B71: mês | C71: =C68*12 -> 180 | D71: =IF(C69<=C68,E70,0) -> 387352.84 | E71: =IFERROR(D71/C71,0) -> 2151.9603
A72: Total por veículo | E72: =E71 -> 2151.9603
A73: Total da frota | B73: unidade | C73: 1 | D73: =E72 -> 2151.9603 | E73: =C73*D73 -> 2151.9603
C74: Fator de utilização | E74: =$B$38 -> 0.7 | F74: =E73*E74 -> 1506.3722
A76: 2.1.2. Remuneração do Capital
A77: Discriminação | B77: Unidade | C77: Quantidade | D77: Custo unitário | E77: Subtotal | F77: Total (R$)
A78: Custo do chassis | B78: unidade | C78: 1 | D78: =D67 -> 547650 | E78: =C78*D78 -> 547650
A79: Taxa de juros anual nominal | B79: % | C79: 11.25
A80: Valor do veículo proposto (V0) | B80: R$ | C80: =IFERROR(IF(C69<=C68,E67-(C70/(100*C68)*C69)*E67,E67-E70),0) -> 521826.48
A81: Investimento médio total do chassis | B81: R$ | C81: =IFERROR(IF(C69>=C68,C80,((((C80)-(E67-E70))*(((C68-C69)+1)/(2*(C68-C69))))+(E67-E70))),0) -> 353973.58
A82: Remuneração mensal de capital do chassis | B82: R$ | D82: =C79*C81/12/100 -> 3318.5023 | E82: =D82 -> 3318.5023
A83: Total por veículo | E83: =E82 -> 3318.5023
A84: Total por veículo | B84: unidade | C84: =C73 -> 1 | D84: =E83 -> 3318.5023 | E84: =C84*D84 -> 3318.5023
D85: Fator de utilização | E85: =$B$38 -> 0.7 | F85: =E84*E85 -> 2322.9516
A87: 2.1.3. Impostos e Seguros
A88: Discriminação | B88: Unidade | C88: Quantidade | D88: Custo unitário | E88: Subtotal | F88: Total (R$)
A89: IPVA | B89: unidade | C89: 0 | D89: 0 | E89: =C89*D89 -> 0
A90: Licenciamento, inspeção veicular e seguro | B90: unidade | C90: =C67 -> 1 | D90: 602.68 | E90: =C90*D90 -> 602.68
A91: Seguro contra terceiros | B91: unidade | C91: =C67 -> 1 | D91: 4357 | E91: =C91*D91 -> 4357
A92: Impostos e seguros mensais | B92: mês | C92: 12 | D92: =SUM(E89:E91) -> 4959.68 | E92: =D92/C92 -> 413.30667
D93: Fator de utilização | E93: =$B$38 -> 0.7 | F93: =E92*E93 -> 289.31467
A95: 2.1.4. Consumos
A96: Quilometragem diária | B96: =F38 -> 80
A97: Dias uteis mês | B97: 20.5
A98: Quilometragem mensal | B98: =B96*B97 -> 1640
A100: Discriminação | B100: Unidade | C100: Consumo | D100: Custo unitário | E100: Subtotal | F100: Total (R$)
A101: Custo de óleo diesel / km rodado | B101: km/l | C101: 3.1 | D101: 5.86
A102: Custo mensal com óleo diesel | B102: km | C102: =B98 -> 1640 | D102: =IFERROR(+D101/C101,"-") -> 1.8903226 | E102: =IFERROR(C102*D102,"-") -> 3100.129
A103: Custo de óleo do motor /10.000 km rodados | B103: l/10.000 km | C103: 11 | D103: 30.55
A104: Custo mensal com óleo do motor | B104: km | C104: =C102 -> 1640 | D104: =+C103*D103/10000 -> 0.033605 | E104: =C104*D104 -> 55.1122
A105: Custo de óleo hidráulico / 10.000 km | B105: l/10.000 km | C105: 1 | D105: 82.33
A106: Custo mensal com óleo hidráulico | B106: km | C106: =B98 -> 1640 | D106: =+C105*D105/10000 -> 0.008233 | E106: =C106*D106 -> 13.50212
A107: Custo de graxa /10.000 km rodados | B107: kg/10.000 km | C107: 2 | D107: 16.7
A108: Custo mensal com graxa | B108: km | C108: =B98 -> 1640 | D108: =+C107*D107/10000 -> 0.00334 | E108: =C108*D108 -> 5.4776
A109: Custo com consumos/km rodado | B109: R$/km rodado | D109: =IFERROR(D102+D104+#REF!+D106+D108,0) -> 0
F110: =SUM(E101:E108) -> 3174.221
A112: 2.1.5. Manutenção
...

Sheet ITINERÁRIO 26
A1: ITINERÁRIO | B1: 26 - EULÁLIA BAIXA
A2: TIPO | B2: URBANO
A3: LOCAL | B3: DISTRITO SEDE
A4: VEÍCULO | B4: 24 | E4: LUGARES
A5: TEMPO TOTAL DE OPERAÇÃO ESTIMADO | B5: 0.15625
A6: QUILOMETRAGEM ESTIMADA | B6: 21
A8: Planilha de Composição de Custos
A9: Orçamento Sintético
A10: Descrição do Item | E10: Custo (R$/mês) | F10: %
A11: =+A40 -> 1. Mão-de-obra | E11: =+F60 -> 4919.9846 | F11: =IFERROR(E11/$E$23,0) -> 0.382182
A12: =A41 -> 1.1. Monitor | E12: =F49 -> 1934.604 | F12: =IFERROR(E12/$E$23,0) -> 0.1502791
A13: =A50 -> 1.2. Motorista | E13: =F58 -> 2985.3806 | F13: =IFERROR(E13/$E$23,0) -> 0.23190291
A14: =+A63 -> 2. Veículos | E14: =+F127 -> 4932.6155 | F14: =IFERROR(E14/$E$23,0) -> 0.38316317
A15: =A64 -> 2.1. Veículo: micro-ônibus 24 lugares | E15: =SUM(E16:E21) -> 4932.6155 | F15: =IFERROR(E15/$E$23,0) -> 0.38316317
A16: =A65 -> 2.1.1. Depreciação | E16: =F74 -> 1291.1762 | F16: =IFERROR(E16/$E$23,0) -> 0.10029793
A17: =A76 -> 2.1.2. Remuneração do Capital | E17: =F85 -> 1991.1014 | F17: =IFERROR(E17/$E$23,0) -> 0.15466778
A18: =A87 -> 2.1.3. Impostos e Seguros | E18: =F93 -> 247.984 | F18: =IFERROR(E18/$E$23,0) -> 0.019263276
A19: =A95 -> 2.1.4. Consumos | E19: =F110 -> 833.233 | F19: =IFERROR(E19/$E$23,0) -> 0.064725133
